Workbook
Name CM001EEM1: PARAMETROS!$M$9
Name CM001EMM1: PARAMETROS!$K$9
Name CM001LM1: PARAMETROS!$I$9
Name CM001M1: PARAMETROS!$G$9
Name CM007EMM1: [1]PARAMETROS!$K$11
Name data: 'PROM EUR MES'!$A$1:$K$217
Name data_1: 'PROM EUR MES'!$A$1:$K$228
Name Datos: 'SH EURO'!$A$1:$K$6714
Name Datos_1: 'SH EURO'!$A$1:$K$6714

Sheet PARAMETROS
A1: Proyecto (Interventoría) | B1: Concurso | C1: Presupuesto Oficial | D1: Año | E1: Presupuesto Oficial (SMMLV) | F1: Parametros | P1: Fecha de cierre según Adendas | Q1: Fecha de cierre según Pliego | R1: Fecha de Adjudicación
F2: Experiencia General | L2: Experiencia Especifica | N2: Desempate
F3: Sumatoria Exp. General | H3: Exp. Min por el Lider | J3: Exp. Min por contrato | L3: Exp. Min por contrato
F4: Porcentaje Requerido P.O. | G4: Valor | H4: Porcentaje Requerido P.O. | I4: Valor | J4: Porcentaje Requerido P.O. | K4: Valor | L4: Criterio | M4: Valor | N4: Criterio | O4: Valor
A5: AUTOPISTA AL MAR 2 | B5: VJ-VGC-CM-019-2015 | C5: 32213938131 | D5: 2013 | E5: =+C5/VLOOKUP(D5,$A$53:$B$79,2,FALSE) -> 54646.205 | F5: 0.4 | G5: =E5*F5 -> 21858.482 | H5: 0.204 | I5: =E5*H5 -> 11147.826 | J5: 0.04 | K5: =E5*J5 -> 2185.8482 | L5: 0.05 | M5: =E5*L5 -> 2732.3103 | N5: 0.15 | O5: =E5*N5 -> 8196.9308 | P5: 42023 | Q5: 42023
A6: VÍAS DEL NUS | B6: VJ-VGC-CM-023-2015 | C6: 28458744093 | D6: 2013 | E6: =+C6/VLOOKUP(D6,$A$53:$B$79,2,FALSE) -> 48276.071 | F6: 0.4 | G6: =E6*F6 -> 19310.429 | H6: 0.204 | I6: =E6*H6 -> 9848.3186 | J6: 0.04 | K6: =E6*J6 -> 1931.0429 | L6: 0.05 | M6: =E6*L6 -> 2413.8036 | N6: 0.15 | O6: =E6*N6 -> 7241.4107 | P6: 42401 | Q6: 42401
A7: ÁREA METROPOLITANA DE CÚCUTA Y NORTE DE SANTANDER | B7: VJ-VGC-CM-001-2016 | C7: 7241052994 | D7: 2015 | E7: =+C7/VLOOKUP(D7,$A$53:$B$79,2,FALSE) -> 11237.764 | F7: 0.5 | G7: =E7*F7 -> 5618.8818 | H7: 0.255 | I7: =E7*H7 -> 2865.6297 | J7: 0.15 | K7: =E7*J7 -> 1685.6645 | L7: 0.3 | M7: =E7*L7 -> 3371.3291 | N7: 0.425 | O7: =E7*N7 -> 4776.0495 | P7: 42417 | Q7: 42417
A8: RED FÉRREA DEL PACÍFICO | B8: VJ-VGC-CM-003-2016 | C8: 5593590000 | D8: 2015 | E8: =+C8/VLOOKUP(D8,$A$53:$B$79,2,FALSE) -> 8680.9808 | F8: 1 | G8: =E8*F8 -> 8680.9808 | H8: 0.51 | I8: =E8*H8 -> 4427.3002 | J8: 0.2 | K8: =E8*J8 -> 1736.1962 | L8: 0.2 | M8: =E8*L8 -> 1736.1962 | N8: 0.45 | O8: =E8*N8 -> 3906.4414 | P8: NA | Q8: 42472
A9: CONTRATACIÓN DE LA INTERVENTORÍA INTEGRAL QUE INCLUYE, PERO NO SE LIMITA A LA INTERVENTORÍA TÉCNICA, ECONÓMICA, FINANCIERA, CONTABLE, JURÍDICA, ADMINISTRATIVA, OPERATIVA, MEDIO AMBIENTAL Y SOCIO PREDIAL DEL CONTRATO DE CONCESIÓN No 007 del 13 DE AGOSTO DE 2007; CORRESPONDIENTE AL CORREDOR DENOMINADO “GIRARDOT-IBAGUE-CAJAMARCA” | B9: VJ-VGC-CM-002-2018 | C9: 14804704243 | D9: 2018 | E9: =ROUND(C9/$B$81,0) -> 18950 | F9: 0.5 | G9: =+E9*F9 -> 9475 | H9: 0.51 | I9: =G9*H9 -> 4832.25 | J9: 0.3 | K9: =G9*J9 -> 2842.5 | L9: 0.15 | M9: =E9*L9 -> 2842.5 | N9: =25%*(F9+(4*L9)) -> 0.275 | O9: =N9*E9 -> 5211.25 | P9: N/A | Q9: 43199 | R9: 43216
A11: MÓDULO 1: CONTRATOS DE CONCESIÓN PORTUARIA No. 010 DE 2007, 012 DE 1994, 010 DE 1994 | B11: VJ-VGC-CM-005-2016 | C11: 891660000 | D11: 2016 | E11: =+C11/VLOOKUP(D11,$A$53:$B$79,2,FALSE) -> 1293.2824 | F11: 1 | G11: =E11*F11 -> 1293.2824 | H11: 0.51 | I11: =E11*H11 -> 659.57401 | J11: 0.2 | K11: =E11*J11 -> 258.65648 | L11: 0.2 | M11: =E11*L11 -> 258.65648 | N11: 0.45 | O11: =E11*N11 -> 581.97707
A12: MÓDULO 2: CONTRATOS DE CONCESIÓN PORTUARIA No. 010 DE 1994, 010 DE 2010, 007 DE 1993 | C12: 909360000 | D12: 2016 | E12: =+C12/VLOOKUP(D12,$A$53:$B$79,2,FALSE) -> 1318.9548 | F12: 1 | G12: =E12*F12 -> 1318.9548 | H12: 0.51 | I12: =E12*H12 -> 672.66696 | J12: 0.2 | K12: =E12*J12 -> 263.79097 | L12: 0.2 | M12: =E12*L12 -> 263.79097 | N12: 0.45 | O12: =E12*N12 -> 593.52967
A13: MÓDULO 3: CONTRATOS DE CONCESIÓN PORTUARIA No. 001 DE 2007, 008 DE 2004, 021 DE 1997 Y 001 DE 2009 | C13: 909360000 | D13: 2016 | E13: =+C13/VLOOKUP(D13,$A$53:$B$79,2,FALSE) -> 1318.9548 | F13: 1 | G13: =E13*F13 -> 1318.9548 | H13: 0.51 | I13: =E13*H13 -> 672.66696 | J13: 0.2 | K13: =E13*J13 -> 263.79097 | L13: 0.2 | M13: =E13*L13 -> 263.79097 | N13: 0.45 | O13: =E13*N13 -> 593.52967
K14: 2842.5
A51: SERIE SMLMV
A52: AÑO | B52: VALOR (COP)
A53: 1990 | B53: 41025
A54: 1991 | B54: 51716
A55: 1992 | B55: 65190
A56: 1993 | B56: 81510
A57: 1994 | B57: 98700
A58: 1995 | B58: 118933.5
A59: 1996 | B59: 142125
A60: 1997 | B60: 172005
A61: 1998 | B61: 203826
A62: 1999 | B62: 236460
A63: 2000 | B63: 260100
A64: 2001 | B64: 286000
... A81: 2018 | B81: 781242

Sheet CONSOLIDADO
A1: CONCURSO DE MÉRITOS ABIERTO No.VJ-VGC-CM-002-2018 | I1: CRITERIOS DE DESEMPATE
A2: EVALUACIÓN DEFINITIVA CONSOLIDADO
A3: N° | B3: PROPONENTE | C3: REQUISITOS HABILITANTES | F3: CRITERIOS DE CALIFICACION
C4: CAPACIDAD JURÍDICA | D4: CAPACIDAD FINANCIERA Y ORGANIZACIONAL | E4: EXPERIENCIA GENERAL | F4: PUNTAJE EXPERIENCIA ESPECÍFICA | G4: PUNTAJE APOYO A LA INDUSTRIA | H4: PUNTAJE TOTAL | I4: Numeral 5.2 Sub num 1 | J4: Numeral 5.2 Literal 4 | K4: Numeral 5.2 Literal 5 | L4: Numeral 5.2 Sub num 4
A6: P01 | B6: CONSORCIO MAB | C6: HÁBIL | D6: HÁBIL | E6: =+'EXP GEN.'!AO3 -> HÁBIL | F6: =+'EXP ESPEC.'!AG3 -> 90 | G6: 10 | H6: =+F6+G6 -> 100 | I6: =+DESEMPATE!F3 -> SI | L6: =+DESEMPATE!N3 -> SI
A7: P02 | B7: CONSORCIO INFRAESTRUCTURA A&I | C7: HÁBIL | D7: HÁBIL | E7: =+'EXP GEN.'!AO9 -> HÁBIL | F7: =+'EXP ESPEC.'!AG7 -> 90 | G7: 10 | H7: =+F7+G7 -> 100 | I7: =+DESEMPATE!F5 -> SI | L7: =+DESEMPATE!N5 -> SI
A8: P03 | B8: INCGROUP SAS | C8: HÁBIL | D8: HÁBIL | E8: =+'EXP GEN.'!AO15 -> HÁBIL | F8: =+'EXP ESPEC.'!AG11 -> 90 | G8: 10 | H8: =+F8+G8 -> 100 | I8: =+DESEMPATE!F7 -> SI | L8: =+DESEMPATE!N7 -> SI
A9: P04 | B9: CONSORCIO SERVINC – ECG | C9: HÁBIL | D9: HÁBIL | E9: =+'EXP GEN.'!AO21 -> HÁBIL | F9: =+'EXP ESPEC.'!AG15 -> 90 | G9: 10 | H9: =+F9+G9 -> 100 | I9: =+DESEMPATE!F8 -> SI | L9: =+DESEMPATE!N8 -> SI
A10: P05 | B10: GESTION INTEGRAL DEL SUELO SL COLOMBIA "GIS" | C10: HÁBIL | D10: HÁBIL | E10: =+'EXP GEN.'!AO27 -> HÁBIL | F10: =+'EXP ESPEC.'!AG19 -> 90 | G10: 10 | H10: =+F10+G10 -> 100 | I10: =+DESEMPATE!F10 -> SI | L10: =+DESEMPATE!N10 -> SI
A11: P06 | B11: CONSORCIO VIAL TOLIMA | C11: HÁBIL | D11: HÁBIL | E11: =+'EXP GEN.'!AO33 -> HÁBIL | F11: =+'EXP ESPEC.'!AG23 -> 90 | G11: 10 | H11: =+F11+G11 -> 100 | I11: =+DESEMPATE!F11 -> SI | L11: =+DESEMPATE!N11 -> SI
A12: P07 | B12: CONSORCIO INTERCONCESIONES | C12: HÁBIL | D12: HÁBIL | E12: =+'EXP GEN.'!AO39 -> HÁBIL | F12: =+'EXP ESPEC.'!AG27 -> 90 | G12: 10 | H12: =+F12+G12 -> 100 | I12: =+DESEMPATE!F13 -> SI | L12: =+DESEMPATE!N13 -> SI
A13: P08 | B13: CONSORCIO INTERVENTORIA GIC | C13: RECHAZADO | D13: RECHAZADO | E13: =+'EXP GEN.'!AO45 -> RECHAZADO | F13: =+'EXP ESPEC.'!AG31 -> 0 | G13: 0 | H13: =+F13+G13 -> 0 | I13: - | L13: -
A14: P09 | B14: CONSORCIO GIC | C14: HÁBIL | D14: HÁBIL | E14: =+'EXP GEN.'!AO51 -> HÁBIL | F14: =+'EXP ESPEC.'!AG35 -> 90 | G14: 10 | H14: =+F14+G14 -> 100 | I14: =+DESEMPATE!F17 -> SI | L14: =+DESEMPATE!N17 -> SI
A15: P10 | B15: AFA CONSULTORES Y CONSTRUCTORES SA | C15: HÁBIL | D15: HÁBIL | E15: =+'EXP GEN.'!AO57 -> HÁBIL | F15: =+'EXP ESPEC.'!AG39 -> 90 | G15: 10 | H15: =+F15+G15 -> 100 | I15: =+DESEMPATE!F19 -> SI | L15: =+DESEMPATE!N19 -> SI
A16: P11 | B16: CONSORCIO SEG - PLANES | C16: HÁBIL | D16: HÁBIL | E16: =+'EXP GEN.'!AO63 -> HÁBIL | F16: =+'EXP ESPEC.'!AG43 -> 90 | G16: 10 | H16: =+F16+G16 -> 100 | I16: =+DESEMPATE!F20 -> SI | L16: =+DESEMPATE!N20 -> SI
A17: P12 | B17: JORGE PIDDO SEGUIDO DE LA EXPRESION SUCURSAL COLOMBIA | C17: HÁBIL | D17: HÁBIL | E17: =+'EXP GEN.'!AO69 -> HÁBIL | F17: =+'EXP ESPEC.'!AG47 -> 90 | G17: 10 | H17: =+F17+G17 -> 100 | I17: =+DESEMPATE!F22 -> SI | L17: =+DESEMPATE!N22 -> SI
A18: P13 | B18: CANO JIMÉNEZ ESTUDIOS S.A. | C18: HÁBIL | D18: HÁBIL | E18: =+'EXP GEN.'!AO75 -> HÁBIL | F18: =+'EXP ESPEC.'!AG51 -> 90 | G18: 10 | H18: =+F18+G18 -> 100 | I18: =+DESEMPATE!F23 -> SI | L18: =+DESEMPATE!N23 -> SI
A19: P14 | B19: CONSORCIO CORREDOR VIAL 2018 | C19: HÁBIL | D19: HÁBIL | E19: =+'EXP GEN.'!AO81 -> HÁBIL | F19: =+'EXP ESPEC.'!AG55 -> 90 | G19: 10 | H19: =+F19+G19 -> 100 | I19: =+DESEMPATE!F24 -> SI | L19: =+DESEMPATE!N24 -> SI
A20: P15 | B20: CONSORCIO GIC* | C20: HÁBIL | D20: HÁBIL | E20: =+'EXP GEN.'!AO87 -> HÁBIL | F20: =+'EXP ESPEC.'!AG59 -> 90 | G20: 10 | H20: =+F20+G20 -> 100 | I20: =+DESEMPATE!F27 -> SI | L20: =+DESEMPATE!N27 -> SI
A21: P16 | B21: CONSORCIO CR CONCESIÓN | C21: HÁBIL | D21: HÁBIL | E21: =+'EXP GEN.'!AO93 -> HÁBIL | F21: =+'EXP ESPEC.'!AG63 -> 90 | G21: 10 | H21: =+F21+G21 -> 100 | I21: =+DESEMPATE!F29 -> SI | L21: =+DESEMPATE!N29 -> SI
A22: P17 | B22: CONSORCIO GC&Q - METRO | C22: RECHAZADO | D22: RECHAZADO | E22: =+'EXP GEN.'!AO99 -> RECHAZADO | F22: =+'EXP ESPEC.'!AG67 -> 0 | G22: 0 | H22: =+F22+G22 -> 0 | I22: - | L22: -
A23: P18 | B23: CONSORCIO PEB-PROGIN 002 | C23: HÁBIL | D23: HÁBIL | E23: =+'EXP GEN.'!AO105 -> HÁBIL | F23: =+'EXP ESPEC.'!AG71 -> 90 | G23: 10 | H23: =+F23+G23 -> 100 | I23: =+DESEMPATE!F33 -> SI | L23: =+DESEMPATE!N33 -> SI
A24: P19 | B24: CONSORCIO ID-2 | C24: HÁBIL | D24: HÁBIL | E24: =+'EXP GEN.'!AO111 -> HÁBIL | F24: =+'EXP ESPEC.'!AG75 -> 90 | G24: 10 | H24: =+F24+G24 -> 100 | I24: =+DESEMPATE!F35 -> SI | L24: =+DESEMPATE!N35 -> SI
A25: P20 | B25: CONSORCIO CORREDORES VIALES | C25: HÁBIL | D25: HÁBIL | E25: =+'EXP GEN.'!AO117 -> HÁBIL | F25: =+'EXP ESPEC.'!AG79 -> 90 | G25: 10 | H25: =+F25+G25 -> 100 | I25: =+DESEMPATE!F37 -> SI | L25: =+DESEMPATE!N37 -> SI
A26: P21 | B26: CONSORCIO CORREDOR VIAL 2018* | C26: HÁBIL | D26: HÁBIL | E26: =+'EXP GEN.'!AO123 -> HÁBIL | F26: =+'EXP ESPEC.'!AG83 -> 90 | G26: 10 | H26: =+F26+G26 -> 100 | I26: =+DESEMPATE!F39 -> SI | L26: =+DESEMPATE!N39 -> SI
A27: P22 | B27: CONSORCIO REGION CENTRAL | C27: HÁBIL | D27: HÁBIL | E27: =+'EXP GEN.'!AO129 -> HÁBIL | F27: =+'EXP ESPEC.'!AG87 -> 90 | G27: 10 | H27: =+F27+G27 -> 100 | I27: =+DESEMPATE!F41 -> SI | L27: =+DESEMPATE!N41 -> SI
A28: P23 | B28: CONSORCIO EPSILON TOLIMA | C28: HÁBIL | D28: HÁBIL | E28: =+'EXP GEN.'!AO135 -> HÁBIL | F28: =+'EXP ESPEC.'!AG91 -> 90 | G28: 10 | H28: =+F28+G28 -> 100 | I28: =+DESEMPATE!F43 -> SI | L28: =+DESEMPATE!N43 -> SI
A29: P24 | B29: CONSORCIO INTERVENTORES CAJAMARCA | C29: HÁBIL | D29: HÁBIL | E29: =+'EXP GEN.'!AO141 -> HÁBIL | F29: =+'EXP ESPEC.'!AG95 -> 90 | G29: 10 | H29: =+F29+G29 -> 100 | I29: =+DESEMPATE!F45 -> SI | L29: =+DESEMPATE!N45 -> SI
A30: P25 | B30: CONSORCIO INTER CAJAMARCA | C30: HÁBIL | D30: HÁBIL | E30: =+'EXP GEN.'!AO147 -> HÁBIL | F30: =+'EXP ESPEC.'!AG99 -> 90 | G30: 10 | H30: =+F30+G30 -> 100 | I30: =+DESEMPATE!F48 -> SI | L30: =+DESEMPATE!N48 -> SI
A31: P26 | B31: JOYCO SAS | C31: HÁBIL | D31: HÁBIL | E31: =+'EXP GEN.'!AO153 -> HÁBIL | F31: =+'EXP ESPEC.'!AG103 -> 90 | G31: 10 | H31: =+F31+G31 -> 100 | I31: =+DESEMPATE!F50 -> SI | L31: =+DESEMPATE!N50 -> SI
A32: P27 | B32: CONSORCIO CORREDOR VIAL SYS | C32: HÁBIL | D32: HÁBIL | E32: ='EXP GEN.'!AO159 -> HÁBIL | F32: =+'EXP ESPEC.'!AG107 -> 90 | G32: 10 | H32: =+F32+G32 -> 100 | I32: =+DESEMPATE!F51 -> SI | L32: =+DESEMPATE!N51 -> SI
A33: P28 | B33: CONSORCIO VIAL I-S | C33: HÁBIL | D33: HÁBIL | E33: =+'EXP GEN.'!AO165 -> HÁBIL | F33: =+'EXP ESPEC.'!AG111 -> 90 | G33: 10 | H33: =+F33+G33 -> 100 | I33: =+DESEMPATE!F53 -> SI | L33: =+DESEMPATE!N53 -> SI
A34: P29 | B34: CONSORCIO COBA-INGENIERIA DF. SAS | C34: RECHAZADO | D34: RECHAZADO | E34: =+'EXP GEN.'!AO171 -> RECHAZADO | F34: =+'EXP ESPEC.'!AG115 -> 0 | G34: 0 | H34: =+F34+G34 -> 0 | I34: - | L34: -
A35: P30 | B35: CONSORCIO VIAL ALAS | C35: HÁBIL | D35: HÁBIL | E35: =+'EXP GEN.'!AO177 -> HÁBIL | F35: =+'EXP ESPEC.'!AG119 -> 90 | G35: 10 | H35: =+F35+G35 -> 100 | I35: =+DESEMPATE!F57 -> SI | L35: =+DESEMPATE!N57 -> SI
A36: P31 | B36: CONSORCIO INTERVENTOR CORREDOR CAJAMARCA | C36: HÁBIL | D36: HÁBIL | E36: =+'EXP GEN.'!AO183 -> HÁBIL | F36: =+'EXP ESPEC.'!AG123 -> 90 | G36: 10 | H36: =+F36+G36 -> 100 | I36: =+DESEMPATE!F59 -> SI | L36: =+DESEMPATE!N59 -> SI
A37: P32 | B37: CONSORCIO VIAL DE COLOMBIA | C37: HÁBIL | D37: HÁBIL | E37: =+'EXP GEN.'!AO189 -> HÁBIL | F37: =+'EXP ESPEC.'!AG127 -> 90 | G37: 10 | H37: =+F37+G37 -> 100 | I37: =+DESEMPATE!F61 -> SI | L37: =+DESEMPATE!N61 -> SI
A38: P33 | B38: CONSORCIO CEMOSA 2018 | C38: HÁBIL | D38: HÁBIL | E38: =+'EXP GEN.'!AO195 -> HÁBIL | F38: =+'EXP ESPEC.'!AG131 -> 90 | G38: 10 | H38: =+F38+G38 -> 100 | I38: =+DESEMPATE!F63 -> SI | L38: =+DESEMPATE!N63 -> SI
A39: P34 | B39: CONSORCIO TOLIMA 2018 | C39: RECHAZADO | D39: RECHAZADO | E39: =+'EXP GEN.'!AO201 -> RECHAZADO | F39: =+'EXP ESPEC.'!AG135 -> 0 | G39: 0 | H39: =+F39+G39 -> 0 | I39: - | L39: -
A40: P35 | B40: CONSORCIO CONCESION TP | C40: HÁBIL | D40: HÁBIL | E40: =+'EXP GEN.'!AO207 -> HÁBIL | F40: =+'EXP ESPEC.'!AG139 -> 90 | G40: 10 | H40: =+F40+G40 -> 100 | I40: =+DESEMPATE!F67 -> SI | L40: =+DESEMPATE!N67 -> SI
A41: P36 | B41: CONSORCIO RUTAS DEL TOLIMA GRANDE | C41: HÁBIL | D41: HÁBIL | E41: =+'EXP GEN.'!AO213 -> HÁBIL | F41: =+'EXP ESPEC.'!AG143 -> 90 | G41: 10 | H41: =+F41+G41 -> 100 | I41: =+DESEMPATE!F69 -> SI | L41: =+DESEMPATE!N69 -> SI
A42: P37 | B42: CONSORCIO SEDIC - CB | C42: HÁBIL | D42: HÁBIL | E42: =+'EXP GEN.'!AO219 -> HÁBIL | F42: =+'EXP ESPEC.'!AG147 -> 90 | G42: 10 | H42: =+F42+G42 -> 100 | I42: =+DESEMPATE!F72 -> SI | L42: =+DESEMPATE!N72 -> SI
A43: P38 | B43: CONSORCIO ECOIBAGUE | C43: HÁBIL | D43: HÁBIL | E43: =+'EXP GEN.'!AO225 -> HÁBIL | F43: =+'EXP ESPEC.'!AG151 -> 90 | G43: 10 | H43: =+F43+G43 -> 100 | I43: =+DESEMPATE!F74 -> SI | L43: =+DESEMPATE!N74 -> SI
A44: P39 | B44: CONSORCIO VIAL 2018 | C44: HÁBIL | D44: HÁBIL | E44: =+'EXP GEN.'!AO231 -> HÁBIL | F44: =+'EXP ESPEC.'!AG155 -> 90 | G44: 10 | H44: =+F44+G44 -> 100 | I44: =+DESEMPATE!F76 -> SI | L44: =+DESEMPATE!N76 -> SI
A45: P40 | B45: CONSORCIO INTERTOLIMA 002-2018 | C45: HÁBIL | D45: HÁBIL | E45: =+'EXP GEN.'!AO237 -> HÁBIL | F45: =+'EXP ESPEC.'!AG159 -> 90 | G45: 10 | H45: =+F45+G45 -> 100 | I45: =+DESEMPATE!F78 -> SI | L45: =+DESEMPATE!N78 -> SI
A46: P41 | B46: CONSORCIO GCA-IVICSA | C46: HÁBIL | D46: HÁBIL | E46: =+'EXP GEN.'!AO243 -> HÁBIL | F46: =+'EXP ESPEC.'!AG163 -> 90 | G46: 10 | H46: =+F46+G46 -> 100 | I46: =+DESEMPATE!F80 -> SI | L46: =+DESEMPATE!N80 -> SI
A47: P42 | B47: CONSORCIO VQ-CGR | C47: HÁBIL | D47: HÁBIL | E47: =+'EXP GEN.'!AO249 -> HÁBIL | F47: =+'EXP ESPEC.'!AG167 -> 90 | G47: 10 | H47: =+F47+G47 -> 100 | I47: =+DESEMPATE!F82 -> SI | L47: =+DESEMPATE!N82 -> SI
A48: P43 | B48: CONSORCIO GIC 2018 | C48: RECHAZADO | D48: RECHAZADO | E48: =+'EXP GEN.'!AO255 -> RECHAZADO | F48: =+'EXP ESPEC.'!AG171 -> 0 | G48: 0 | H48: =+F48+G48 -> 0 | I48: - | L48: -
A49: P44 | B49: CONSORCIO INGENIERIA 2018 | C49: HÁBIL | D49: HÁBIL | E49: =+'EXP GEN.'!AO261 -> HÁBIL | F49: =+'EXP ESPEC.'!AG175 -> 90 | G49: 10 | H49: =+F49+G49 -> 100 | I49: =+DESEMPATE!F89 -> SI | L49: =+DESEMPATE!N89 -> SI
A50: P45 | B50: CONSORCIO GINPRO - IDON 2018 | C50: HÁBIL | D50: HÁBIL | E50: =+'EXP GEN.'!AO267 -> HÁBIL | F50: =+'EXP ESPEC.'!AG179 -> 90 | G50: 10 | H50: =+F50+G50 -> 100 | I50: =+DESEMPATE!F92 -> SI | L50: =+DESEMPATE!N92 -> SI
A51: P46 | B51: CONSORCIO GIC** | C51: HÁBIL | D51: HÁBIL | E51: =+'EXP GEN.'!AO273 -> HÁBIL | F51: =+'EXP ESPEC.'!AG183 -> 90 | G51: 10 | H51: =+F51+G51 -> 100 | I51: =+DESEMPATE!F94 -> SI | L51: =+DESEMPATE!N94 -> SI
A52: P47 | B52: CONSORCIO INTERCONCESION | C52: HÁBIL | D52: HÁBIL | E52: =+'EXP GEN.'!AO279 -> HÁBIL | F52: =+'EXP ESPEC.'!AG187 -> 90 | G52: 10 | H52: =+F52+G52 -> 100 | I52: =+DESEMPATE!F97 -> SI | L52: =+DESEMPATE!N97 -> SI
A53: P48 | B53: CONSORCIO GIRARDOT - CAJAMARCA | C53: HÁBIL | D53: HÁBIL | E53: =+'EXP GEN.'!AO285 -> HÁBIL | F53: =+'EXP ESPEC.'!AG191 -> 90 | G53: 10 | H53: =+F53+G53 -> 100 | I53: =+DESEMPATE!F99 -> SI | L53: =+DESEMPATE!N99 -> SI
A54: P49 | B54: CONSORCIO ETSA SIGA | C54: HÁBIL | D54: HÁBIL | E54: =+'EXP GEN.'!AO291 -> HÁBIL | F54: =+'EXP ESPEC.'!AG195 -> 90 | G54: 10 | H54: =+F54+G54 -> 100 | I54: =+DESEMPATE!F101 -> SI | L54: =+DESEMPATE!N101 -> SI
A55: P50 | B55: CONSORCIO INTEGRAL 2018 | C55: HÁBIL | D55: NO HÁBIL | E55: =+'EXP GEN.'!AO297 -> HÁBIL | F55: =+'EXP ESPEC.'!AG199 -> 0 | G55: 0 | H55: =+F55+G55 -> 0 | I55: - | L55: -
A56: P51 | B56: CONSORCIO INTERVENTORIAS C&M - ESTEYCO | C56: HÁBIL | D56: HÁBIL | E56: =+'EXP GEN.'!AO303 -> HÁBIL | F56: =+'EXP ESPEC.'!AG203 -> 90 | G56: 10 | H56: =+F56+G56 -> 100 | I56: =+DESEMPATE!F105 -> SI | L56: =+DESEMPATE!N105 -> SI
A57: P52 | B57: CONSORCIO CORREDOR GIRARDOT - CAJAMARCA | C57: HÁBIL | D57: HÁBIL | E57: =+'EXP GEN.'!AO309 -> HÁBIL | F57: =+'EXP ESPEC.'!AG207 -> 90 | G57: 10 | H57: =+F57+G57 -> 100 | I57: =+DESEMPATE!F107 -> SI | L57: =+DESEMPATE!N107 -> SI
A58: P53 | B58: CONSORCIO GIC*** | C58: HÁBIL | D58: HÁBIL | E58: =+'EXP GEN.'!AO315 -> HÁBIL | F58: =+'EXP ESPEC.'!AG211 -> 90 | G58: 10 | H58: =+F58+G58 -> 100 | I58: =+DESEMPATE!F109 -> SI | L58: =+DESEMPATE!N109 -> SI
A59: P54 | B59: CONSORCIO CORREDOR 007 | C59: HÁBIL | D59: HÁBIL | E59: =+'EXP GEN.'!AO321 -> HÁBIL | F59: =+'EXP ESPEC.'!AG215 -> 90 | G59: 10 | H59: =+F59+G59 -> 100 | I59: =+DESEMPATE!F111 -> SI | L59: =+DESEMPATE!N111 -> SI
A60: P55 | B60: =+IFERROR(INDEX(DESEMPATE!$B$3:$B$42,MATCH(CONSOLIDADO!A60,DESEMPATE!$A$3:$A$42,0)),"") | E60: =+'EXP GEN.'!AO327 -> PENDIENTE | F60: =+'EXP ESPEC.'!AG219 -> 0 | G60: 10 | H60: =+F60+G60 -> 10
A61: P56 | B61: =+IFERROR(INDEX(DESEMPATE!$B$3:$B$42,MATCH(CONSOLIDADO!A61,DESEMPATE!$A$3:$A$42,0)),"") | E61: =+'EXP GEN.'!AO333 -> PENDIENTE | F61: =+'EXP ESPEC.'!AG223 -> 0 | G61: 10 | H61: =+F61+G61 -> 10
A62: P57 | B62: =+IFERROR(INDEX(DESEMPATE!$B$3:$B$42,MATCH(CONSOLIDADO!A62,DESEMPATE!$A$3:$A$42,0)),"") | E62: =+'EXP GEN.'!AO339 -> PENDIENTE | F62: =+'EXP ESPEC.'!AG227 -> 0 | G62: 10 | H62: =+F62+G62 -> 10
A63: P58 | B63: =+IFERROR(INDEX(DESEMPATE!$B$3:$B$42,MATCH(CONSOLIDADO!A63,DESEMPATE!$A$3:$A$42,0)),"") | E63: =+'EXP GEN.'!AO345 -> PENDIENTE | F63: =+'EXP ESPEC.'!AG231 -> 0 | G63: 10 | H63: =+F63+G63 -> 10
A64: P59 | B64: =+IFERROR(INDEX(DESEMPATE!$B$3:$B$42,MATCH(CONSOLIDADO!A64,DESEMPATE!$A$3:$A$42,0)),"") | E64: =+'EXP GEN.'!AO351 -> PENDIENTE | F64: =+'EXP ESPEC.'!AG235 -> 0 | G64: 10 | H64: =+F64+G64 -> 10
A65: P60 | B65: =+IFERROR(INDEX(DESEMPATE!$B$3:$B$42,MATCH(CONSOLIDADO!A65,DESEMPATE!$A$3:$A$42,0)),"") | E65: ='EXP GEN.'!AO357 -> PENDIENTE | F65: ='EXP ESPEC.'!AG239 -> 0 | G65: 10 | H65: =+F65+G65 -> 10
A66: P61 | B66: =+IFERROR(INDEX(DESEMPATE!$B$3:$B$42,MATCH(CONSOLIDADO!A66,DESEMPATE!$A$3:$A$42,0)),"") | E66: ='EXP GEN.'!AO363 -> PENDIENTE | F66: ='EXP ESPEC.'!AG243 -> 0 | G66: 10 | H66: =+F66+G66 -> 10
A67: P62 | B67: =+IFERROR(INDEX(DESEMPATE!$B$3:$B$42,MATCH(CONSOLIDADO!A67,DESEMPATE!$A$3:$A$42,0)),"") | E67: ='EXP GEN.'!AO369 -> PENDIENTE | F67: ='EXP ESPEC.'!AG247 -> 0 | G67: 10 | H67: =+F67+G67 -> 10
A68: P63 | B68: =+IFERROR(INDEX(DESEMPATE!$B$3:$B$42,MATCH(CONSOLIDADO!A68,DESEMPATE!$A$3:$A$42,0)),"") | E68: ='EXP GEN.'!AO375 -> PENDIENTE | F68: ='EXP ESPEC.'!AG251 -> 0 | G68: 10 | H68: =+F68+G68 -> 10
A69: P64 | B69: =+IFERROR(INDEX(DESEMPATE!$B$3:$B$42,MATCH(CONSOLIDADO!A69,DESEMPATE!$A$3:$A$42,0)),"") | E69: ='EXP GEN.'!AO381 -> PENDIENTE | F69: ='EXP ESPEC.'!AG255 -> 0 | G69: 10 | H69: =+F69+G69 -> 10
A70: P65 | B70: =+IFERROR(INDEX(DESEMPATE!$B$3:$B$42,MATCH(CONSOLIDADO!A70,DESEMPATE!$A$3:$A$42,0)),"") | E70: ='EXP GEN.'!AO387 -> PENDIENTE | F70: ='EXP ESPEC.'!AG259 -> 0 | G70: 10 | H70: =+F70+G70 -> 10
A71: P66 | B71: =+IFERROR(INDEX(DESEMPATE!$B$3:$B$42,MATCH(CONSOLIDADO!A71,DESEMPATE!$A$3:$A$42,0)),"") | E71: ='EXP GEN.'!AO393 -> PENDIENTE | F71: ='EXP ESPEC.'!AG263 -> 0 | G71: 10 | H71: =+F71+G71 -> 10
A72: P67 | B72: =+IFERROR(INDEX(DESEMPATE!$B$3:$B$42,MATCH(CONSOLIDADO!A72,DESEMPATE!$A$3:$A$42,0)),"") | E72: ='EXP GEN.'!AO399 -> PENDIENTE | F72: ='EXP ESPEC.'!AG267 -> 0 | G72: 10 | H72: =+F72+G72 -> 10
A73: P68 | B73: =+IFERROR(INDEX(DESEMPATE!$B$3:$B$42,MATCH(CONSOLIDADO!A73,DESEMPATE!$A$3:$A$42,0)),"") | E73: ='EXP GEN.'!AO405 -> PENDIENTE | F73: ='EXP ESPEC.'!AG271 -> 0 | G73: 10 | H73: =+F73+G73 -> 10
A74: P69 | B74: =+IFERROR(INDEX(DESEMPATE!$B$3:$B$42,MATCH(CONSOLIDADO!A74,DESEMPATE!$A$3:$A$42,0)),"") | E74: ='EXP GEN.'!AO411 -> PENDIENTE | F74: ='EXP ESPEC.'!AG275 -> 0 | G74: 10 | H74: =+F74+G74 -> 10
A75: P70 | B75: =+IFERROR(INDEX(DESEMPATE!$B$3:$B$42,MATCH(CONSOLIDADO!A75,DESEMPATE!$A$3:$A$42,0)),"") | E75: ='EXP GEN.'!AO417 -> PENDIENTE | F75: ='EXP ESPEC.'!AG279 -> 0 | G75: 10 | H75: =+F75+G75 -> 10
A76: P71 | B76: =+IFERROR(INDEX(DESEMPATE!$B$3:$B$42,MATCH(CONSOLIDADO!A76,DESEMPATE!$A$3:$A$42,0)),"") | E76: ='EXP GEN.'!AO423 -> PENDIENTE | F76: ='EXP ESPEC.'!AG283 -> 0 | G76: 10 | H76: =+F76+G76 -> 10
A77: P72 | B77: =+IFERROR(INDEX(DESEMPATE!$B$3:$B$42,MATCH(CONSOLIDADO!A77,DESEMPATE!$A$3:$A$42,0)),"") | E77: ='EXP GEN.'!AO429 -> PENDIENTE | F77: ='EXP ESPEC.'!AG287 -> 0 | G77: 10 | H77: =+F77+G77 -> 10
A78: P73 | B78: =+IFERROR(INDEX(DESEMPATE!$B$3:$B$42,MATCH(CONSOLIDADO!A78,DESEMPATE!$A$3:$A$42,0)),"") | E78: ='EXP GEN.'!AO435 -> PENDIENTE | F78: ='EXP ESPEC.'!AG291 -> 0 | G78: 10 | H78: =+F78+G78 -> 10
A79: P74 | B79: =+IFERROR(INDEX(DESEMPATE!$B$3:$B$42,MATCH(CONSOLIDADO!A79,DESEMPATE!$A$3:$A$42,0)),"") | E79: ='EXP GEN.'!AO441 -> PENDIENTE | F79: ='EXP ESPEC.'!AG295 -> 0 | G79: 10 | H79: =+F79+G79 -> 10
A80: P75 | B80: =+IFERROR(INDEX(DESEMPATE!$B$3:$B$42,MATCH(CONSOLIDADO!A80,DESEMPATE!$A$3:$A$42,0)),"") | E80: ='EXP GEN.'!AO447 -> PENDIENTE | F80: ='EXP ESPEC.'!AG299 -> 0 | G80: 10 | H80: =+F80+G80 -> 10

Sheet EXP GEN.
A1: IDN1 | B1: IDN2 | C1: FOLIO CONTRATO | D1: INTEGRANTE | E1: EXPERIENCIA DEL LÍDER (SI/NO/NO APLICA) | F1: MÓDULO 1 (SI/NO) | G1: ENTIDAD | H1: PAÍS DE EJECUCIÓN | I1: No. Contrato | J1: OBJETO DEL CONTRATO | K1: CONTRATO VÁLIDO PARA ACREDITAR EXPERIENCIA (SI/NO) | L1: Contratos de Interventoría en proyectos de Infraestructura de Transporte | M1: Vigencia del contrato posterior a 01/01/90 | N1: PORCENTAJE DE PARTICIPACIÓN | O1: Fecha de inicio del contrato | P1: Fecha de terminación del contrato | Q1: Año de Finalización/ última facturación | R1: SMMLV Finalización / última facturación | S1: Valor del contrato incluido IVA | T1: MONEDA | U1: Tasa USD | V1: Valor del contrato USD | W1: Tasa COP | X1: Valor del contrato en Pesos incluido IVA (Ejecución) | Y1: SMMLV Valor del Cto. Ejecución (o) Inscrito en RUP | Z1: SMMLV finalización del contrato PONDERADO | AA1: SUMATORIA EXPERIENCIA GENERAL | AB1: EXPERIENCIA MINIMA POR EL LIDER | AC1: EXPERIENCIA MINIMA POR CONTRATO | AD1: Nº CONSECUTIVO DEL RUP / MATRIZ / EN EJECUCIÓN | AE1: Gerencia de Proyectos | AH1: Ingeniería Civil | AK1: Ingeniería de Transporte | AN1: ACTIVIDADES RUP, FORMATO 2, MATRIZ O EJECUCIÓN | AO1: CALIFICACIÓN EXPERIENCIA GENERAL | AP1: NOTAS | AR1: SI | AS1: NO
AE2: Segmento 80 | AF2: Familia 10 | AG2: Clase 16 | AH2: Segmento 81 | AI2: Familia 10 | AJ2: Clase 15 | AK2: Segmento 81 | AL2: Familia 10 | AM2: Clase 22 | AR2: HÁBIL | AS2: NO HÁBIL | AT2: RECHAZADO | AU2: PENDIENTE
A3: P01 | B3: P01-01 | D3: =IFERROR(INDEX(DESEMPATE!$D$3:$D$63,MATCH('EXP GEN.'!B3,DESEMPATE!$C$3:$C$63,0)),"") -> MAB INGENIERÍA DE VALOR S.A. | E3: =IFERROR(IF(D3="","",IF(VLOOKUP(D3,DESEMPATE!D$3:$E$19,2,FALSE)=1,"N/A",IF(VLOOKUP(D3,DESEMPATE!D$3:$E$19,2,FALSE)>=0.51,"SI","NO"))),"") -> SI | F3: SI | G3: IDU | H3: COLOMBIA | I3: 172 DE 2007 | J3: INTERVENTORIA TECNICA ADMINISTRATIVA LEGAL FINANCIERA AMBIENTAL Y SOCIAL PARA LA EJECUCION DE LAS OBRAS DE CONSTRUCCION Y TODAS LAS OBRAS NECESARIAS PARA LA ADECUACION DE LA CALLE 26 (AV JORGE ELIECER GAITAN) Y DE LA CARRERA 10ª 8AV FERNANDO MAZUREN) | K3: SI | L3: SI | M3: =IFERROR(IF(O3="","",IF(O3>=DATE(1990,1,1),"SI","NO")),"") -> SI | N3: 0.7 | O3: 39615 | P3: 40406 | Q3: =IF(P3="","",YEAR(P3)) -> 2010 | R3: =IFERROR(INDEX(PARAMETROS!$B$53:$B$101,MATCH(Q3,PARAMETROS!$A$53:$A$101,0)),"") -> 515000 | S3: N/A | T3: COP | U3: =IFERROR(IF(T3="","",IF(T3="COP","N/A",IF(OR(T3="USD",T3="US"),1,IF(T3="EUR",VLOOKUP(P3,'SH EURO'!$A$6:$B$10372,2,FALSE),"INGRESAR TASA")))),"") -> N/A | V3: =IFERROR(IF(S3="","",IF(U3="INGRESAR TASA","INGRESAR TASA USD",IF(U3="N/A","N/A",U3*S3))),"") -> N/A | W3: =IFERROR(IF(T3="","",IF(T3="COP",1,IF(U3<>"N/A",VLOOKUP(P3,'SH TRM'!$A$9:$B$100372,2,FALSE),"REVISAR"))),"") -> 1 | X3: =IFERROR(IF(W3<>"",IF(T3<>"COP",V3*W3,S3),""),"") -> N/A | Y3: 50224.35 | Z3: =IFERROR(IF(OR(K3="",K3="NO"),"",IF(F3="SI",IFERROR(Y3*N3,""),"")),"") -> 35157.045 | AA3: =IFERROR(IF(COUNTIF(Z3:Z8,"")=6,"",IF(SUM(Z3:Z8)>=CM001M1,"CUMPLE","NO CUMPLE")),"") -> CUMPLE | AB3: =IFERROR(IF(COUNTIF(Z3:Z8,"")=6,"",IF(COUNTIF(E3:E8,"N/A")>0,IF(SUMIF(E3:E8,"N/A",Z3:Z8)>=CM001LM1,"CUMPLE","NO CUMPLE"),IF(SUMIF(E3:E8,"SI",Z3:Z8)>=CM001LM1,"CUMPLE","NO CUMPLE"))),"") -> CUMPLE | AC3: =IFERROR(IF(Z3="","",IF(Z3>=CM001EMM1,"CUMPLE","NO CUMPLE")),"") -> CUMPLE | AD3: 1 | AE3: SI | AH3: SI | AK3: SI | AN3: =IFERROR(IF(AD3="","",IF(ISNUMBER(AD3),IF(COUNTIF(AE3:AM3,"SI")>0,"SI","NO"),AD3)),"") -> SI | AO3: HÁBIL
B4: P01-02 | D4: =IFERROR(INDEX(DESEMPATE!$D$3:$D$63,MATCH('EXP GEN.'!B4,DESEMPATE!$C$3:$C$63,0)),"") -> MAB SERVICIOS S.A.S. | E4: =IFERROR(IF(D4="","",IF(VLOOKUP(D4,DESEMPATE!D$3:$E$19,2,FALSE)=1,"N/A",IF(VLOOKUP(D4,DESEMPATE!D$3:$E$19,2,FALSE)>=0.51,"SI","NO"))),"") -> NO | F4: SI | G4: INVIAS | H4: COLOMBIA | I4: 3606 DE 2008 | J4: INTERVENTORIA PARA EL MEJORAMIENTO Y MANTENIMIENTO DE LAS CARRETERAS MEDIACANOA - ANSERMONUEVO - LA VIRGINIA CODIGO 2302 Y MIRANDA - RIO DESBARATADO - PRADERA - PALMIRA CODIGO 3105, MODULO 1 | K4: SI | L4: SI | M4: =IFERROR(IF(O4="","",IF(O4>=DATE(1990,1,1),"SI","NO")),"") -> SI | N4: 0.55 | O4: 39856 | P4: 40979 | Q4: =IF(P4="","",YEAR(P4)) -> 2012 | R4: =IFERROR(INDEX(PARAMETROS!$B$53:$B$101,MATCH(Q4,PARAMETROS!$A$53:$A$101,0)),"") -> 566700 | S4: N/A | T4: COP | U4: =IFERROR(IF(T4="","",IF(T4="COP","N/A",IF(OR(T4="USD",T4="US"),1,IF(T4="EUR",VLOOKUP(P4,'SH EURO'!$A$6:$B$10372,2,FALSE),"INGRESAR TASA")))),"") -> N/A | V4: =IFERROR(IF(S4="","",IF(U4="INGRESAR TASA","INGRESAR TASA USD",IF(U4="N/A","N/A",U4*S4))),"") -> N/A | W4: =IFERROR(IF(T4="","",IF(T4="COP",1,IF(U4<>"N/A",VLOOKUP(P4,'SH TRM'!$A$9:$B$100372,2,FALSE),"REVISAR"))),"") -> 1 | X4: =IFERROR(IF(W4<>"",IF(T4<>"COP",V4*W4,S4),""),"") -> N/A | Y4: 6565.94 | Z4: =IFERROR(IF(OR(K4="",K4="NO"),"",IF(F4="SI",IFERROR(Y4*N4,""),"")),"") -> 3611.267 | AC4: =IFERROR(IF(Z4="","",IF(Z4>=CM001EMM1,"CUMPLE","NO CUMPLE")),"") -> CUMPLE | AD4: 2 | AE4: SI | AH4: SI | AK4: SI | AN4: =IFERROR(IF(AD4="","",IF(ISNUMBER(AD4),IF(COUNTIF(AE4:AM4,"SI")>0,"SI","NO"),AD4)),"") -> SI
B5: P01-02 | D5: =IFERROR(INDEX(DESEMPATE!$D$3:$D$63,MATCH('EXP GEN.'!B5,DESEMPATE!$C$3:$C$63,0)),"") -> MAB SERVICIOS S.A.S. | E5: =IFERROR(IF(D5="","",IF(VLOOKUP(D5,DESEMPATE!D$3:$E$19,2,FALSE)=1,"N/A",IF(VLOOKUP(D5,DESEMPATE!D$3:$E$19,2,FALSE)>=0.51,"SI","NO"))),"") -> NO | F5: SI | G5: CONCESION AUTOPISTA BOGOTA - GIRARDOT | H5: COLOMBIA | I5: CABG-012-11 | J5: REALIZAR LA INTERVENTORIA TECNICA INTEGRAL DE LAS ACTIVIDADES EJECUTADAS POR LA CABG REFERENTES AL DISEÑO CONSTRUCCION,MANTENIMIENTO,OPERACIÓN Y GESTION AMBIENTAL,ENCAMINADAS AL CUMPLIMIENTO DEL CONTRATO DE CONCESION. | K5: SI | L5: SI | M5: =IFERROR(IF(O5="","",IF(O5>=DATE(1990,1,1),"SI","NO")),"") -> SI | N5: 1 | O5: 40617 | P5: 42400 | Q5: =IF(P5="","",YEAR(P5)) -> 2016 | R5: =IFERROR(INDEX(PARAMETROS!$B$53:$B$101,MATCH(Q5,PARAMETROS!$A$53:$A$101,0)),"") -> 689455 | S5: N/A | T5: COP | U5: =IFERROR(IF(T5="","",IF(T5="COP","N/A",IF(OR(T5="USD",T5="US"),1,IF(T5="EUR",VLOOKUP(P5,'SH EURO'!$A$6:$B$10372,2,FALSE),"INGRESAR TASA")))),"") -> N/A | V5: =IFERROR(IF(S5="","",IF(U5="INGRESAR TASA","INGRESAR TASA USD",IF(U5="N/A","N/A",U5*S5))),"") -> N/A | W5: =IFERROR(IF(T5="","",IF(T5="COP",1,IF(U5<>"N/A",VLOOKUP(P5,'SH TRM'!$A$9:$B$100372,2,FALSE),"REVISAR"))),"") -> 1 | X5: =IFERROR(IF(W5<>"",IF(T5<>"COP",V5*W5,S5),""),"") -> N/A | Y5: 10818.393 | Z5: =IFERROR(IF(OR(K5="",K5="NO"),"",IF(F5="SI",IFERROR(Y5*N5,""),"")),"") -> 10818.393 | AC5: =IFERROR(IF(Z5="","",IF(Z5>=CM001EMM1,"CUMPLE","NO CUMPLE")),"") -> CUMPLE | AD5: 60 | AE5: SI | AH5: SI | AK5: SI | AN5: =IFERROR(IF(AD5="","",IF(ISNUMBER(AD5),IF(COUNTIF(AE5:AM5,"SI")>0,"SI","NO"),AD5)),"") -> SI
D6: =IFERROR(INDEX(DESEMPATE!$D$3:$D$63,MATCH('EXP GEN.'!B6,DESEMPATE!$C$3:$C$63,0)),"") | E6: =IFERROR(IF(D6="","",IF(VLOOKUP(D6,DESEMPATE!D$3:$E$19,2,FALSE)=1,"N/A",IF(VLOOKUP(D6,DESEMPATE!D$3:$E$19,2,FALSE)>=0.51,"SI","NO"))),"") | F6: SI | U6: =IFERROR(IF(T6="","",IF(T6="COP","N/A",IF(OR(T6="USD",T6="US"),1,IF(T6="EUR",VLOOKUP(P6,'SH EURO'!$A$6:$B$10372,2,FALSE),"INGRESAR TASA")))),"") | V6: =IFERROR(IF(S6="","",IF(U6="INGRESAR TASA","INGRESAR TASA USD",IF(U6="N/A","N/A",U6*S6))),"") | W6: =IFERROR(IF(T6="","",IF(T6="COP",1,IF(U6<>"N/A",VLOOKUP(P6,'SH TRM'!$A$9:$B$100372,2,FALSE),"REVISAR"))),"") | X6: =IFERROR(IF(W6<>"",IF(T6<>"COP",V6*W6,S6),""),"") | Y6: =IFERROR(X6/R6,"") | Z6: =IFERROR(IF(OR(K6="",K6="NO"),"",IF(F6="SI",IFERROR(Y6*N6,""),"")),"") | AC6: =IFERROR(IF(Z6="","",IF(Z6>=CM001EMM1,"CUMPLE","NO CUMPLE")),"") | AN6: =IFERROR(IF(AD6="","",IF(ISNUMBER(AD6),IF(COUNTIF(AE6:AM6,"SI")>0,"SI","NO"),AD6)),"")
D7: =IFERROR(INDEX(DESEMPATE!$D$3:$D$63,MATCH('EXP GEN.'!B7,DESEMPATE!$C$3:$C$63,0)),"") | E7: =IFERROR(IF(D7="","",IF(VLOOKUP(D7,DESEMPATE!D$3:$E$19,2,FALSE)=1,"N/A",IF(VLOOKUP(D7,DESEMPATE!D$3:$E$19,2,FALSE)>=0.51,"SI","NO"))),"") | F7: SI | U7: =IFERROR(IF(T7="","",IF(T7="COP","N/A",IF(OR(T7="USD",T7="US"),1,IF(T7="EUR",VLOOKUP(P7,'SH EURO'!$A$6:$B$10372,2,FALSE),"INGRESAR TASA")))),"") | V7: =IFERROR(IF(S7="","",IF(U7="INGRESAR TASA","INGRESAR TASA USD",IF(U7="N/A","N/A",U7*S7))),"") | W7: =IFERROR(IF(T7="","",IF(T7="COP",1,IF(U7<>"N/A",VLOOKUP(P7,'SH TRM'!$A$9:$B$100372,2,FALSE),"REVISAR"))),"") | X7: =IFERROR(IF(W7<>"",IF(T7<>"COP",V7*W7,S7),""),"") | Y7: =IFERROR(X7/R7,"") | Z7: =IFERROR(IF(OR(K7="",K7="NO"),"",IF(F7="SI",IFERROR(Y7*N7,""),"")),"") | AC7: =IFERROR(IF(Z7="","",IF(Z7>=CM001EMM1,"CUMPLE","NO CUMPLE")),"") | AN7: =IFERROR(IF(AD7="","",IF(ISNUMBER(AD7),IF(COUNTIF(AE7:AM7,"SI")>0,"SI","NO"),AD7)),"")
D8: =IFERROR(INDEX(DESEMPATE!$D$3:$D$63,MATCH('EXP GEN.'!B8,DESEMPATE!$C$3:$C$63,0)),"") | E8: =IFERROR(IF(D8="","",IF(VLOOKUP(D8,DESEMPATE!D$3:$E$19,2,FALSE)=1,"N/A",IF(VLOOKUP(D8,DESEMPATE!D$3:$E$19,2,FALSE)>=0.51,"SI","NO"))),"") | F8: SI | M8: =IFERROR(IF(O8="","",IF(O8>=DATE(1990,1,1),"SI","NO")),"") | U8: =IFERROR(IF(T8="","",IF(T8="COP","N/A",IF(OR(T8="USD",T8="US"),1,IF(T8="EUR",VLOOKUP(P8,'SH EURO'!$A$6:$B$10372,2,FALSE),"INGRESAR TASA")))),"") | V8: =IFERROR(IF(S8="","",IF(U8="INGRESAR TASA","INGRESAR TASA USD",IF(U8="N/A","N/A",U8*S8))),"") | W8: =IFERROR(IF(T8="","",IF(T8="COP",1,IF(U8<>"N/A",VLOOKUP(P8,'SH TRM'!$A$9:$B$100372,2,FALSE),"REVISAR"))),"") | X8: =IFERROR(IF(W8<>"",IF(T8<>"COP",V8*W8,S8),""),"") | Y8: =IFERROR(X8/R8,"") | Z8: =IFERROR(IF(OR(K8="",K8="NO"),"",IF(F8="SI",IFERROR(Y8*N8,""),"")),"") | AC8: =IFERROR(IF(Z8="","",IF(Z8>=CM001EMM1,"CUMPLE","NO CUMPLE")),"") | AN8: =IFERROR(IF(AD8="","",IF(ISNUMBER(AD8),IF(COUNTIF(AE8:AM8,"SI")>0,"SI","NO"),AD8)),"")
A9: P02 | B9: P02-01 | D9: =IFERROR(INDEX(DESEMPATE!$D$3:$D$63,MATCH('EXP GEN.'!B9,DESEMPATE!$C$3:$C$63,0)),"") -> AYESA INGENIERIA Y ARQUITECTURA SAU SUCURSAL COLOMBIA | E9: =IFERROR(IF(D9="","",IF(VLOOKUP(D9,DESEMPATE!D$3:$E$19,2,FALSE)=1,"N/A",IF(VLOOKUP(D9,DESEMPATE!D$3:$E$19,2,FALSE)>=0.51,"SI","NO"))),"") -> SI | F9: SI | G9: DGC DEMARCACION DE CARRETERAS DEL ESTADO EN ANDALUCIA ORIENTAL | H9: ESPAÑA | I9: AT 12-GR-2850 | J9: CONTROL Y VGILANCIA DE LAS OBRAS AUTOVIA DEL MEDITERRANEO CN-340 DE CADIZ Y GIBRALTAR A BARCELONA. TRAMO: ALMUÑECAR (LA HERRADURA) - ALMUÑECAR (TARAMAY). PROVINCIA DE GRANADA | K9: SI | L9: SI | M9: =IFERROR(IF(O9="","",IF(O9>=DATE(1990,1,1),"SI","NO")),"") -> SI | N9: 1 | O9: 37591 | P9: 40117 | Q9: =IF(P9="","",YEAR(P9)) -> 2009 | R9: =IFERROR(INDEX(PARAMETROS!$B$53:$B$101,MATCH(Q9,PARAMETROS!$A$53:$A$101,0)),"") -> 496900 | S9: N/A | T9: EUR | U9: =IFERROR(IF(T9="","",IF(T9="COP","N/A",IF(OR(T9="USD",T9="US"),1,IF(T9="EUR",VLOOKUP(P9,'SH EURO'!$A$6:$B$10372,2,FALSE),"INGRESAR TASA")))),"") -> 1.48045 | V9: N/A | W9: =IFERROR(IF(T9="","",IF(T9="COP",1,IF(U9<>"N/A",VLOOKUP(P9,'SH TRM'!$A$9:$B$100372,2,FALSE),"REVISAR"))),"") -> 1993.8 | X9: N/A | Y9: 19648.16 | Z9: =IFERROR(IF(OR(K9="",K9="NO"),"",IF(F9="SI",IFERROR(Y9*N9,""),"")),"") -> 19648.16 | AA9: =IFERROR(IF(COUNTIF(Z9:Z14,"")=6,"",IF(SUM(Z9:Z14)>=CM001M1,"CUMPLE","NO CUMPLE")),"") -> CUMPLE | AB9: =IFERROR(IF(COUNTIF(Z9:Z14,"")=6,"",IF(COUNTIF(E9:E14,"N/A")>0,IF(SUMIF(E9:E14,"N/A",Z9:Z14)>=CM001LM1,"CUMPLE","NO CUMPLE"),IF(SUMIF(E9:E14,"SI",Z9:Z14)>=CM001LM1,"CUMPLE","NO CUMPLE"))),"") -> CUMPLE | AC9: =IFERROR(IF(Z9="","",IF(Z9>=CM001EMM1,"CUMPLE","NO CUMPLE")),"") -> CUMPLE | AD9: 2 | AE9: SI | AH9: SI | AK9: SI | AN9: =IFERROR(IF(AD9="","",IF(ISNUMBER(AD9),IF(COUNTIF(AE9:AM9,"SI")>0,"SI","NO"),AD9)),"") -> SI | AO9: HÁBIL
B10: P02-02 | D10: =IFERROR(INDEX(DESEMPATE!$D$3:$D$63,MATCH('EXP GEN.'!B10,DESEMPATE!$C$3:$C$63,0)),"") -> INTERSA SA | E10: =IFERROR(IF(D10="","",IF(VLOOKUP(D10,DESEMPATE!D$3:$E$19,2,FALSE)=1,"N/A",IF(VLOOKUP(D10,DESEMPATE!D$3:$E$19,2,FALSE)>=0.51,"SI","NO"))),"") -> NO | F10: SI | G10: ANI | H10: COLOMBIA | I10: 062 DE 2005 | J10: INTERVENTORIA TECNICA, AMBIENTAL, LEGAL, ADMINISTRATIVA, PREDIAL, FINANCIERA, Y OPERATIVA EN LA ETAPA DE OPERACIÓN DEL CONTRATO DE CONCESION # 0849 DE 1995 DESARROLLO VIAL CARRETERA NEIVA-ESPINAL-GIRARDOT. | K10: SI | L10: SI | M10: =IFERROR(IF(O10="","",IF(O10>=DATE(1990,1,1),"SI","NO")),"") -> SI | N10: 0.5 | O10: 38772 | P10: 40656 | Q10: =IF(P10="","",YEAR(P10)) -> 2011 | R10: =IFERROR(INDEX(PARAMETROS!$B$53:$B$101,MATCH(Q10,PARAMETROS!$A$53:$A$101,0)),"") -> 535600 | S10: N/A | T10: COP | U10: =IFERROR(IF(T10="","",IF(T10="COP","N/A",IF(OR(T10="USD",T10="US"),1,IF(T10="EUR",VLOOKUP(P10,'SH EURO'!$A$6:$B$10372,2,FALSE),"INGRESAR TASA")))),"") -> N/A | V10: =IFERROR(IF(S10="","",IF(U10="INGRESAR TASA","INGRESAR TASA USD",IF(U10="N/A","N/A",U10*S10))),"") -> N/A | W10: =IFERROR(IF(T10="","",IF(T10="COP",1,IF(U10<>"N/A",VLOOKUP(P10,'SH TRM'!$A$9:$B$100372,2,FALSE),"REVISAR"))),"") -> 1 | X10: =IFERROR(IF(W10<>"",IF(T10<>"COP",V10*W10,S10),""),"") -> N/A | Y10: 8950.4 | Z10: =IFERROR(IF(OR(K10="",K10="NO"),"",IF(F10="SI",IFERROR(Y10*N10,""),"")),"") -> 4475.2 | AC10: =IFERROR(IF(Z10="","",IF(Z10>=CM001EMM1,"CUMPLE","NO CUMPLE")),"") -> CUMPLE | AD10: 21 | AE10: SI | AH10: SI | AK10: SI | AN10: =IFERROR(IF(AD10="","",IF(ISNUMBER(AD10),IF(COUNTIF(AE10:AM10,"SI")>0,"SI","NO"),AD10)),"") -> SI
B11: P02-02 | D11: =IFERROR(INDEX(DESEMPATE!$D$3:$D$63,MATCH('EXP GEN.'!B11,DESEMPATE!$C$3:$C$63,0)),"") -> INTERSA SA | E11: =IFERROR(IF(D11="","",IF(VLOOKUP(D11,DESEMPATE!D$3:$E$19,2,FALSE)=1,"N/A",IF(VLOOKUP(D11,DESEMPATE!D$3:$E$19,2,FALSE)>=0.51,"SI","NO"))),"") -> NO | F11: SI | G11: INVIAS | H11: COLOMBIA | I11: 928 DE 2001 | J11: INTERVENTORIA PARA EL MEJORAMIENTO Y PAVIMENTACION DE LA CARRETERA FUENTE DE ORO-PUERTO LLERAS-CRUCE PUERTO RICO-PUERTO ARTURO -SAN JOSE DEL GUAVIARE, SECTOR CRUCE DE PUERTO RICO-PUERTO ARTURO K62+000 AL K81+000. | K11: SI | L11: SI | M11: =IFERROR(IF(O11="","",IF(O11>=DATE(1990,1,1),"SI","NO")),"") -> SI | N11: 0.75 | O11: 37308 | P11: 37986 | Q11: =IF(P11="","",YEAR(P11)) -> 2003 | R11: =IFERROR(INDEX(PARAMETROS!$B$53:$B$101,MATCH(Q11,PARAMETROS!$A$53:$A$101,0)),"") -> 332000 | S11: N/A | T11: COP | U11: =IFERROR(IF(T11="","",IF(T11="COP","N/A",IF(OR(T11="USD",T11="US"),1,IF(T11="EUR",VLOOKUP(P11,'SH EURO'!$A$6:$B$10372,2,FALSE),"INGRESAR TASA")))),"") -> N/A | V11: =IFERROR(IF(S11="","",IF(U11="INGRESAR TASA","INGRESAR TASA USD",IF(U11="N/A","N/A",U11*S11))),"") -> N/A | W11: =IFERROR(IF(T11="","",IF(T11="COP",1,IF(U11<>"N/A",VLOOKUP(P11,'SH TRM'!$A$9:$B$100372,2,FALSE),"REVISAR"))),"") -> 1 | X11: =IFERROR(IF(W11<>"",IF(T11<>"COP",V11*W11,S11),""),"") -> N/A | Y11: 4023.32 | Z11: =IFERROR(IF(OR(K11="",K11="NO"),"",IF(F11="SI",IFERROR(Y11*N11,""),"")),"") -> 3017.49 | AC11: =IFERROR(IF(Z11="","",IF(Z11>=CM001EMM1,"CUMPLE","NO CUMPLE")),"") -> CUMPLE | AD11: 35 | AE11: NO | AH11: SI | AK11: SI | AN11: =IFERROR(IF(AD11="","",IF(ISNUMBER(AD11),IF(COUNTIF(AE11:AM11,"SI")>0,"SI","NO"),AD11)),"") -> SI
B12: P02-02 | D12: =IFERROR(INDEX(DESEMPATE!$D$3:$D$63,MATCH('EXP GEN.'!B12,DESEMPATE!$C$3:$C$63,0)),"") -> INTERSA SA | E12: =IFERROR(IF(D12="","",IF(VLOOKUP(D12,DESEMPATE!D$3:$E$19,2,FALSE)=1,"N/A",IF(VLOOKUP(D12,DESEMPATE!D$3:$E$19,2,FALSE)>=0.51,"SI","NO"))),"") -> NO | F12: SI | G12: INVIAS | H12: COLOMBIA | I12: 124 DE 2001 | J12: INTERVENTORIA PARA EL MEJORAMIENTO Y PAVIMENTACION DE LA CARRETERA FUENTE DE ORO-PUERTO LLERAS-CRUCE PUERTO RICO-PUERTO ARTURO-SAN JOSE DEL GUAVIARE, SECTOR FUENTE DE ORO-PUERTO LLERAS, K0+000 AL K20+000. | K12: SI | L12: SI | M12: =IFERROR(IF(O12="","",IF(O12>=DATE(1990,1,1),"SI","NO")),"") -> SI | N12: 1 | O12: 36992 | P12: 37539 | Q12: =IF(P12="","",YEAR(P12)) -> 2002 | R12: =IFERROR(INDEX(PARAMETROS!$B$53:$B$101,MATCH(Q12,PARAMETROS!$A$53:$A$101,0)),"") -> 309000 | S12: N/A | T12: COP | U12: =IFERROR(IF(T12="","",IF(T12="COP","N/A",IF(OR(T12="USD",T12="US"),1,IF(T12="EUR",VLOOKUP(P12,'SH EURO'!$A$6:$B$10372,2,FALSE),"INGRESAR TASA")))),"") -> N/A | V12: =IFERROR(IF(S12="","",IF(U12="INGRESAR TASA","INGRESAR TASA USD",IF(U12="N/A","N/A",U12*S12))),"") -> N/A | W12: =IFERROR(IF(T12="","",IF(T12="COP",1,IF(U12<>"N/A",VLOOKUP(P12,'SH TRM'!$A$9:$B$100372,2,FALSE),"REVISAR"))),"") -> 1 | X12: =IFERROR(IF(W12<>"",IF(T12<>"COP",V12*W12,S12),""),"") -> N/A | Y12: 3236.02 | Z12: =IFERROR(IF(OR(K12="",K12="NO"),"",IF(F12="SI",IFERROR(Y12*N12,""),"")),"") -> 3236.02 | AC12: =IFERROR(IF(Z12="","",IF(Z12>=CM001EMM1,"CUMPLE","NO CUMPLE")),"") -> CUMPLE | AD12: 44 | AE12: NO | AH12: SI | AK12: SI | AN12: =IFERROR(IF(AD12="","",IF(ISNUMBER(AD12),IF(COUNTIF(AE12:AM12,"SI")>0,"SI","NO"),AD12)),"") -> SI
D13: =IFERROR(INDEX(DESEMPATE!$D$3:$D$63,MATCH('EXP GEN.'!B13,DESEMPATE!$C$3:$C$63,0)),"") | E13: =IFERROR(IF(D13="","",IF(VLOOKUP(D13,DESEMPATE!D$3:$E$19,2,FALSE)=1,"N/A",IF(VLOOKUP(D13,DESEMPATE!D$3:$E$19,2,FALSE)>=0.51,"SI","NO"))),"") | F13: SI | M13: =IFERROR(IF(O13="","",IF(O13>=DATE(1990,1,1),"SI","NO")),"") | Q13: =IF(P13="","",YEAR(P13)) | R13: =IFERROR(INDEX(PARAMETROS!$B$53:$B$101,MATCH(Q13,PARAMETROS!$A$53:$A$101,0)),"") | U13: =IFERROR(IF(T13="","",IF(T13="COP","N/A",IF(OR(T13="USD",T13="US"),1,IF(T13="EUR",VLOOKUP(P13,'SH EURO'!$A$6:$B$10372,2,FALSE),"INGRESAR TASA")))),"") | V13: =IFERROR(IF(S13="","",IF(U13="INGRESAR TASA","INGRESAR TASA USD",IF(U13="N/A","N/A",U13*S13))),"") | W13: =IFERROR(IF(T13="","",IF(T13="COP",1,IF(U13<>"N/A",VLOOKUP(P13,'SH TRM'!$A$9:$B$100372,2,FALSE),"REVISAR"))),"") | X13: =IFERROR(IF(W13<>"",IF(T13<>"COP",V13*W13,S13),""),"") | Y13: =IFERROR(X13/R13,"") | Z13: =IFERROR(IF(OR(K13="",K13="NO"),"",IF(F13="SI",IFERROR(Y13*N13,""),"")),"") | AC13: =IFERROR(IF(Z13="","",IF(Z13>=CM001EMM1,"CUMPLE","NO CUMPLE")),"") | AN13: =IFERROR(IF(AD13="","",IF(ISNUMBER(AD13),IF(COUNTIF(AE13:AM13,"SI")>0,"SI","NO"),AD13)),"")
D14: =IFERROR(INDEX(DESEMPATE!$D$3:$D$63,MATCH('EXP GEN.'!B14,DESEMPATE!$C$3:$C$63,0)),"") | E14: =IFERROR(IF(D14="","",IF(VLOOKUP(D14,DESEMPATE!D$3:$E$19,2,FALSE)=1,"N/A",IF(VLOOKUP(D14,DESEMPATE!D$3:$E$19,2,FALSE)>=0.51,"SI","NO"))),"") | F14: SI | M14: =IFERROR(IF(O14="","",IF(O14>=DATE(1990,1,1),"SI","NO")),"") | Q14: =IF(P14="","",YEAR(P14)) | R14: =IFERROR(INDEX(PARAMETROS!$B$53:$B$101,MATCH(Q14,PARAMETROS!$A$53:$A$101,0)),"") | U14: =IFERROR(IF(T14="","",IF(T14="COP","N/A",IF(OR(T14="USD",T14="US"),1,IF(T14="EUR",VLOOKUP(P14,'SH EURO'!$A$6:$B$10372,2,FALSE),"INGRESAR TASA")))),"") | V14: =IFERROR(IF(S14="","",IF(U14="INGRESAR TASA","INGRESAR TASA USD",IF(U14="N/A","N/A",U14*S14))),"") | W14: =IFERROR(IF(T14="","",IF(T14="COP",1,IF(U14<>"N/A",VLOOKUP(P14,'SH TRM'!$A$9:$B$100372,2,FALSE),"REVISAR"))),"") | X14: =IFERROR(IF(W14<>"",IF(T14<>"COP",V14*W14,S14),""),"") | Y14: =IFERROR(X14/R14,"") | Z14: =IFERROR(IF(OR(K14="",K14="NO"),"",IF(F14="SI",IFERROR(Y14*N14,""),"")),"") | AC14: =IFERROR(IF(Z14="","",IF(Z14>=CM001EMM1,"CUMPLE","NO CUMPLE")),"") | AN14: =IFERROR(IF(AD14="","",IF(ISNUMBER(AD14),IF(COUNTIF(AE14:AM14,"SI")>0,"SI","NO"),AD14)),"")
A15: P03 | B15: P03-01 | D15: =IFERROR(INDEX(DESEMPATE!$D$3:$D$63,MATCH('EXP GEN.'!B15,DESEMPATE!$C$3:$C$63,0)),"") -> INCGROUP SAS | E15: =IFERROR(IF(D15="","",IF(VLOOKUP(D15,DESEMPATE!D$3:$E$19,2,FALSE)=1,"N/A",IF(VLOOKUP(D15,DESEMPATE!D$3:$E$19,2,FALSE)>=0.51,"SI","NO"))),"") -> N/A | F15: SI | G15: MINISTERIO DE FOMENTO | H15: ESPAÑA | I15: 588/06 | J15: CONSULTORIA Y ASISTENCIA PARA “INSPECCCIÓN DEL CONTRATO DE CONCESIÓN DE OBRAS PÚBLICAS PARA LA CONSERVACIÓN Y EXPLOTACIÓN DE AUTOVÍAS DE PRIMERA GENERACIÓN. AUTOVIA A-4 DEL SUR, DEL PK9.100 AL 67.500. TRAMO: MADRID-OCAÑA. RED DE CARRETERAS DEL ESTADO”. PROVINCIA DE MADRID | K15: SI | L15: SI | M15: =IFERROR(IF(O15="","",IF(O15>=DATE(1990,1,1),"SI","NO")),"") -> SI | N15: 1 | O15: 39434 | P15: 40894 | Q15: =IF(P15="","",YEAR(P15)) -> 2011 | R15: =IFERROR(INDEX(PARAMETROS!$B$53:$B$101,MATCH(Q15,PARAMETROS!$A$53:$A$101,0)),"") -> 535600 | S15: 2092531.7 | T15: EUR | U15: =IFERROR(IF(T15="","",IF(T15="COP","N/A",IF(OR(T15="USD",T15="US"),1,IF(T15="EUR",VLOOKUP(P15,'SH EURO'!$A$6:$B$10372,2,FALSE),"INGRESAR TASA")))),"") -> 1.30307 | V15: =IFERROR(IF(S15="","",IF(U15="INGRESAR TASA","INGRESAR TASA USD",IF(U15="N/A","N/A",U15*S15))),"") -> 2726715.3 | W15: =IFERROR(IF(T15="","",IF(T15="COP",1,IF(U15<>"N/A",VLOOKUP(P15,'SH TRM'!$A$9:$B$100372,2,FALSE),"REVISAR"))),"") -> 1935.64 | X15: =IFERROR(IF(W15<>"",IF(T15<>"COP",V15*W15,S15),""),"") -> 5.2779392e+09 | Y15: =IFERROR(X15/R15,"") -> 9854.2555 | Z15: =IFERROR(IF(OR(K15="",K15="NO"),"",IF(F15="SI",IFERROR(Y15*N15,""),"")),"") -> 9854.2555 | AA15: =IFERROR(IF(COUNTIF(Z15:Z20,"")=6,"",IF(SUM(Z15:Z20)>=CM001M1,"CUMPLE","NO CUMPLE")),"") -> CUMPLE | AB15: =IFERROR(IF(COUNTIF(Z15:Z20,"")=6,"",IF(COUNTIF(E15:E20,"N/A")>0,IF(SUMIF(E15:E20,"N/A",Z15:Z20)>=CM001LM1,"CUMPLE","NO CUMPLE"),IF(SUMIF(E15:E20,"SI",Z15:Z20)>=CM001LM1,"CUMPLE","NO CUMPLE"))),"") -> CUMPLE | AC15: =IFERROR(IF(Z15="","",IF(Z15>=CM001EMM1,"CUMPLE","NO CUMPLE")),"") -> CUMPLE | AD15: MATRIZ | AN15: =IFERROR(IF(AD15="","",IF(ISNUMBER(AD15),IF(COUNTIF(AE15:AM15,"SI")>0,"SI","NO"),AD15)),"") -> MATRIZ | AO15: HÁBIL
B16: P03-01 | D16: =IFERROR(INDEX(DESEMPATE!$D$3:$D$63,MATCH('EXP GEN.'!B16,DESEMPATE!$C$3:$C$63,0)),"") -> INCGROUP SAS | E16: =IFERROR(IF(D16="","",IF(VLOOKUP(D16,DESEMPATE!D$3:$E$19,2,FALSE)=1,"N/A",IF(VLOOKUP(D16,DESEMPATE!D$3:$E$19,2,FALSE)>=0.51,"SI","NO"))),"") -> N/A | F16: SI | G16: INSTITUTO DE DESARROLLO URBANO | H16: COLOMBIA | I16: 174 DE 2007 | J16: INTERVENTORIA TÉCNICA, ADMINISTRATIVA, FINANCIERA, AMBIENTAL Y SOCIAL PARA LA EJECUCIÓN DE LA TOTALIDAD DE LAS OBRAS DE CONSTRUCCIÓN Y TODAS LAS ACTIVIDADES NECESARIAS PARA LA ADECUACIÓN DE LA CALLE 26 (AVENIDA JORGE ELIÉCER GAITÁN) AL SISTEMA TRANSMILENIO, EN EL TRAMO 3 COMPRENDIDO ENTRE LA TRANSVERSAL 76 Y LA CARRERA 42B Y EN EL TRAMO 4 COPRENDIDO ENTRE LA CARRERA 42B Y LA CARRERA 19, GRUPO 4 DE LA LICITACIÓN NÚMERO IDU-LP-DG-022-2007, EN BOGOTÁ D.C. | K16: SI | L16: SI | M16: =IFERROR(IF(O16="","",IF(O16>=DATE(1990,1,1),"SI","NO")),"") -> SI | N16: 0.65 | O16: 39615 | P16: 41152 | Q16: =IF(P16="","",YEAR(P16)) -> 2012 | R16: =IFERROR(INDEX(PARAMETROS!$B$53:$B$101,MATCH(Q16,PARAMETROS!$A$53:$A$101,0)),"") -> 566700 | S16: 19784751256 | T16: COP | U16: =IFERROR(IF(T16="","",IF(T16="COP","N/A",IF(OR(T16="USD",T16="US"),1,IF(T16="EUR",VLOOKUP(P16,'SH EURO'!$A$6:$B$10372,2,FALSE),"INGRESAR TASA")))),"") -> N/A | V16: =IFERROR(IF(S16="","",IF(U16="INGRESAR TASA","INGRESAR TASA USD",IF(U16="N/A","N/A",U16*S16))),"") -> N/A | W16: =IFERROR(IF(T16="","",IF(T16="COP",1,IF(U16<>"N/A",VLOOKUP(P16,'SH TRM'!$A$9:$B$100372,2,FALSE),"REVISAR"))),"") -> 1 | X16: =IFERROR(IF(W16<>"",IF(T16<>"COP",V16*W16,S16),""),"") -> 19784751256 | Y16: =IFERROR(X16/R16,"") -> 34912.213 | Z16: =IFERROR(IF(OR(K16="",K16="NO"),"",IF(F16="SI",IFERROR(Y16*N16,""),"")),"") -> 22692.939 | AC16: =IFERROR(IF(Z16="","",IF(Z16>=CM001EMM1,"CUMPLE","NO CUMPLE")),"") -> CUMPLE | AD16: MATRIZ | AN16: =IFERROR(IF(AD16="","",IF(ISNUMBER(AD16),IF(COUNTIF(AE16:AM16,"SI")>0,"SI","NO"),AD16)),"") -> MATRIZ
B17: P03-01 | D17: =IFERROR(INDEX(DESEMPATE!$D$3:$D$63,MATCH('EXP GEN.'!B17,DESEMPATE!$C$3:$C$63,0)),"") -> INCGROUP SAS | E17: =IFERROR(IF(D17="","",IF(VLOOKUP(D17,DESEMPATE!D$3:$E$19,2,FALSE)=1,"N/A",IF(VLOOKUP(D17,DESEMPATE!D$3:$E$19,2,FALSE)>=0.51,"SI","NO"))),"") -> N/A | F17: SI | G17: MINISTERIO DE FOMENTO | H17: ESPAÑA | I17: 12-S-4500 | J17: CONSULTORÍA Y ASISTENCIA TÉCNICA PARA EL CONTROL Y VIGILANCIA DE LAS OBRAS DE CONSTRUCCIÓN: AUTOVÍA DEL CANTÁBRICO A LA MESETA. P.K. 161 AL 171. TRAMO CORRALES DE BUELNA (SUR)-MOLLEDO | K17: SI | L17: SI | M17: =IFERROR(IF(O17="","",IF(O17>=DATE(1990,1,1),"SI","NO")),"") -> SI | N17: 0.5 | O17: 37488 | P17: 38411 | Q17: =IF(P17="","",YEAR(P17)) -> 2005 | R17: =IFERROR(INDEX(PARAMETROS!$B$53:$B$101,MATCH(Q17,PARAMETROS!$A$53:$A$101,0)),"") -> 381500 | S17: 3204774.9 | T17: EUR | U17: =IFERROR(IF(T17="","",IF(T17="COP","N/A",IF(OR(T17="USD",T17="US"),1,IF(T17="EUR",VLOOKUP(P17,'SH EURO'!$A$6:$B$10372,2,FALSE),"INGRESAR TASA")))),"") -> 1.3239 | V17: =IFERROR(IF(S17="","",IF(U17="INGRESAR TASA","INGRESAR TASA USD",IF(U17="N/A","N/A",U17*S17))),"") -> 4242801.5 | W17: =IFERROR(IF(T17="","",IF(T17="COP",1,IF(U17<>"N/A",VLOOKUP(P17,'SH TRM'!$A$9:$B$100372,2,FALSE),"REVISAR"))),"") -> 2323.77 | X17: =IFERROR(IF(W17<>"",IF(T17<>"COP",V17*W17,S17),""),"") -> 9.8592947e+09 | Y17: =IFERROR(X17/R17,"") -> 25843.499 | Z17: =IFERROR(IF(OR(K17="",K17="NO"),"",IF(F17="SI",IFERROR(Y17*N17,""),"")),"") -> 12921.749 | AC17: =IFERROR(IF(Z17="","",IF(Z17>=CM001EMM1,"CUMPLE","NO CUMPLE")),"") -> CUMPLE | AD17: MATRIZ | AN17: =IFERROR(IF(AD17="","",IF(ISNUMBER(AD17),IF(COUNTIF(AE17:AM17,"SI")>0,"SI","NO"),AD17)),"") -> MATRIZ
B18: P03-01 | D18: =IFERROR(INDEX(DESEMPATE!$D$3:$D$63,MATCH('EXP GEN.'!B18,DESEMPATE!$C$3:$C$63,0)),"") -> INCGROUP SAS | E18: =IFERROR(IF(D18="","",IF(VLOOKUP(D18,DESEMPATE!D$3:$E$19,2,FALSE)=1,"N/A",IF(VLOOKUP(D18,DESEMPATE!D$3:$E$19,2,FALSE)>=0.51,"SI","NO"))),"") -> N/A | F18: SI | G18: MINISTERIO DE FOMENTO | H18: ESPAÑA | I18: 23-TO-2760 | J18: CONTROL Y VIGILANCIA DE LAS OBRAS DE CONSTRUCCIÓN: VARIANTE DE POBLACIÓN CN-401, DE MADRID A CIUDAD REAL POR TOLEDO. PK 79.5000 AL PK 81.800. TRAMO BURGUILLOS DE TOLEDO. PROVINCIA DE TOLEDO | K18: SI | L18: SI | M18: =IFERROR(IF(O18="","",IF(O18>=DATE(1990,1,1),"SI","NO")),"") -> SI | N18: 1 | O18: 38210 | P18: 38533 | Q18: =IF(P18="","",YEAR(P18)) -> 2005 | R18: =IFERROR(INDEX(PARAMETROS!$B$53:$B$101,MATCH(Q18,PARAMETROS!$A$53:$A$101,0)),"") -> 381500 | S18: 497582.16 | T18: EUR | U18: =IFERROR(IF(T18="","",IF(T18="COP","N/A",IF(OR(T18="USD",T18="US"),1,IF(T18="EUR",VLOOKUP(P18,'SH EURO'!$A$6:$B$10372,2,FALSE),"INGRESAR TASA")))),"") -> 1.2063 | V18: =IFERROR(IF(S18="","",IF(U18="INGRESAR TASA","INGRESAR TASA USD",IF(U18="N/A","N/A",U18*S18))),"") -> 600233.36 | W18: =IFERROR(IF(T18="","",IF(T18="COP",1,IF(U18<>"N/A",VLOOKUP(P18,'SH TRM'!$A$9:$B$100372,2,FALSE),"REVISAR"))),"") -> 2331.81 | X18: =IFERROR(IF(W18<>"",IF(T18<>"COP",V18*W18,S18),""),"") -> 1.3996302e+09 | Y18: =IFERROR(X18/R18,"") -> 3668.7553 | Z18: =IFERROR(IF(OR(K18="",K18="NO"),"",IF(F18="SI",IFERROR(Y18*N18,""),"")),"") -> 3668.7553 | AC18: =IFERROR(IF(Z18="","",IF(Z18>=CM001EMM1,"CUMPLE","NO CUMPLE")),"") -> CUMPLE | AD18: MATRIZ | AN18: =IFERROR(IF(AD18="","",IF(ISNUMBER(AD18),IF(COUNTIF(AE18:AM18,"SI")>0,"SI","NO"),AD18)),"") -> MATRIZ
D19: =IFERROR(INDEX(DESEMPATE!$D$3:$D$63,MATCH('EXP GEN.'!B19,DESEMPATE!$C$3:$C$63,0)),"") | E19: =IFERROR(IF(D19="","",IF(VLOOKUP(D19,DESEMPATE!D$3:$E$19,2,FALSE)=1,"N/A",IF(VLOOKUP(D19,DESEMPATE!D$3:$E$19,2,FALSE)>=0.51,"SI","NO"))),"") | F19: SI | M19: =IFERROR(IF(O19="","",IF(O19>=DATE(1990,1,1),"SI","NO")),"") | Q19: =IF(P19="","",YEAR(P19)) | R19: =IFERROR(INDEX(PARAMETROS!$B$53:$B$101,MATCH(Q19,PARAMETROS!$A$53:$A$101,0)),"") | U19: =IFERROR(IF(T19="","",IF(T19="COP","N/A",IF(OR(T19="USD",T19="US"),1,IF(T19="EUR",VLOOKUP(P19,'SH EURO'!$A$6:$B$10372,2,FALSE),"INGRESAR TASA")))),"") | V19: =IFERROR(IF(S19="","",IF(U19="INGRESAR TASA","INGRESAR TASA USD",IF(U19="N/A","N/A",U19*S19))),"") | W19: =IFERROR(IF(T19="","",IF(T19="COP",1,IF(U19<>"N/A",VLOOKUP(P19,'SH TRM'!$A$9:$B$100372,2,FALSE),"REVISAR"))),"") | X19: =IFERROR(IF(W19<>"",IF(T19<>"COP",V19*W19,S19),""),"") | Y19: =IFERROR(X19/R19,"") | Z19: =IFERROR(IF(OR(K19="",K19="NO"),"",IF(F19="SI",IFERROR(Y19*N19,""),"")),"") | AC19: =IFERROR(IF(Z19="","",IF(Z19>=CM001EMM1,"CUMPLE","NO CUMPLE")),"") | AN19: =IFERROR(IF(AD19="","",IF(ISNUMBER(AD19),IF(COUNTIF(AE19:AM19,"SI")>0,"SI","NO"),AD19)),"")
D20: =IFERROR(INDEX(DESEMPATE!$D$3:$D$63,MATCH('EXP GEN.'!B20,DESEMPATE!$C$3:$C$63,0)),"") | E20: =IFERROR(IF(D20="","",IF(VLOOKUP(D20,DESEMPATE!D$3:$E$19,2,FALSE)=1,"N/A",IF(VLOOKUP(D20,DESEMPATE!D$3:$E$19,2,FALSE)>=0.51,"SI","NO"))),"") | F20: SI | M20: =IFERROR(IF(O20="","",IF(O20>=DATE(1990,1,1),"SI","NO")),"") | Q20: =IF(P20="","",YEAR(P20)) | R20: =IFERROR(INDEX(PARAMETROS!$B$53:$B$101,MATCH(Q20,PARAMETROS!$A$53:$A$101,0)),"") | U20: =IFERROR(IF(T20="","",IF(T20="COP","N/A",IF(OR(T20="USD",T20="US"),1,IF(T20="EUR",VLOOKUP(P20,'SH EURO'!$A$6:$B$10372,2,FALSE),"INGRESAR TASA")))),"") | V20: =IFERROR(IF(S20="","",IF(U20="INGRESAR TASA","INGRESAR TASA USD",IF(U20="N/A","N/A",U20*S20))),"") | W20: =IFERROR(IF(T20="","",IF(T20="COP",1,IF(U20<>"N/A",VLOOKUP(P20,'SH TRM'!$A$9:$B$100372,2,FALSE),"REVISAR"))),"") | X20: =IFERROR(IF(W20<>"",IF(T20<>"COP",V20*W20,S20),""),"") | Y20: =IFERROR(X20/R20,"") | Z20: =IFERROR(IF(OR(K20="",K20="NO"),"",IF(F20="SI",IFERROR(Y20*N20,""),"")),"") | AC20: =IFERROR(IF(Z20="","",IF(Z20>=CM001EMM1,"CUMPLE","NO CUMPLE")),"") | AN20: =IFERROR(IF(AD20="","",IF(ISNUMBER(AD20),IF(COUNTIF(AE20:AM20,"SI")>0,"SI","NO"),AD20)),"")
A21: P04 | B21: P04-01 | D21: =IFERROR(INDEX(DESEMPATE!$D$3:$D$63,MATCH('EXP GEN.'!B21,DESEMPATE!$C$3:$C$63,0)),"") -> SERVICIOS DE INGENIERÍA Y CONSTRUCCIÓN LIMITADA “SERVINC LTDA | E21: =IFERROR(IF(D21="","",IF(VLOOKUP(D21,DESEMPATE!D$3:$E$19,2,FALSE)=1,"N/A",IF(VLOOKUP(D21,DESEMPATE!D$3:$E$19,2,FALSE)>=0.51,"SI","NO"))),"") -> SI | F21: SI | G21: ANI | H21: COLOMBIA | I21: SEA-016 | J21: INTERVENTORIA INTEGRAL DEL CONTRATO DE CONCESION ,QUE INCLUYE PERO NO SE LIMITA A LA INTERVENTORIA TECNICA ,FINANCIERA,CONTABLE , JURIDICA,MEDIOAMBIENTAL ,SOCIO-PREDIAL, ADMINISTRATIVA ,DE SEGUROS,OPERATIVA Y DE MANTENIIENTO DEL CONTRATO DE CONCESION ,EL CUAL HACE PARTE DEL PROYECTO VIAL RUTA DEL SOL Y QUE CORRESPONDE AL SECTOR 2 ENTRE PUERTO SALGAR- SAN ROQUE. | K21: SI | L21: SI | M21: =IFERROR(IF(O21="","",IF(O21>=DATE(1990,1,1),"SI","NO")),"") -> SI | N21: 0.4 | O21: 41075 | P21: 43100 | Q21: =IF(P21="","",YEAR(P21)) -> 2017 | R21: =IFERROR(INDEX(PARAMETROS!$B$53:$B$101,MATCH(Q21,PARAMETROS!$A$53:$A$101,0)),"") -> 737717 | S21: 51860535716 | T21: COP | U21: =IFERROR(IF(T21="","",IF(T21="COP","N/A",IF(OR(T21="USD",T21="US"),1,IF(T21="EUR",VLOOKUP(P21,'SH EURO'!$A$6:$B$10372,2,FALSE),"INGRESAR TASA")))),"") -> N/A | V21: =IFERROR(IF(S21="","",IF(U21="INGRESAR TASA","INGRESAR TASA USD",IF(U21="N/A","N/A",U21*S21))),"") -> N/A | W21: =IFERROR(IF(T21="","",IF(T21="COP",1,IF(U21<>"N/A",VLOOKUP(P21,'SH TRM'!$A$9:$B$100372,2,FALSE),"REVISAR"))),"") -> 1 | X21: =IFERROR(IF(W21<>"",IF(T21<>"COP",V21*W21,S21),""),"") -> 51860535716 | Y21: =IFERROR(X21/R21,"") -> 70298.686 | Z21: =IFERROR(IF(OR(K21="",K21="NO"),"",IF(F21="SI",IFERROR(Y21*N21,""),"")),"") -> 28119.474 | AA21: =IFERROR(IF(COUNTIF(Z21:Z26,"")=6,"",IF(SUM(Z21:Z26)>=CM001M1,"CUMPLE","NO CUMPLE")),"") -> CUMPLE | AB21: =IFERROR(IF(COUNTIF(Z21:Z26,"")=6,"",IF(COUNTIF(E21:E26,"N/A")>0,IF(SUMIF(E21:E26,"N/A",Z21:Z26)>=CM001LM1,"CUMPLE","NO CUMPLE"),IF(SUMIF(E21:E26,"SI",Z21:Z26)>=CM001LM1,"CUMPLE","NO CUMPLE"))),"") -> CUMPLE | AC21: =IFERROR(IF(Z21="","",IF(Z21>=CM001EMM1,"CUMPLE","NO CUMPLE")),"") -> CUMPLE | AD21: EJECUCION | AN21: =IFERROR(IF(AD21="","",IF(ISNUMBER(AD21),IF(COUNTIF(AE21:AM21,"SI")>0,"SI","NO"),AD21)),"") -> EJECUCION | AO21: HÁBIL
B22: P04-01 | D22: =IFERROR(INDEX(DESEMPATE!$D$3:$D$63,MATCH('EXP GEN.'!B22,DESEMPATE!$C$3:$C$63,0)),"") -> SERVICIOS DE INGENIERÍA Y CONSTRUCCIÓN LIMITADA “SERVINC LTDA | E22: =IFERROR(IF(D22="","",IF(VLOOKUP(D22,DESEMPATE!D$3:$E$19,2,FALSE)=1,"N/A",IF(VLOOKUP(D22,DESEMPATE!D$3:$E$19,2,FALSE)>=0.51,"SI","NO"))),"") -> SI | F22: SI | G22: ANI | H22: COLOMBIA | I22: 160 DE 2014 | J22: INTERVENTORIA TECNICA, ECONOMICA, FINANCIERA, CONTABLE, JURIDICA, ADMINISTRATIVA, OPERATIVA, MEDIO AMBIENTAL Y SOCIO PREDIAL DEL CONTRATO DE CONCESION BAJO UN ESQUEMA DE ASOCIACION PUBLICO PRIVADA DE IP QUE SE DERIVE DEL PROCESO LICITATORIO VE-IP-LP-007-2013 CORRESPONDIENTE AL CORREDOR DENOMINADO CONCESION AUTOPISTA CONEXION PACIFICO 1 DEL PROYECTO AUTOPISTAS PARA LA PROSPERIDAD" | K22: SI | L22: SI | M22: =IFERROR(IF(O22="","",IF(O22>=DATE(1990,1,1),"SI","NO")),"") -> SI | N22: 0.51 | O22: 41951 | P22: 43100 | Q22: =IF(P22="","",YEAR(P22)) -> 2017 | R22: =IFERROR(INDEX(PARAMETROS!$B$53:$B$101,MATCH(Q22,PARAMETROS!$A$53:$A$101,0)),"") -> 737717 | S22: 10941547103 | T22: COP | U22: =IFERROR(IF(T22="","",IF(T22="COP","N/A",IF(OR(T22="USD",T22="US"),1,IF(T22="EUR",VLOOKUP(P22,'SH EURO'!$A$6:$B$10372,2,FALSE),"INGRESAR TASA")))),"") -> N/A | V22: =IFERROR(IF(S22="","",IF(U22="INGRESAR TASA","INGRESAR TASA USD",IF(U22="N/A","N/A",U22*S22))),"") -> N/A | W22: =IFERROR(IF(T22="","",IF(T22="COP",1,IF(U22<>"N/A",VLOOKUP(P22,'SH TRM'!$A$9:$B$100372,2,FALSE),"REVISAR"))),"") -> 1 | X22: =IFERROR(IF(W22<>"",IF(T22<>"COP",V22*W22,S22),""),"") -> 10941547103 | Y22: =IFERROR(X22/R22,"") -> 14831.632 | Z22: =IFERROR(IF(OR(K22="",K22="NO"),"",IF(F22="SI",IFERROR(Y22*N22,""),"")),"") -> 7564.1323 | AC22: =IFERROR(IF(Z22="","",IF(Z22>=CM001EMM1,"CUMPLE","NO CUMPLE")),"") -> CUMPLE | AD22: EJECUCION | AN22: =IFERROR(IF(AD22="","",IF(ISNUMBER(AD22),IF(COUNTIF(AE22:AM22,"SI")>0,"SI","NO"),AD22)),"") -> EJECUCION
B23: P04-01 | D23: =IFERROR(INDEX(DESEMPATE!$D$3:$D$63,MATCH('EXP GEN.'!B23,DESEMPATE!$C$3:$C$63,0)),"") -> SERVICIOS DE INGENIERÍA Y CONSTRUCCIÓN LIMITADA “SERVINC LTDA | E23: =IFERROR(IF(D23="","",IF(VLOOKUP(D23,DESEMPATE!D$3:$E$19,2,FALSE)=1,"N/A",IF(VLOOKUP(D23,DESEMPATE!D$3:$E$19,2,FALSE)>=0.51,"SI","NO"))),"") -> SI | F23: SI | G23: ICCU | H23: COLOMBIA | I23: SOP-V-049-2006 | J23: INTERVENTORIA TECNICA,SOCIO AMBIENTAL,ADMINISTRATIVA Y FINANCIERA DE LOS SIGUIENTES PROYECTOS : 1. REHABILITACION DE LA VIA TENJO - LA PUNTA- SIBERIA-TEMJO-TABIO-CAJICA- MUNICIPIO DE TENJO. 2. MEJORAMIENTO DE LA VIA SUBACHOQUE. 3. ESTUDIOS,DISEÑOS Y PAVIMENTACION DELA VIA CASCO URBANO DE MADRID.- LOS ARBOLES PUENTE PIEDRA EN EL MUNICIPIO DE MADRID. 4......MUNICIPIO DE PACHO DPTO DE CUNDINAMARCA. | K23: SI | L23: SI | M23: =IFERROR(IF(O23="","",IF(O23>=DATE(1990,1,1),"SI","NO")),"") -> SI | N23: 1 | O23: 39021 | P23: 40480 | Q23: =IF(P23="","",YEAR(P23)) -> 2010 | R23: =IFERROR(INDEX(PARAMETROS!$B$53:$B$101,MATCH(Q23,PARAMETROS!$A$53:$A$101,0)),"") -> 515000 | S23: N/A | T23: COP | U23: =IFERROR(IF(T23="","",IF(T23="COP","N/A",IF(OR(T23="USD",T23="US"),1,IF(T23="EUR",VLOOKUP(P23,'SH EURO'!$A$6:$B$10372,2,FALSE),"INGRESAR TASA")))),"") -> N/A | V23: =IFERROR(IF(S23="","",IF(U23="INGRESAR TASA","INGRESAR TASA USD",IF(U23="N/A","N/A",U23*S23))),"") -> N/A | W23: =IFERROR(IF(T23="","",IF(T23="COP",1,IF(U23<>"N/A",VLOOKUP(P23,'SH TRM'!$A$9:$B$100372,2,FALSE),"REVISAR"))),"") -> 1 | X23: =IFERROR(IF(W23<>"",IF(T23<>"COP",V23*W23,S23),""),"") -> N/A | Y23: 10491.31 | Z23: =IFERROR(IF(OR(K23="",K23="NO"),"",IF(F23="SI",IFERROR(Y23*N23,""),"")),"") -> 10491.31 | AC23: =IFERROR(IF(Z23="","",IF(Z23>=CM001EMM1,"CUMPLE","NO CUMPLE")),"") -> CUMPLE | AD23: 19 | AE23: NO | AH23: SI | AK23: SI | AN23: =IFERROR(IF(AD23="","",IF(ISNUMBER(AD23),IF(COUNTIF(AE23:AM23,"SI")>0,"SI","NO"),AD23)),"") -> SI
B24: P04-01 | D24: =IFERROR(INDEX(DESEMPATE!$D$3:$D$63,MATCH('EXP GEN.'!B24,DESEMPATE!$C$3:$C$63,0)),"") -> SERVICIOS DE INGENIERÍA Y CONSTRUCCIÓN LIMITADA “SERVINC LTDA | E24: =IFERROR(IF(D24="","",IF(VLOOKUP(D24,DESEMPATE!D$3:$E$19,2,FALSE)=1,"N/A",IF(VLOOKUP(D24,DESEMPATE!D$3:$E$19,2,FALSE)>=0.51,"SI","NO"))),"") -> SI | F24: SI | G24: TRANSCARIBE | H24: COLOMBIA | I24: TC-CPN-001-2013 | J24: INTERVENTORIA TECNICA,ADMINISTRATIVA,FINANCIERA,CONTABLE,AMBIENTAL Y JURIDICA DEL CONTRATO DE OBRA CUYO OBJETO ES LA CONSTRUCCION DE LA PRIMERA ETAPA DE LAS OBRAS FALTANTES DEL TRAMO 5A,COMPRENDIDO ENTRE EL SECTOR DEL MERCADO DE BAZURTO HASTA LA SUBIDA....SIN FORMULA DE REAJUSTE. | K24: SI | L24: SI | M24: =IFERROR(IF(O24="","",IF(O24>=DATE(1990,1,1),"SI","NO")),"") -> SI | N24: 0.6 | O24: 41543 | P24: 42114 | Q24: =IF(P24="","",YEAR(P24)) -> 2015 | R24: =IFERROR(INDEX(PARAMETROS!$B$53:$B$101,MATCH(Q24,PARAMETROS!$A$53:$A$101,0)),"") -> 644350 | S24: N/A | T24: COP | U24: =IFERROR(IF(T24="","",IF(T24="COP","N/A",IF(OR(T24="USD",T24="US"),1,IF(T24="EUR",VLOOKUP(P24,'SH EURO'!$A$6:$B$10372,2,FALSE),"INGRESAR TASA")))),"") -> N/A | V24: =IFERROR(IF(S24="","",IF(U24="INGRESAR TASA","INGRESAR TASA USD",IF(U24="N/A","N/A",U24*S24))),"") -> N/A | W24: =IFERROR(IF(T24="","",IF(T24="COP",1,IF(U24<>"N/A",VLOOKUP(P24,'SH TRM'!$A$9:$B$100372,2,FALSE),"REVISAR"))),"") -> 1 | X24: =IFERROR(IF(W24<>"",IF(T24<>"COP",V24*W24,S24),""),"") -> N/A | Y24: 5687.45 | Z24: =IFERROR(IF(OR(K24="",K24="NO"),"",IF(F24="SI",IFERROR(Y24*N24,""),"")),"") -> 3412.47 | AC24: =IFERROR(IF(Z24="","",IF(Z24>=CM001EMM1,"CUMPLE","NO CUMPLE")),"") -> CUMPLE | AD24: 85 | AE24: NO | AH24: SI | AK24: SI | AN24: =IFERROR(IF(AD24="","",IF(ISNUMBER(AD24),IF(COUNTIF(AE24:AM24,"SI")>0,"SI","NO"),AD24)),"") -> SI
B25: P04-01 | D25: =IFERROR(INDEX(DESEMPATE!$D$3:$D$63,MATCH('EXP GEN.'!B25,DESEMPATE!$C$3:$C$63,0)),"") -> SERVICIOS DE INGENIERÍA Y CONSTRUCCIÓN LIMITADA “SERVINC LTDA | E25: =IFERROR(IF(D25="","",IF(VLOOKUP(D25,DESEMPATE!D$3:$E$19,2,FALSE)=1,"N/A",IF(VLOOKUP(D25,DESEMPATE!D$3:$E$19,2,FALSE)>=0.51,"SI","NO"))),"") -> SI | F25: SI | G25: INVIAS | H25: COLOMBIA | I25: 2083 DE 2014 | J25: INTERVENTORIA PARA EL MEJORAMIENTO Y REHABILITACION DE LA PRIMERA CALZADA DE LA VIA CIRCUNVALAR DE BARRANQUILLA | K25: SI | L25: SI | M25: =IFERROR(IF(O25="","",IF(O25>=DATE(1990,1,1),"SI","NO")),"") -> SI | N25: 1 | O25: 42004 | P25: 42755 | Q25: =IF(P25="","",YEAR(P25)) -> 2017 | R25: =IFERROR(INDEX(PARAMETROS!$B$53:$B$101,MATCH(Q25,PARAMETROS!$A$53:$A$101,0)),"") -> 737717 | S25: N/A | T25: COP | U25: =IFERROR(IF(T25="","",IF(T25="COP","N/A",IF(OR(T25="USD",T25="US"),1,IF(T25="EUR",VLOOKUP(P25,'SH EURO'!$A$6:$B$10372,2,FALSE),"INGRESAR TASA")))),"") -> N/A | V25: =IFERROR(IF(S25="","",IF(U25="INGRESAR TASA","INGRESAR TASA USD",IF(U25="N/A","N/A",U25*S25))),"") -> N/A | W25: =IFERROR(IF(T25="","",IF(T25="COP",1,IF(U25<>"N/A",VLOOKUP(P25,'SH TRM'!$A$9:$B$100372,2,FALSE),"REVISAR"))),"") -> 1 | X25: =IFERROR(IF(W25<>"",IF(T25<>"COP",V25*W25,S25),""),"") -> N/A | Y25: 3052.91 | Z25: =IFERROR(IF(OR(K25="",K25="NO"),"",IF(F25="SI",IFERROR(Y25*N25,""),"")),"") -> 3052.91 | AC25: =IFERROR(IF(Z25="","",IF(Z25>=CM001EMM1,"CUMPLE","NO CUMPLE")),"") -> CUMPLE | AD25: 108 | AE25: SI | AH25: SI | AK25: SI | AN25: =IFERROR(IF(AD25="","",IF(ISNUMBER(AD25),IF(COUNTIF(AE25:AM25,"SI")>0,"SI","NO"),AD25)),"") -> SI
B26: P04-02 | D26: =IFERROR(INDEX(DESEMPATE!$D$3:$D$63,MATCH('EXP GEN.'!B26,DESEMPATE!$C$3:$C$63,0)),"") -> ECG COLOMBIA S.A.S | E26: =IFERROR(IF(D26="","",IF(VLOOKUP(D26,DESEMPATE!D$3:$E$19,2,FALSE)=1,"N/A",IF(VLOOKUP(D26,DESEMPATE!D$3:$E$19,2,FALSE)>=0.51,"SI","NO"))),"") -> NO | F26: SI | G26: MINISTERIO DE FOMENTO DIRECCIÓN GENERAL DE CARRETERAS - DEMARCACION DE CARRETERAS DEL ESTADO DE CANTABRIA | H26: ESPAÑA | I26: AT-S-4080 | J26: ASISTENCIA TÉCNICA PARA EL CONTROL Y VIGILANCIA DE LAS OBRAS DE "DISTRIBUIDOR LA MARGA - LA ALBERICIA. TRAMO: CARRETERA N-611 - AUTOVÍA S-20, PROVINCIA DE CANTABRIA" | K26: SI | L26: SI | M26: =IFERROR(IF(O26="","",IF(O26>=DATE(1990,1,1),"SI","NO")),"") -> SI | N26: 1 | O26: 39268 | P26: 40968 | Q26: =IF(P26="","",YEAR(P26)) -> 2012 | R26: =IFERROR(INDEX(PARAMETROS!$B$53:$B$101,MATCH(Q26,PARAMETROS!$A$53:$A$101,0)),"") -> 566700 | S26: N/A | T26: EUR | U26: =IFERROR(IF(T26="","",IF(T26="COP","N/A",IF(OR(T26="USD",T26="US"),1,IF(T26="EUR",VLOOKUP(P26,'SH EURO'!$A$6:$B$10372,2,FALSE),"INGRESAR TASA")))),"") -> 1.34309 | V26: N/A | W26: =IFERROR(IF(T26="","",IF(T26="COP",1,IF(U26<>"N/A",VLOOKUP(P26,'SH TRM'!$A$9:$B$100372,2,FALSE),"REVISAR"))),"") -> 1767.83 | X26: N/A | Y26: 8975.45 | Z26: =IFERROR(IF(OR(K26="",K26="NO"),"",IF(F26="SI",IFERROR(Y26*N26,""),"")),"") -> 8975.45 | AC26: =IFERROR(IF(Z26="","",IF(Z26>=CM001EMM1,"CUMPLE","NO CUMPLE")),"") -> CUMPLE | AD26: 18 | AE26: SI | AH26: SI | AK26: NO | AN26: =IFERROR(IF(AD26="","",IF(ISNUMBER(AD26),IF(COUNTIF(AE26:AM26,"SI")>0,"SI","NO"),AD26)),"") -> SI
A27: P05 | B27: P05-01 | D27: =IFERROR(INDEX(DESEMPATE!$D$3:$D$63,MATCH('EXP GEN.'!B27,DESEMPATE!$C$3:$C$63,0)),"") -> GESTION INTEGRAL DEL SUELO SL COLOMBIA "GIS" | E27: =IFERROR(IF(D27="","",IF(VLOOKUP(D27,DESEMPATE!D$3:$E$19,2,FALSE)=1,"N/A",IF(VLOOKUP(D27,DESEMPATE!D$3:$E$19,2,FALSE)>=0.51,"SI","NO"))),"") -> N/A | F27: SI | G27: ADIF | H27: ESPAÑA | I27: CON 033/10 | J27: SERVICIOS DE ASISTENCIA PARA EL CONTROL DE LAS OBRAS DE PLATAFORMA DE LA LINEA DE ALTA VELOCIDAD - GRANADA. TRAMO: NUDO DE BOBADILLA - ANTEQUERA" | K27: SI | L27: SI | M27: =IFERROR(IF(O27="","",IF(O27>=DATE(1990,1,1),"SI","NO")),"") -> SI | N27: 0.4 | O27: 40735 | P27: 42350 | Q27: =IF(P27="","",YEAR(P27)) -> 2015 | R27: =IFERROR(INDEX(PARAMETROS!$B$53:$B$101,MATCH(Q27,PARAMETROS!$A$53:$A$101,0)),"") -> 644350 | S27: N/A | T27: EUR | U27: =IFERROR(IF(T27="","",IF(T27="COP","N/A",IF(OR(T27="USD",T27="US"),1,IF(T27="EUR",VLOOKUP(P27,'SH EURO'!$A$6:$B$10372,2,FALSE),"INGRESAR TASA")))),"") -> 1.09584 | V27: N/A | W27: =IFERROR(IF(T27="","",IF(T27="COP",1,IF(U27<>"N/A",VLOOKUP(P27,'SH TRM'!$A$9:$B$100372,2,FALSE),"REVISAR"))),"") -> 3299.36 | X27: N/A | Y27: 6702.6 | Z27: 6702.6 | AA27: =IFERROR(IF(COUNTIF(Z27:Z32,"")=6,"",IF(SUM(Z27:Z32)>=CM001M1,"CUMPLE","NO CUMPLE")),"") -> CUMPLE | AB27: =IFERROR(IF(COUNTIF(Z27:Z32,"")=6,"",IF(COUNTIF(E27:E32,"N/A")>0,IF(SUMIF(E27:E32,"N/A",Z27:Z32)>=CM001LM1,"CUMPLE","NO CUMPLE"),IF(SUMIF(E27:E32,"SI",Z27:Z32)>=CM001LM1,"CUMPLE","NO CUMPLE"))),"") -> CUMPLE | AC27: =IFERROR(IF(Z27="","",IF(Z27>=CM001EMM1,"CUMPLE","NO CUMPLE")),"") -> CUMPLE | AD27: 47 | AE27: NO | AH27: SI | AK27: NO | AN27: =IFERROR(IF(AD27="","",IF(ISNUMBER(AD27),IF(COUNTIF(AE27:AM27,"SI")>0,"SI","NO"),AD27)),"") -> SI | AO27: HÁBIL
B28: P05-01 | D28: =IFERROR(INDEX(DESEMPATE!$D$3:$D$63,MATCH('EXP GEN.'!B28,DESEMPATE!$C$3:$C$63,0)),"") -> GESTION INTEGRAL DEL SUELO SL COLOMBIA "GIS" | E28: =IFERROR(IF(D28="","",IF(VLOOKUP(D28,DESEMPATE!D$3:$E$19,2,FALSE)=1,"N/A",IF(VLOOKUP(D28,DESEMPATE!D$3:$E$19,2,FALSE)>=0.51,"SI","NO"))),"") -> N/A | F28: SI | G28: ANI | H28: COLOMBIA | I28: 469 DE 2015 | J28: REALIZAR LA INTERVENTORÍA INTEGRAL QUE INCLUYE PERO NO SE LIMITA A LA INTERVENTORÍA TÉCNICA, ECONÓMICA, FINANCIERA, CONTABLE, JURÍDICA, ADMINISTRATIVA, OPERATIVA, MEDIO AMBIENTAL Y SOCIO PREDIAL DEL CONTRATO DE CONCESIÓN BAJO EL ESQUEMA DE ASOCIACIÓN PÚBLICO PRIVADA DE LA INICIATIVA PRIVADA CUYO OBJETO ES "REALIZAR LOS ESTUDIOS Y DISEÑOS DEFINITIVOS, FINANCIACIÓN, GESTIÓN AMBIENTAL, PREDIAL Y SOCIAL, CONSTRUCCIÓN, MEJORAMIENTO, REHABILITACIÓN, OPERACIÓN, MANTENIMIENTO Y REVERSIÓN DEL CORREDOR VIAL BUCARAMANGA - BARRANCABERMEJA - YONDÓ. | K28: SI | L28: SI | M28: =IFERROR(IF(O28="","",IF(O28>=DATE(1990,1,1),"SI","NO")),"") -> SI | N28: 0.49 | O28: 42290 | P28: 43100 | Q28: =IF(P28="","",YEAR(P28)) -> 2017 | R28: =IFERROR(INDEX(PARAMETROS!$B$53:$B$101,MATCH(Q28,PARAMETROS!$A$53:$A$101,0)),"") -> 737717 | S28: 9747062981 | T28: COP | U28: =IFERROR(IF(T28="","",IF(T28="COP","N/A",IF(OR(T28="USD",T28="US"),1,IF(T28="EUR",VLOOKUP(P28,'SH EURO'!$A$6:$B$10372,2,FALSE),"INGRESAR TASA")))),"") -> N/A | V28: =IFERROR(IF(S28="","",IF(U28="INGRESAR TASA","INGRESAR TASA USD",IF(U28="N/A","N/A",U28*S28))),"") -> N/A | W28: =IFERROR(IF(T28="","",IF(T28="COP",1,IF(U28<>"N/A",VLOOKUP(P28,'SH TRM'!$A$9:$B$100372,2,FALSE),"REVISAR"))),"") -> 1 | X28: =IFERROR(IF(W28<>"",IF(T28<>"COP",V28*W28,S28),""),"") -> 9747062981 | Y28: =IFERROR(X28/R28,"") -> 13212.469 | Z28: =IFERROR(IF(OR(K28="",K28="NO"),"",IF(F28="SI",IFERROR(Y28*N28,""),"")),"") -> 6474.1098 | AC28: =IFERROR(IF(Z28="","",IF(Z28>=CM001EMM1,"CUMPLE","NO CUMPLE")),"") -> CUMPLE | AD28: EJECUCION | AN28: =IFERROR(IF(AD28="","",IF(ISNUMBER(AD28),IF(COUNTIF(AE28:AM28,"SI")>0,"SI","NO"),AD28)),"") -> EJECUCION
B29: P05-01 | D29: =IFERROR(INDEX(DESEMPATE!$D$3:$D$63,MATCH('EXP GEN.'!B29,DESEMPATE!$C$3:$C$63,0)),"") -> GESTION INTEGRAL DEL SUELO SL COLOMBIA "GIS" | E29: =IFERROR(IF(D29="","",IF(VLOOKUP(D29,DESEMPATE!D$3:$E$19,2,FALSE)=1,"N/A",IF(VLOOKUP(D29,DESEMPATE!D$3:$E$19,2,FALSE)>=0.51,"SI","NO"))),"") -> N/A | F29: SI | G29: AYUNTAMIENTO DE MADRID | H29: ESPAÑA | I29: SIN | J29: ASISTENCIA TÉCNICA PARA LA SUPERVISIÓN, CONTROL Y VIGILANCIA DE LAS OBRAS DE REHABILITACIÓN, MANTENIMIENTO Y REPAVIMENTACIÓN DE VÍAS URBANAS PRINCIPALES, TODAS ELLAS PAVIMENTADAS CON PAVIMENTO ASFÁLTICO, INCLUÍDAS SUS REDES SUBTERRANEAS DE SERVICIOS PÚBLICOS DOMICILIARIOS. | K29: SI | L29: SI | M29: =IFERROR(IF(O29="","",IF(O29>=DATE(1990,1,1),"SI","NO")),"") -> SI | N29: 1 | O29: 37573 | P29: 39407 | Q29: =IF(P29="","",YEAR(P29)) -> 2007 | R29: =IFERROR(INDEX(PARAMETROS!$B$53:$B$101,MATCH(Q29,PARAMETROS!$A$53:$A$101,0)),"") -> 433700 | S29: N/A | T29: EUR | U29: =IFERROR(IF(T29="","",IF(T29="COP","N/A",IF(OR(T29="USD",T29="US"),1,IF(T29="EUR",VLOOKUP(P29,'SH EURO'!$A$6:$B$10372,2,FALSE),"INGRESAR TASA")))),"") -> 1.47229 | V29: N/A | W29: =IFERROR(IF(T29="","",IF(T29="COP",1,IF(U29<>"N/A",VLOOKUP(P29,'SH TRM'!$A$9:$B$100372,2,FALSE),"REVISAR"))),"") -> 2056.28 | X29: N/A | Y29: 6597.06 | Z29: =IFERROR(IF(OR(K29="",K29="NO"),"",IF(F29="SI",IFERROR(Y29*N29,""),"")),"") -> 6597.06 | AC29: =IFERROR(IF(Z29="","",IF(Z29>=CM001EMM1,"CUMPLE","NO CUMPLE")),"") -> CUMPLE | AD29: 7 | AE29: NO | AH29: SI | AK29: NO | AN29: =IFERROR(IF(AD29="","",IF(ISNUMBER(AD29),IF(COUNTIF(AE29:AM29,"SI")>0,"SI","NO"),AD29)),"") -> SI
B30: P05-01 | D30: =IFERROR(INDEX(DESEMPATE!$D$3:$D$63,MATCH('EXP GEN.'!B30,DESEMPATE!$C$3:$C$63,0)),"") -> GESTION INTEGRAL DEL SUELO SL COLOMBIA "GIS" | E30: =IFERROR(IF(D30="","",IF(VLOOKUP(D30,DESEMPATE!D$3:$E$19,2,FALSE)=1,"N/A",IF(VLOOKUP(D30,DESEMPATE!D$3:$E$19,2,FALSE)>=0.51,"SI","NO"))),"") -> N/A | F30: SI | G30: AYUNTAMIENTO DE MADRID | H30: ESPAÑA | I30: SIN | J30: SUPERVISIÓN, CONTROL Y VIGILANCIA DE LAS OBRAS DE REHABILITACIÓN, MANTENIMIENTO Y REPARACIÓN DE VÍAS URBANAS PRINCIPALES, TODAS ELLAS PAVIMENTADAS CON PAVIMENTO ASFÁLTICO, INCLUIDAS SUS REDES SUBTERRÁNEAS DE SERVICIOS PÚBLICOS DOMICILIARIOS. | K30: SI | L30: SI | M30: =IFERROR(IF(O30="","",IF(O30>=DATE(1990,1,1),"SI","NO")),"") -> SI | N30: 1 | O30: 38260 | P30: 39043 | Q30: =IF(P30="","",YEAR(P30)) -> 2006 | R30: =IFERROR(INDEX(PARAMETROS!$B$53:$B$101,MATCH(Q30,PARAMETROS!$A$53:$A$101,0)),"") -> 408000 | S30: N/A | T30: EUR | U30: =IFERROR(IF(T30="","",IF(T30="COP","N/A",IF(OR(T30="USD",T30="US"),1,IF(T30="EUR",VLOOKUP(P30,'SH EURO'!$A$6:$B$10372,2,FALSE),"INGRESAR TASA")))),"") -> 1.28182 | V30: N/A | W30: =IFERROR(IF(T30="","",IF(T30="COP",1,IF(U30<>"N/A",VLOOKUP(P30,'SH TRM'!$A$9:$B$100372,2,FALSE),"REVISAR"))),"") -> 2282.67 | X30: N/A | Y30: 12333.21 | Z30: =IFERROR(IF(OR(K30="",K30="NO"),"",IF(F30="SI",IFERROR(Y30*N30,""),"")),"") -> 12333.21 | AC30: =IFERROR(IF(Z30="","",IF(Z30>=CM001EMM1,"CUMPLE","NO CUMPLE")),"") -> CUMPLE | AD30: 15 | AE30: NO | AH30: SI | AK30: NO | AN30: =IFERROR(IF(AD30="","",IF(ISNUMBER(AD30),IF(COUNTIF(AE30:AM30,"SI")>0,"SI","NO"),AD30)),"") -> SI
D31: =IFERROR(INDEX(DESEMPATE!$D$3:$D$63,MATCH('EXP GEN.'!B31,DESEMPATE!$C$3:$C$63,0)),"") | E31: =IFERROR(IF(D31="","",IF(VLOOKUP(D31,DESEMPATE!D$3:$E$19,2,FALSE)=1,"N/A",IF(VLOOKUP(D31,DESEMPATE!D$3:$E$19,2,FALSE)>=0.51,"SI","NO"))),"") | F31: SI | M31: =IFERROR(IF(O31="","",IF(O31>=DATE(1990,1,1),"SI","NO")),"") | Q31: =IF(P31="","",YEAR(P31)) | R31: =IFERROR(INDEX(PARAMETROS!$B$53:$B$101,MATCH(Q31,PARAMETROS!$A$53:$A$101,0)),"") | U31: =IFERROR(IF(T31="","",IF(T31="COP","N/A",IF(OR(T31="USD",T31="US"),1,IF(T31="EUR",VLOOKUP(P31,'SH EURO'!$A$6:$B$10372,2,FALSE),"INGRESAR TASA")))),"") | V31: =IFERROR(IF(S31="","",IF(U31="INGRESAR TASA","INGRESAR TASA USD",IF(U31="N/A","N/A",U31*S31))),"") | W31: =IFERROR(IF(T31="","",IF(T31="COP",1,IF(U31<>"N/A",VLOOKUP(P31,'SH TRM'!$A$9:$B$100372,2,FALSE),"REVISAR"))),"") | X31: =IFERROR(IF(W31<>"",IF(T31<>"COP",V31*W31,S31),""),"") | Z31: =IFERROR(IF(OR(K31="",K31="NO"),"",IF(F31="SI",IFERROR(Y31*N31,""),"")),"") | AC31: =IFERROR(IF(Z31="","",IF(Z31>=CM001EMM1,"CUMPLE","NO CUMPLE")),"") | AN31: =IFERROR(IF(AD31="","",IF(ISNUMBER(AD31),IF(COUNTIF(AE31:AM31,"SI")>0,"SI","NO"),AD31)),"")
D32: =IFERROR(INDEX(DESEMPATE!$D$3:$D$63,MATCH('EXP GEN.'!B32,DESEMPATE!$C$3:$C$63,0)),"") | E32: =IFERROR(IF(D32="","",IF(VLOOKUP(D32,DESEMPATE!D$3:$E$19,2,FALSE)=1,"N/A",IF(VLOOKUP(D32,DESEMPATE!D$3:$E$19,2,FALSE)>=0.51,"SI","NO"))),"") | F32: SI | M32: =IFERROR(IF(O32="","",IF(O32>=DATE(1990,1,1),"SI","NO")),"") | Q32: =IF(P32="","",YEAR(P32)) | R32: =IFERROR(INDEX(PARAMETROS!$B$53:$B$101,MATCH(Q32,PARAMETROS!$A$53:$A$101,0)),"") | U32: =IFERROR(IF(T32="","",IF(T32="COP","N/A",IF(OR(T32="USD",T32="US"),1,IF(T32="EUR",VLOOKUP(P32,'SH EURO'!$A$6:$B$10372,2,FALSE),"INGRESAR TASA")))),"") | V32: =IFERROR(IF(S32="","",IF(U32="INGRESAR TASA","INGRESAR TASA USD",IF(U32="N/A","N/A",U32*S32))),"") | W32: =IFERROR(IF(T32="","",IF(T32="COP",1,IF(U32<>"N/A",VLOOKUP(P32,'SH TRM'!$A$9:$B$100372,2,FALSE),"REVISAR"))),"") | X32: =IFERROR(IF(W32<>"",IF(T32<>"COP",V32*W32,S32),""),"") | Y32: =IFERROR(X32/R32,"") | Z32: =IFERROR(IF(OR(K32="",K32="NO"),"",IF(F32="SI",IFERROR(Y32*N32,""),"")),"") | AC32: =IFERROR(IF(Z32="","",IF(Z32>=CM001EMM1,"CUMPLE","NO CUMPLE")),"") | AN32: =IFERROR(IF(AD32="","",IF(ISNUMBER(AD32),IF(COUNTIF(AE32:AM32,"SI")>0,"SI","NO"),AD32)),"")
A33: P06 | B33: P06-01 | D33: =IFERROR(INDEX(DESEMPATE!$D$3:$D$63,MATCH('EXP GEN.'!B33,DESEMPATE!$C$3:$C$63,0)),"") -> INGENIERIA DE PROYECTOS SAS | E33: =IFERROR(IF(D33="","",IF(VLOOKUP(D33,DESEMPATE!D$3:$E$19,2,FALSE)=1,"N/A",IF(VLOOKUP(D33,DESEMPATE!D$3:$E$19,2,FALSE)>=0.51,"SI","NO"))),"") -> SI | F33: SI | G33: INVIAS | H33: COLOMBIA | I33: 1948 DE 2004 | J33: INTERVENTORIA DEL MEJORAMIENTO Y MANTENIMIENTO INTEGRAL DE LA RUTA BUENAVENTURA-BUGA DEL CORREDOR VIAL DEL PACIFICO (INCLUIDO EL MANTENIMIENTO RUTINARIO, LA SEÑALIZACIÓN, EL MONITOREO Y VIGILANCIA Y LOS CONTEOS DE TRANSITO Y RUTA 40 TRAMO 4001 | K33: SI | L33: SI | M33: =IFERROR(IF(O33="","",IF(O33>=DATE(1990,1,1),"SI","NO")),"") -> SI | N33: 0.5 | O33: 38338 | P33: 40296 | Q33: =IF(P33="","",YEAR(P33)) -> 2010 | R33: =IFERROR(INDEX(PARAMETROS!$B$53:$B$101,MATCH(Q33,PARAMETROS!$A$53:$A$101,0)),"") -> 515000 | S33: N/A | T33: COP | U33: =IFERROR(IF(T33="","",IF(T33="COP","N/A",IF(OR(T33="USD",T33="US"),1,IF(T33="EUR",VLOOKUP(P33,'SH EURO'!$A$6:$B$10372,2,FALSE),"INGRESAR TASA")))),"") -> N/A | V33: =IFERROR(IF(S33="","",IF(U33="INGRESAR TASA","INGRESAR TASA USD",IF(U33="N/A","N/A",U33*S33))),"") -> N/A | W33: =IFERROR(IF(T33="","",IF(T33="COP",1,IF(U33<>"N/A",VLOOKUP(P33,'SH TRM'!$A$9:$B$100372,2,FALSE),"REVISAR"))),"") -> 1 | X33: =IFERROR(IF(W33<>"",IF(T33<>"COP",V33*W33,S33),""),"") -> N/A | Y33: 10895.16 | Z33: =IFERROR(IF(OR(K33="",K33="NO"),"",IF(F33="SI",IFERROR(Y33*N33,""),"")),"") -> 5447.58 | AA33: =IFERROR(IF(COUNTIF(Z33:Z38,"")=6,"",IF(SUM(Z33:Z38)>=CM001M1,"CUMPLE","NO CUMPLE")),"") -> CUMPLE | AB33: =IFERROR(IF(COUNTIF(Z33:Z38,"")=6,"",IF(COUNTIF(E33:E38,"N/A")>0,IF(SUMIF(E33:E38,"N/A",Z33:Z38)>=CM001LM1,"CUMPLE","NO CUMPLE"),IF(SUMIF(E33:E38,"SI",Z33:Z38)>=CM001LM1,"CUMPLE","NO CUMPLE"))),"") -> CUMPLE | AC33: =IFERROR(IF(Z33="","",IF(Z33>=CM001EMM1,"CUMPLE","NO CUMPLE")),"") -> CUMPLE | AD33: 109 | AE33: SI | AH33: SI | AK33: SI | AN33: =IFERROR(IF(AD33="","",IF(ISNUMBER(AD33),IF(COUNTIF(AE33:AM33,"SI")>0,"SI","NO"),AD33)),"") -> SI | AO33: HÁBIL
B34: P06-01 | D34: =IFERROR(INDEX(DESEMPATE!$D$3:$D$63,MATCH('EXP GEN.'!B34,DESEMPATE!$C$3:$C$63,0)),"") -> INGENIERIA DE PROYECTOS SAS | E34: =IFERROR(IF(D34="","",IF(VLOOKUP(D34,DESEMPATE!D$3:$E$19,2,FALSE)=1,"N/A",IF(VLOOKUP(D34,DESEMPATE!D$3:$E$19,2,FALSE)>=0.51,"SI","NO"))),"") -> SI | F34: SI | G34: FONDO DE DESARROLLO LOCAL DE BOSA | H34: COLOMBIA | I34: 147 DE 2011 | J34: REALIZAR LA NTERVENTORIA TÉCNICA, ADMINISTRATIVA Y FINANCIERA DEL CONTRATO QUE RESULTE DE LA LICITACION PÚBLICA No. 075-2011 QUE ACTUALMENTE ADELANTA EL FONDO DE DESARROLLO LOCAL DE BOSA PARA EL MEJORAMIENTO DE LA MALLA VIAL LOCAL A TRAVES DE 2 ACCIONES: 1. MANTENIMIENTO A TRAVES DEL SISTEMA DE FRESADO ESTABILIZADO O/Y OTROS ADITIVOS DE ESTABILIZACIÓN 2. CONSTRUCCIÓN DE VÍAS DEL BARRIO VILLA EMMA | K34: SI | L34: SI | M34: =IFERROR(IF(O34="","",IF(O34>=DATE(1990,1,1),"SI","NO")),"") -> SI | N34: 1 | O34: 40899 | P34: 41446 | Q34: =IF(P34="","",YEAR(P34)) -> 2013 | R34: =IFERROR(INDEX(PARAMETROS!$B$53:$B$101,MATCH(Q34,PARAMETROS!$A$53:$A$101,0)),"") -> 589500 | S34: N/A | T34: COP | U34: =IFERROR(IF(T34="","",IF(T34="COP","N/A",IF(OR(T34="USD",T34="US"),1,IF(T34="EUR",VLOOKUP(P34,'SH EURO'!$A$6:$B$10372,2,FALSE),"INGRESAR TASA")))),"") -> N/A | V34: =IFERROR(IF(S34="","",IF(U34="INGRESAR TASA","INGRESAR TASA USD",IF(U34="N/A","N/A",U34*S34))),"") -> N/A | W34: =IFERROR(IF(T34="","",IF(T34="COP",1,IF(U34<>"N/A",VLOOKUP(P34,'SH TRM'!$A$9:$B$100372,2,FALSE),"REVISAR"))),"") -> 1 | X34: =IFERROR(IF(W34<>"",IF(T34<>"COP",V34*W34,S34),""),"") -> N/A | Y34: 2693.82 | Z34: =IFERROR(IF(OR(K34="",K34="NO"),"",IF(F34="SI",IFERROR(Y34*N34,""),"")),"") -> 2693.82 | AC34: CUMPLE | AD34: 182 | AE34: SI | AH34: SI | AK34: SI | AN34: =IFERROR(IF(AD34="","",IF(ISNUMBER(AD34),IF(COUNTIF(AE34:AM34,"SI")>0,"SI","NO"),AD34)),"") -> SI
B35: P06-01 | D35: =IFERROR(INDEX(DESEMPATE!$D$3:$D$63,MATCH('EXP GEN.'!B35,DESEMPATE!$C$3:$C$63,0)),"") -> INGENIERIA DE PROYECTOS SAS | E35: =IFERROR(IF(D35="","",IF(VLOOKUP(D35,DESEMPATE!D$3:$E$19,2,FALSE)=1,"N/A",IF(VLOOKUP(D35,DESEMPATE!D$3:$E$19,2,FALSE)>=0.51,"SI","NO"))),"") -> SI | F35: SI | G35: METROCALI | H35: COLOMBIA | I35: MC-IT-01-2011 | J35: INTERVENTORIA TECNICA, ADMINISTRATIVA, FINANCIERA, SOCIAL Y AMBIENTAL PARA LA CONSTRUCCIÓN DE LOS CARRILES MIXTOS Y EL ESPACIO PUBLICO DEL CORREDOR TRONCAL DE LA CALLE 5 CARRERA 100 ENTRE CARRERA 56 Y CALLE 20 Y OBRAS COMPLEMENTARIAS DEL SISTEMA INTEGRADO DE TRANSPORTE MASIVO DE PASAJEROS DE SANTIAGO DE CALI | K35: SI | L35: SI | M35: =IFERROR(IF(O35="","",IF(O35>=DATE(1990,1,1),"SI","NO")),"") -> SI | N35: 1 | O35: 40609 | P35: 41441 | Q35: =IF(P35="","",YEAR(P35)) -> 2013 | R35: =IFERROR(INDEX(PARAMETROS!$B$53:$B$101,MATCH(Q35,PARAMETROS!$A$53:$A$101,0)),"") -> 589500 | S35: N/A | T35: COP | U35: =IFERROR(IF(T35="","",IF(T35="COP","N/A",IF(OR(T35="USD",T35="US"),1,IF(T35="EUR",VLOOKUP(P35,'SH EURO'!$A$6:$B$10372,2,FALSE),"INGRESAR TASA")))),"") -> N/A | V35: =IFERROR(IF(S35="","",IF(U35="INGRESAR TASA","INGRESAR TASA USD",IF(U35="N/A","N/A",U35*S35))),"") -> N/A | W35: =IFERROR(IF(T35="","",IF(T35="COP",1,IF(U35<>"N/A",VLOOKUP(P35,'SH TRM'!$A$9:$B$100372,2,FALSE),"REVISAR"))),"") -> 1 | X35: =IFERROR(IF(W35<>"",IF(T35<>"COP",V35*W35,S35),""),"") -> N/A | Y35: 2968.61 | Z35: =IFERROR(IF(OR(K35="",K35="NO"),"",IF(F35="SI",IFERROR(Y35*N35,""),"")),"") -> 2968.61 | AC35: =IFERROR(IF(Z35="","",IF(Z35>=CM001EMM1,"CUMPLE","NO CUMPLE")),"") -> CUMPLE | AD35: 38 | AE35: SI | AH35: SI | AK35: SI | AN35: =IFERROR(IF(AD35="","",IF(ISNUMBER(AD35),IF(COUNTIF(AE35:AM35,"SI")>0,"SI","NO"),AD35)),"") -> SI
B36: P06-01 | D36: =IFERROR(INDEX(DESEMPATE!$D$3:$D$63,MATCH('EXP GEN.'!B36,DESEMPATE!$C$3:$C$63,0)),"") -> INGENIERIA DE PROYECTOS SAS | E36: =IFERROR(IF(D36="","",IF(VLOOKUP(D36,DESEMPATE!D$3:$E$19,2,FALSE)=1,"N/A",IF(VLOOKUP(D36,DESEMPATE!D$3:$E$19,2,FALSE)>=0.51,"SI","NO"))),"") -> SI | F36: SI | G36: DEPARTAMENTO DEL ATLANTICO SECRETARIA DE INFRAESTRUCTURA | H36: COLOMBIA | I36: 90-93 | J36: INTERVENTORIA DE LAS OBRAS DE AMPLIACIÓN Y RECTIFICACIÓN DE LA CRA 51B SECTOR VÍA CIRCUNVALAR – EMPALME AUTOPISTA PUERTO COLOMBIA 2) CONSTRUCIÓN PUENTE INTERSECCIÓN VÍA CIRCUNVALAR CRA 51B Y SUS ACCESORIOS VIALES 3) CONSTRUCCIÓN RED PRIMARIA E ILUMINCAIÓN DEL SEPARADOR CENTRAL DE LA CARA 51B, TRAMO COMPRENDIDO ENTRE LA VÍA CIRCUNVALAR Y LA UNIVERSIDAD DEL ATLÁNTICO, EN EL DEPARTAMENTO DEL ATLÁNTICO | K36: SI | L36: SI | M36: =IFERROR(IF(O36="","",IF(O36>=DATE(1990,1,1),"SI","NO")),"") -> SI | N36: 1 | O36: 34320 | P36: 34622 | Q36: =IF(P36="","",YEAR(P36)) -> 1994 | R36: =IFERROR(INDEX(PARAMETROS!$B$53:$B$101,MATCH(Q36,PARAMETROS!$A$53:$A$101,0)),"") -> 98700 | S36: N/A | T36: COP | U36: =IFERROR(IF(T36="","",IF(T36="COP","N/A",IF(OR(T36="USD",T36="US"),1,IF(T36="EUR",VLOOKUP(P36,'SH EURO'!$A$6:$B$10372,2,FALSE),"INGRESAR TASA")))),"") -> N/A | V36: =IFERROR(IF(S36="","",IF(U36="INGRESAR TASA","INGRESAR TASA USD",IF(U36="N/A","N/A",U36*S36))),"") -> N/A | W36: =IFERROR(IF(T36="","",IF(T36="COP",1,IF(U36<>"N/A",VLOOKUP(P36,'SH TRM'!$A$9:$B$100372,2,FALSE),"REVISAR"))),"") -> 1 | X36: =IFERROR(IF(W36<>"",IF(T36<>"COP",V36*W36,S36),""),"") -> N/A | Y36: 2868.75 | Z36: =IFERROR(IF(OR(K36="",K36="NO"),"",IF(F36="SI",IFERROR(Y36*N36,""),"")),"") -> 2868.75 | AC36: =IFERROR(IF(Z36="","",IF(Z36>=CM001EMM1,"CUMPLE","NO CUMPLE")),"") -> CUMPLE | AD36: 11 | AE36: SI | AH36: SI | AK36: SI | AN36: =IFERROR(IF(AD36="","",IF(ISNUMBER(AD36),IF(COUNTIF(AE36:AM36,"SI")>0,"SI","NO"),AD36)),"") -> SI
B37: P06-02 | D37: =IFERROR(INDEX(DESEMPATE!$D$3:$D$63,MATCH('EXP GEN.'!B37,DESEMPATE!$C$3:$C$63,0)),"") -> INGENIEROS CIVILES ESPECIALISTAS LTDA | E37: =IFERROR(IF(D37="","",IF(VLOOKUP(D37,DESEMPATE!D$3:$E$19,2,FALSE)=1,"N/A",IF(VLOOKUP(D37,DESEMPATE!D$3:$E$19,2,FALSE)>=0.51,"SI","NO"))),"") -> NO | F37: SI | G37: DEPARTAMENTO DEL ATLANTICO | H37: COLOMBIA | I37: 009-FNC-CH | J37: INTERVENTORIA DE LAS OBRAS DE RECUPERACIÓN DE LA BANCA EN LOS CORREDORES VIALES YE DE GUAIMARAL-TUBARA-EL VAIVEN-PIOJO Y JUAN DE ACOSTA-SIBARCO EN EL DEPARTAMENTO DEL ATLANTICO | K37: SI | L37: SI | M37: =IFERROR(IF(O37="","",IF(O37>=DATE(1990,1,1),"SI","NO")),"") -> SI | N37: 1 | O37: 40778 | P37: 41225 | Q37: =IF(P37="","",YEAR(P37)) -> 2012 | R37: =IFERROR(INDEX(PARAMETROS!$B$53:$B$101,MATCH(Q37,PARAMETROS!$A$53:$A$101,0)),"") -> 566700 | S37: N/A | T37: COP | U37: =IFERROR(IF(T37="","",IF(T37="COP","N/A",IF(OR(T37="USD",T37="US"),1,IF(T37="EUR",VLOOKUP(P37,'SH EURO'!$A$6:$B$10372,2,FALSE),"INGRESAR TASA")))),"") -> N/A | V37: =IFERROR(IF(S37="","",IF(U37="INGRESAR TASA","INGRESAR TASA USD",IF(U37="N/A","N/A",U37*S37))),"") -> N/A | W37: =IFERROR(IF(T37="","",IF(T37="COP",1,IF(U37<>"N/A",VLOOKUP(P37,'SH TRM'!$A$9:$B$100372,2,FALSE),"REVISAR"))),"") -> 1 | X37: =IFERROR(IF(W37<>"",IF(T37<>"COP",V37*W37,S37),""),"") -> N/A | Y37: 2768.13 | Z37: =IFERROR(IF(OR(K37="",K37="NO"),"",IF(F37="SI",IFERROR(Y37*N37,""),"")),"") -> 2768.13 | AC37: CUMPLE | AD37: 3 | AE37: SI | AH37: SI | AK37: SI | AN37: =IFERROR(IF(AD37="","",IF(ISNUMBER(AD37),IF(COUNTIF(AE37:AM37,"SI")>0,"SI","NO"),AD37)),"") -> SI
B38: P06-02 | D38: =IFERROR(INDEX(DESEMPATE!$D$3:$D$63,MATCH('EXP GEN.'!B38,DESEMPATE!$C$3:$C$63,0)),"") -> INGENIEROS CIVILES ESPECIALISTAS LTDA | E38: =IFERROR(IF(D38="","",IF(VLOOKUP(D38,DESEMPATE!D$3:$E$19,2,FALSE)=1,"N/A",IF(VLOOKUP(D38,DESEMPATE!D$3:$E$19,2,FALSE)>=0.51,"SI","NO"))),"") -> NO | F38: SI | G38: SECRETARIA DE OBRAS PÚBLICAS GOBERNACIÓN DE LA GUAJIRA | H38: COLOMBIA | I38: 018 DE 2000 | J38: INTERVENTORIA TÉCNICA Y ADMINISTRATIVA DE LA CONCESIÓN PARA LA ADECUACIÓN Y/O REHABILITACIÓN DE LA RED VIAL SECUNDARIA Y TERCIARIA, SU OPERACIÓN Y MANTENIMIENTO EN UNA LONGITUD DE 88,5 KM EN EL DEPARTAMENTO DE LA GUAJIRA | K38: SI | L38: SI | M38: =IFERROR(IF(O38="","",IF(O38>=DATE(1990,1,1),"SI","NO")),"") -> SI | N38: 0.5 | O38: 37288 | P38: 42551 | Q38: =IF(P38="","",YEAR(P38)) -> 2016 | R38: =IFERROR(INDEX(PARAMETROS!$B$53:$B$101,MATCH(Q38,PARAMETROS!$A$53:$A$101,0)),"") -> 689455 | S38: N/A | T38: COP | U38: =IFERROR(IF(T38="","",IF(T38="COP","N/A",IF(OR(T38="USD",T38="US"),1,IF(T38="EUR",VLOOKUP(P38,'SH EURO'!$A$6:$B$10372,2,FALSE),"INGRESAR TASA")))),"") -> N/A | V38: =IFERROR(IF(S38="","",IF(U38="INGRESAR TASA","INGRESAR TASA USD",IF(U38="N/A","N/A",U38*S38))),"") -> N/A | W38: =IFERROR(IF(T38="","",IF(T38="COP",1,IF(U38<>"N/A",VLOOKUP(P38,'SH TRM'!$A$9:$B$100372,2,FALSE),"REVISAR"))),"") -> 1 | X38: =IFERROR(IF(W38<>"",IF(T38<>"COP",V38*W38,S38),""),"") -> N/A | Y38: 16948.5 | Z38: =IFERROR(IF(OR(K38="",K38="NO"),"",IF(F38="SI",IFERROR(Y38*N38,""),"")),"") -> 8474.25 | AC38: =IFERROR(IF(Z38="","",IF(Z38>=CM001EMM1,"CUMPLE","NO CUMPLE")),"") -> CUMPLE | AD38: 39 | AE38: SI | AH38: SI | AK38: SI | AN38: =IFERROR(IF(AD38="","",IF(ISNUMBER(AD38),IF(COUNTIF(AE38:AM38,"SI")>0,"SI","NO"),AD38)),"") -> SI
A39: P07 | B39: P07-01 | D39: =IFERROR(INDEX(DESEMPATE!$D$3:$D$63,MATCH('EXP GEN.'!B39,DESEMPATE!$C$3:$C$63,0)),"") -> WSP INGENIERIA COLOMBIA SAS | E39: =IFERROR(IF(D39="","",IF(VLOOKUP(D39,DESEMPATE!D$3:$E$19,2,FALSE)=1,"N/A",IF(VLOOKUP(D39,DESEMPATE!D$3:$E$19,2,FALSE)>=0.51,"SI","NO"))),"") -> SI | F39: SI | G39: IDU | H39: COLOMBIA | I39: 173 DE 2007 | J39: INTERVENTORIA TECNICA, ADMINISTRATIVA, LEGAL, FINANCIERA, AMBIENTAL Y SOCIAL PARA LAS OBRAS DE CONSTRUCCION Y TODAS LAS ACTIVIDADES NECESARIAS PARA LA ADECUACIÓN DE LA CARRERA 10 AL SISTEMA TRASMILENIO, EN EL TRAMO 1, COMPRENDIDO ENTRE LA CALLE 31 SUR Y LA CALLE 30 A SUR Y LA CALLE 31 SUR ENTRE CARRERA 10 Y CARRERA 5, INCLUYE PATIO Y PORTAL Y SUS VIAS PERIMETRALES, EN BOGOTA | K39: SI | L39: SI | M39: =IFERROR(IF(O39="","",IF(O39>=DATE(1990,1,1),"SI","NO")),"") -> SI | N39: 0.5 | O39: 39615 | P39: 40847 | Q39: =IF(P39="","",YEAR(P39)) -> 2011 | R39: =IFERROR(INDEX(PARAMETROS!$B$53:$B$101,MATCH(Q39,PARAMETROS!$A$53:$A$101,0)),"") -> 535600 | S39: N/A | T39: COP | U39: =IFERROR(IF(T39="","",IF(T39="COP","N/A",IF(OR(T39="USD",T39="US"),1,IF(T39="EUR",VLOOKUP(P39,'SH EURO'!$A$6:$B$10372,2,FALSE),"INGRESAR TASA")))),"") -> N/A | V39: =IFERROR(IF(S39="","",IF(U39="INGRESAR TASA","INGRESAR TASA USD",IF(U39="N/A","N/A",U39*S39))),"") -> N/A | W39: =IFERROR(IF(T39="","",IF(T39="COP",1,IF(U39<>"N/A",VLOOKUP(P39,'SH TRM'!$A$9:$B$100372,2,FALSE),"REVISAR"))),"") -> 1 | X39: =IFERROR(IF(W39<>"",IF(T39<>"COP",V39*W39,S39),""),"") -> N/A | Y39: 21388.04 | Z39: =IFERROR(IF(OR(K39="",K39="NO"),"",IF(F39="SI",IFERROR(Y39*N39,""),"")),"") -> 10694.02 | AA39: =IFERROR(IF(COUNTIF(Z39:Z44,"")=6,"",IF(SUM(Z39:Z44)>=CM001M1,"CUMPLE","NO CUMPLE")),"") -> CUMPLE | AB39: =IFERROR(IF(COUNTIF(Z39:Z44,"")=6,"",IF(COUNTIF(E39:E44,"N/A")>0,IF(SUMIF(E39:E44,"N/A",Z39:Z44)>=CM001LM1,"CUMPLE","NO CUMPLE"),IF(SUMIF(E39:E44,"SI",Z39:Z44)>=CM001LM1,"CUMPLE","NO CUMPLE"))),"") -> CUMPLE | AC39: =IFERROR(IF(Z39="","",IF(Z39>=CM001EMM1,"CUMPLE","NO CUMPLE")),"") -> CUMPLE | AD39: 132 | AE39: SI | AH39: SI | AK39: SI | AN39: =IFERROR(IF(AD39="","",IF(ISNUMBER(AD39),IF(COUNTIF(AE39:AM39,"SI")>0,"SI","NO"),AD39)),"") -> SI | AO39: HÁBIL
B40: P07-01 | D40: =IFERROR(INDEX(DESEMPATE!$D$3:$D$63,MATCH('EXP GEN.'!B40,DESEMPATE!$C$3:$C$63,0)),"") -> WSP INGENIERIA COLOMBIA SAS | E40: =IFERROR(IF(D40="","",IF(VLOOKUP(D40,DESEMPATE!D$3:$E$19,2,FALSE)=1,"N/A",IF(VLOOKUP(D40,DESEMPATE!D$3:$E$19,2,FALSE)>=0.51,"SI","NO"))),"") -> SI | F40: SI | G40: INVIAS | H40: COLOMBIA | I40: 1310 DE 2009 | J40: INTERVENTORIA TECNICA, LEGAL, FINANCIERA, ADMNISTRATIVA, AMBIENTAL, PREDIAL Y SOCIAL DEL PROYECTO ESTUDIOS Y DISEÑOS, GESTION SOCIAL, PREDIAL, AMBIENTAL Y CONSTRUCCION DEL PROYECTO DOBLE CALZADA BUCARAMANGA - CUCUTA | K40: SI | L40: SI | M40: =IFERROR(IF(O40="","",IF(O40>=DATE(1990,1,1),"SI","NO")),"") -> SI | N40: 0.5 | O40: 40074 | P40: 42369 | Q40: =IF(P40="","",YEAR(P40)) -> 2015 | R40: =IFERROR(INDEX(PARAMETROS!$B$53:$B$101,MATCH(Q40,PARAMETROS!$A$53:$A$101,0)),"") -> 644350 | S40: N/A | T40: COP | U40: =IFERROR(IF(T40="","",IF(T40="COP","N/A",IF(OR(T40="USD",T40="US"),1,IF(T40="EUR",VLOOKUP(P40,'SH EURO'!$A$6:$B$10372,2,FALSE),"INGRESAR TASA")))),"") -> N/A | V40: =IFERROR(IF(S40="","",IF(U40="INGRESAR TASA","INGRESAR TASA USD",IF(U40="N/A","N/A",U40*S40))),"") -> N/A | W40: =IFERROR(IF(T40="","",IF(T40="COP",1,IF(U40<>"N/A",VLOOKUP(P40,'SH TRM'!$A$9:$B$100372,2,FALSE),"REVISAR"))),"") -> 1 | X40: =IFERROR(IF(W40<>"",IF(T40<>"COP",V40*W40,S40),""),"") -> N/A | Y40: 23548.6 | Z40: =IFERROR(IF(OR(K40="",K40="NO"),"",IF(F40="SI",IFERROR(Y40*N40,""),"")),"") -> 11774.3 | AC40: =IFERROR(IF(Z40="","",IF(Z40>=CM001EMM1,"CUMPLE","NO CUMPLE")),"") -> CUMPLE | AD40: 142 | AE40: NO | AH40: SI | AK40: SI | AN40: =IFERROR(IF(AD40="","",IF(ISNUMBER(AD40),IF(COUNTIF(AE40:AM40,"SI")>0,"SI","NO"),AD40)),"") -> SI
B41: P07-01 | D41: =IFERROR(INDEX(DESEMPATE!$D$3:$D$63,MATCH('EXP GEN.'!B41,DESEMPATE!$C$3:$C$63,0)),"") -> WSP INGENIERIA COLOMBIA SAS | E41: =IFERROR(IF(D41="","",IF(VLOOKUP(D41,DESEMPATE!D$3:$E$19,2,FALSE)=1,"N/A",IF(VLOOKUP(D41,DESEMPATE!D$3:$E$19,2,FALSE)>=0.51,"SI","NO"))),"") -> SI | F41: SI | G41: INVIAS | H41: COLOMBIA | I41: 1457 DE 2009 | J41: INTERVENTORIA TECNICA, LEGAL, FINANCIERA, ADMISNITRATIVA, MABIENTAL, PREDIAL Y SOCIAL DEL PROYECTO ESTUDIOS Y DISEÑOS GESTION SOCIAL, PREDIAL, AMBIENTAL Y MEJORAMIENTO DEL PROYECTO CORREDOR DE LAS PALMERAS | K41: SI | L41: SI | M41: =IFERROR(IF(O41="","",IF(O41>=DATE(1990,1,1),"SI","NO")),"") -> SI | N41: 1 | O41: 40064 | P41: 40074 | Q41: =IF(P41="","",YEAR(P41)) -> 2009 | R41: =IFERROR(INDEX(PARAMETROS!$B$53:$B$101,MATCH(Q41,PARAMETROS!$A$53:$A$101,0)),"") -> 496900 | S41: N/A | T41: COP | U41: =IFERROR(IF(T41="","",IF(T41="COP","N/A",IF(OR(T41="USD",T41="US"),1,IF(T41="EUR",VLOOKUP(P41,'SH EURO'!$A$6:$B$10372,2,FALSE),"INGRESAR TASA")))),"") -> N/A | V41: =IFERROR(IF(S41="","",IF(U41="INGRESAR TASA","INGRESAR TASA USD",IF(U41="N/A","N/A",U41*S41))),"") -> N/A | W41: =IFERROR(IF(T41="","",IF(T41="COP",1,IF(U41<>"N/A",VLOOKUP(P41,'SH TRM'!$A$9:$B$100372,2,FALSE),"REVISAR"))),"") -> 1 | X41: =IFERROR(IF(W41<>"",IF(T41<>"COP",V41*W41,S41),""),"") -> N/A | Y41: 5168.08 | Z41: =IFERROR(IF(OR(K41="",K41="NO"),"",IF(F41="SI",IFERROR(Y41*N41,""),"")),"") -> 5168.08 | AC41: =IFERROR(IF(Z41="","",IF(Z41>=CM001EMM1,"CUMPLE","NO CUMPLE")),"") -> CUMPLE | AD41: 139 | AE41: SI | AH41: SI | AK41: SI | AN41: =IFERROR(IF(AD41="","",IF(ISNUMBER(AD41),IF(COUNTIF(AE41:AM41,"SI")>0,"SI","NO"),AD41)),"") -> SI
B42: P07-02 | D42: =IFERROR(INDEX(DESEMPATE!$D$3:$D$63,MATCH('EXP GEN.'!B42,DESEMPATE!$C$3:$C$63,0)),"") -> CONCOL CONSULTORES SAS | E42: =IFERROR(IF(D42="","",IF(VLOOKUP(D42,DESEMPATE!D$3:$E$19,2,FALSE)=1,"N/A",IF(VLOOKUP(D42,DESEMPATE!D$3:$E$19,2,FALSE)>=0.51,"SI","NO"))),"") -> NO | F42: SI | G42: IDU | H42: COLOMBIA | I42: 025 DE 2002 | J42: INTERVENTORIA TECNICA, ADMISTRATIVA, LEGAL, FINANCIERA Y AMBIENTAL DE LA ADECUACION DE LA TRONCAL CALLE 13 AL SISTEMA TRASMILENIO ENTRE LA TRONCAL CARACAS Y PUENTE ARANDA | K42: SI | L42: SI | M42: =IFERROR(IF(O42="","",IF(O42>=DATE(1990,1,1),"SI","NO")),"") -> SI | N42: 1 | O42: 37298 | P42: 38088 | Q42: =IF(P42="","",YEAR(P42)) -> 2004 | R42: =IFERROR(INDEX(PARAMETROS!$B$53:$B$101,MATCH(Q42,PARAMETROS!$A$53:$A$101,0)),"") -> 358000 | S42: N/A | T42: COP | U42: =IFERROR(IF(T42="","",IF(T42="COP","N/A",IF(OR(T42="USD",T42="US"),1,IF(T42="EUR",VLOOKUP(P42,'SH EURO'!$A$6:$B$10372,2,FALSE),"INGRESAR TASA")))),"") -> N/A | V42: =IFERROR(IF(S42="","",IF(U42="INGRESAR TASA","INGRESAR TASA USD",IF(U42="N/A","N/A",U42*S42))),"") -> N/A | W42: =IFERROR(IF(T42="","",IF(T42="COP",1,IF(U42<>"N/A",VLOOKUP(P42,'SH TRM'!$A$9:$B$100372,2,FALSE),"REVISAR"))),"") -> 1 | X42: =IFERROR(IF(W42<>"",IF(T42<>"COP",V42*W42,S42),""),"") -> N/A | Y42: 10134.53 | Z42: =IFERROR(IF(OR(K42="",K42="NO"),"",IF(F42="SI",IFERROR(Y42*N42,""),"")),"") -> 10134.53 | AC42: =IFERROR(IF(Z42="","",IF(Z42>=CM001EMM1,"CUMPLE","NO CUMPLE")),"") -> CUMPLE | AD42: 52 | AE42: SI | AH42: SI | AK42: SI | AN42: =IFERROR(IF(AD42="","",IF(ISNUMBER(AD42),IF(COUNTIF(AE42:AM42,"SI")>0,"SI","NO"),AD42)),"") -> SI
B43: P07-02 | D43: =IFERROR(INDEX(DESEMPATE!$D$3:$D$63,MATCH('EXP GEN.'!B43,DESEMPATE!$C$3:$C$63,0)),"") -> CONCOL CONSULTORES SAS | E43: =IFERROR(IF(D43="","",IF(VLOOKUP(D43,DESEMPATE!D$3:$E$19,2,FALSE)=1,"N/A",IF(VLOOKUP(D43,DESEMPATE!D$3:$E$19,2,FALSE)>=0.51,"SI","NO"))),"") -> NO | F43: SI | G43: TRANSMETRO | H43: COLOMBIA | I43: TM-300-001-06 DE 2006 | J43: INTERVENTORIA TECNIA, ADMISTRATIVA, FINANCIERA Y AMBIENTAL PARA LA CONSTRUCION DE LAS OBRAS DEL SISTEMA DE TRANSPORTE INTEGRADO MASIVO DEL DISTRITO DE BARRANQUILLA Y SU AREA METROPOLITANA, SISTEMA TRANSMETRO DE ACUERDO CON LOS PLANOS DE INTERVENCION DE CADA UNO DE LOS COMPPONENTES (TRONCALES, ESTACIONES Y PORTALES) | K43: SI | L43: SI | M43: =IFERROR(IF(O43="","",IF(O43>=DATE(1990,1,1),"SI","NO")),"") -> SI | N43: 1 | O43: 38888 | P43: 39641 | Q43: =IF(P43="","",YEAR(P43)) -> 2008 | R43: =IFERROR(INDEX(PARAMETROS!$B$53:$B$101,MATCH(Q43,PARAMETROS!$A$53:$A$101,0)),"") -> 461500 | S43: N/A | T43: COP | U43: =IFERROR(IF(T43="","",IF(T43="COP","N/A",IF(OR(T43="USD",T43="US"),1,IF(T43="EUR",VLOOKUP(P43,'SH EURO'!$A$6:$B$10372,2,FALSE),"INGRESAR TASA")))),"") -> N/A | V43: =IFERROR(IF(S43="","",IF(U43="INGRESAR TASA","INGRESAR TASA USD",IF(U43="N/A","N/A",U43*S43))),"") -> N/A | W43: =IFERROR(IF(T43="","",IF(T43="COP",1,IF(U43<>"N/A",VLOOKUP(P43,'SH TRM'!$A$9:$B$100372,2,FALSE),"REVISAR"))),"") -> 1 | X43: =IFERROR(IF(W43<>"",IF(T43<>"COP",V43*W43,S43),""),"") -> N/A | Y43: 22699.71 | Z43: =IFERROR(IF(OR(K43="",K43="NO"),"",IF(F43="SI",IFERROR(Y43*N43,""),"")),"") -> 22699.71 | AC43: =IFERROR(IF(Z43="","",IF(Z43>=CM001EMM1,"CUMPLE","NO CUMPLE")),"") -> CUMPLE | AD43: 55 | AE43: SI | AH43: SI | AK43: SI | AN43: =IFERROR(IF(AD43="","",IF(ISNUMBER(AD43),IF(COUNTIF(AE43:AM43,"SI")>0,"SI","NO"),AD43)),"") -> SI
D44: =IFERROR(INDEX(DESEMPATE!$D$3:$D$63,MATCH('EXP GEN.'!B44,DESEMPATE!$C$3:$C$63,0)),"") | E44: =IFERROR(IF(D44="","",IF(VLOOKUP(D44,DESEMPATE!D$3:$E$19,2,FALSE)=1,"N/A",IF(VLOOKUP(D44,DESEMPATE!D$3:$E$19,2,FALSE)>=0.51,"SI","NO"))),"") | F44: SI | M44: =IFERROR(IF(O44="","",IF(O44>=DATE(1990,1,1),"SI","NO")),"") | Q44: =IF(P44="","",YEAR(P44)) | R44: =IFERROR(INDEX(PARAMETROS!$B$53:$B$101,MATCH(Q44,PARAMETROS!$A$53:$A$101,0)),"") | U44: =IFERROR(IF(T44="","",IF(T44="COP","N/A",IF(OR(T44="USD",T44="US"),1,IF(T44="EUR",VLOOKUP(P44,'SH EURO'!$A$6:$B$10372,2,FALSE),"INGRESAR TASA")))),"") | V44: =IFERROR(IF(S44="","",IF(U44="INGRESAR TASA","INGRESAR TASA USD",IF(U44="N/A","N/A",U44*S44))),"") | W44: =IFERROR(IF(T44="","",IF(T44="COP",1,IF(U44<>"N/A",VLOOKUP(P44,'SH TRM'!$A$9:$B$100372,2,FALSE),"REVISAR"))),"") | X44: =IFERROR(IF(W44<>"",IF(T44<>"COP",V44*W44,S44),""),"") | Y44: =IFERROR(X44/R44,"") | Z44: =IFERROR(IF(OR(K44="",K44="NO"),"",IF(F44="SI",IFERROR(Y44*N44,""),"")),"") | AC44: =IFERROR(IF(Z44="","",IF(Z44>=CM001EMM1,"CUMPLE","NO CUMPLE")),"") | AN44: =IFERROR(IF(AD44="","",IF(ISNUMBER(AD44),IF(COUNTIF(AE44:AM44,"SI")>0,"SI","NO"),AD44)),"")
A45: P08 | B45: P08-01 | D45: =IFERROR(INDEX(DESEMPATE!$D$3:$D$63,MATCH('EXP GEN.'!B45,DESEMPATE!$C$3:$C$63,0)),"") -> INGEANDINA CONSULTORES DE INGENIERIA SAS | E45: =IFERROR(IF(D45="","",IF(VLOOKUP(D45,DESEMPATE!D$3:$E$19,2,FALSE)=1,"N/A",IF(VLOOKUP(D45,DESEMPATE!D$3:$E$19,2,FALSE)>=0.51,"SI","NO"))),"") -> SI | F45: SI | G45: MINISTERIO DE OBRAS PÚBLICAS DE CHILE | H45: CHILE | J45: CONSULTORÍA (URBANA INTERURBANA) DE LA ASESORÍA A LA INSPECCIÓN FISCAL DE LA CONSTRUCCIÓN DE LA OBRA "CONCESIÓN RUTA 5 TRAMO SANTIAGO-TOLCA Y ACCESO SUR A SANTIAGO. | K45: SI | L45: SI | M45: =IFERROR(IF(O45="","",IF(O45>=DATE(1990,1,1),"SI","NO")),"") -> SI | N45: 1 | O45: 38049 | P45: 40545 | Q45: =IF(P45="","",YEAR(P45)) -> 2011 | R45: =IFERROR(INDEX(PARAMETROS!$B$53:$B$101,MATCH(Q45,PARAMETROS!$A$53:$A$101,0)),"") -> 535600 | S45: N/A | T45: USD | U45: =IFERROR(IF(T45="","",IF(T45="COP","N/A",IF(OR(T45="USD",T45="US"),1,IF(T45="EUR",VLOOKUP(P45,'SH EURO'!$A$6:$B$10372,2,FALSE),"INGRESAR TASA")))),"") -> 1 | V45: N/A | W45: =IFERROR(IF(T45="","",IF(T45="COP",1,IF(U45<>"N/A",VLOOKUP(P45,'SH TRM'!$A$9:$B$100372,2,FALSE),"REVISAR"))),"") -> 1913.98 | X45: N/A | Y45: 34193.85 | Z45: =IFERROR(IF(OR(K45="",K45="NO"),"",IF(F45="SI",IFERROR(Y45*N45,""),"")),"") -> 34193.85 | AA45: =IFERROR(IF(COUNTIF(Z45:Z50,"")=6,"",IF(SUM(Z45:Z50)>=CM001M1,"CUMPLE","NO CUMPLE")),"") -> CUMPLE | AB45: =IFERROR(IF(COUNTIF(Z45:Z50,"")=6,"",IF(COUNTIF(E45:E50,"N/A")>0,IF(SUMIF(E45:E50,"N/A",Z45:Z50)>=CM001LM1,"CUMPLE","NO CUMPLE"),IF(SUMIF(E45:E50,"SI",Z45:Z50)>=CM001LM1,"CUMPLE","NO CUMPLE"))),"") -> CUMPLE | AC45: =IFERROR(IF(Z45="","",IF(Z45>=CM001EMM1,"CUMPLE","NO CUMPLE")),"") -> CUMPLE | AD45: 1 | AE45: SI | AH45: SI | AK45: SI | AN45: =IFERROR(IF(AD45="","",IF(ISNUMBER(AD45),IF(COUNTIF(AE45:AM45,"SI")>0,"SI","NO"),AD45)),"") -> SI | AO45: RECHAZADO
B46: P08-01 | D46: =IFERROR(INDEX(DESEMPATE!$D$3:$D$63,MATCH('EXP GEN.'!B46,DESEMPATE!$C$3:$C$63,0)),"") -> INGEANDINA CONSULTORES DE INGENIERIA SAS | E46: =IFERROR(IF(D46="","",IF(VLOOKUP(D46,DESEMPATE!D$3:$E$19,2,FALSE)=1,"N/A",IF(VLOOKUP(D46,DESEMPATE!D$3:$E$19,2,FALSE)>=0.51,"SI","NO"))),"") -> SI | F46: SI | G46: MINISTERIO DE OBRAS PÚBLICAS DE CHILE | H46: CHILE | J46: ASESORÍA A LA INSPECCIÓN FISCAL A LA CONSTRUCCIÓN DE LA CONCESIÓN INTERNACIONAL VIAL SANTIAGO-VALPARAISO-VIÑA DEL MAR | K46: SI | L46: SI | M46: =IFERROR(IF(O46="","",IF(O46>=DATE(1990,1,1),"SI","NO")),"") -> SI | N46: 0.25 | O46: 36363 | P46: 37843 | Q46: =IF(P46="","",YEAR(P46)) -> 2003 | R46: =IFERROR(INDEX(PARAMETROS!$B$53:$B$101,MATCH(Q46,PARAMETROS!$A$53:$A$101,0)),"") -> 332000 | S46: N/A | T46: USD | U46: =IFERROR(IF(T46="","",IF(T46="COP","N/A",IF(OR(T46="USD",T46="US"),1,IF(T46="EUR",VLOOKUP(P46,'SH EURO'!$A$6:$B$10372,2,FALSE),"INGRESAR TASA")))),"") -> 1 | V46: N/A | W46: =IFERROR(IF(T46="","",IF(T46="COP",1,IF(U46<>"N/A",VLOOKUP(P46,'SH TRM'!$A$9:$B$100372,2,FALSE),"REVISAR"))),"") -> 2875.18 | X46: N/A | Y46: 56649.4 | Z46: =IFERROR(IF(OR(K46="",K46="NO"),"",IF(F46="SI",IFERROR(Y46*N46,""),"")),"") -> 14162.35 | AC46: =IFERROR(IF(Z46="","",IF(Z46>=CM001EMM1,"CUMPLE","NO CUMPLE")),"") -> CUMPLE | AD46: 3 | AE46: SI | AH46: SI | AK46: SI | AN46: =IFERROR(IF(AD46="","",IF(ISNUMBER(AD46),IF(COUNTIF(AE46:AM46,"SI")>0,"SI","NO"),AD46)),"") -> SI
B47: P08-01 | D47: =IFERROR(INDEX(DESEMPATE!$D$3:$D$63,MATCH('EXP GEN.'!B47,DESEMPATE!$C$3:$C$63,0)),"") -> INGEANDINA CONSULTORES DE INGENIERIA SAS | E47: =IFERROR(IF(D47="","",IF(VLOOKUP(D47,DESEMPATE!D$3:$E$19,2,FALSE)=1,"N/A",IF(VLOOKUP(D47,DESEMPATE!D$3:$E$19,2,FALSE)>=0.51,"SI","NO"))),"") -> SI | F47: SI | G47: MINISTERIO DE OBRAS PÙBLICAS DE CHILE | H47: CHILE | J47: ASESORÍA A LA INSPECCIÓN FISCAL A LA CONCESIÓN INTERNACIONAL SISTEMA NORTE – SUR, EJE GENERAL VELÁSQUEZ, REGIÓN METROPOLITANA | K47: SI | L47: SI | M47: =IFERROR(IF(O47="","",IF(O47>=DATE(1990,1,1),"SI","NO")),"") -> SI | N47: 0.5 | O47: 37211 | P47: 38122 | Q47: =IF(P47="","",YEAR(P47)) -> 2004 | R47: =IFERROR(INDEX(PARAMETROS!$B$53:$B$101,MATCH(Q47,PARAMETROS!$A$53:$A$101,0)),"") -> 358000 | S47: N/A | T47: USD | U47: =IFERROR(IF(T47="","",IF(T47="COP","N/A",IF(OR(T47="USD",T47="US"),1,IF(T47="EUR",VLOOKUP(P47,'SH EURO'!$A$6:$B$10372,2,FALSE),"INGRESAR TASA")))),"") -> 1 | V47: N/A | W47: =IFERROR(IF(T47="","",IF(T47="COP",1,IF(U47<>"N/A",VLOOKUP(P47,'SH TRM'!$A$9:$B$100372,2,FALSE),"REVISAR"))),"") -> 2719.89 | X47: N/A | Y47: 20435.4 | Z47: =IFERROR(IF(OR(K47="",K47="NO"),"",IF(F47="SI",IFERROR(Y47*N47,""),"")),"") -> 10217.7 | AC47: =IFERROR(IF(Z47="","",IF(Z47>=CM001EMM1,"CUMPLE","NO CUMPLE")),"") -> CUMPLE | AD47: 4 | AE47: SI | AH47: SI | AK47: SI | AN47: =IFERROR(IF(AD47="","",IF(ISNUMBER(AD47),IF(COUNTIF(AE47:AM47,"SI")>0,"SI","NO"),AD47)),"") -> SI
B48: P08-01 | D48: =IFERROR(INDEX(DESEMPATE!$D$3:$D$63,MATCH('EXP GEN.'!B48,DESEMPATE!$C$3:$C$63,0)),"") -> INGEANDINA CONSULTORES DE INGENIERIA SAS | E48: =IFERROR(IF(D48="","",IF(VLOOKUP(D48,DESEMPATE!D$3:$E$19,2,FALSE)=1,"N/A",IF(VLOOKUP(D48,DESEMPATE!D$3:$E$19,2,FALSE)>=0.51,"SI","NO"))),"") -> SI | F48: SI | G48: MINISTERIO DE OBRAS PÙBLICAS DE CHILE | H48: CHILE | J48: ASESORÍA DE INSPECCIÓN TÉCNICA A LA EXPLOTACIÓN (OPERACIÓN Y MANTENIMIENTO) DE LA OBRA VIAL CONCESIONADA: SISTEMA ORIENTE-PONENTE | K48: SI | L48: SI | M48: =IFERROR(IF(O48="","",IF(O48>=DATE(1990,1,1),"SI","NO")),"") -> SI | N48: 1 | O48: 39982 | P48: 40865 | Q48: =IF(P48="","",YEAR(P48)) -> 2011 | R48: =IFERROR(INDEX(PARAMETROS!$B$53:$B$101,MATCH(Q48,PARAMETROS!$A$53:$A$101,0)),"") -> 535600 | S48: N/A | T48: USD | U48: =IFERROR(IF(T48="","",IF(T48="COP","N/A",IF(OR(T48="USD",T48="US"),1,IF(T48="EUR",VLOOKUP(P48,'SH EURO'!$A$6:$B$10372,2,FALSE),"INGRESAR TASA")))),"") -> 1 | V48: N/A | W48: =IFERROR(IF(T48="","",IF(T48="COP",1,IF(U48<>"N/A",VLOOKUP(P48,'SH TRM'!$A$9:$B$100372,2,FALSE),"REVISAR"))),"") -> 1910.83 | X48: N/A | Y48: 11756.61 | Z48: =IFERROR(IF(OR(K48="",K48="NO"),"",IF(F48="SI",IFERROR(Y48*N48,""),"")),"") -> 11756.61 | AC48: =IFERROR(IF(Z48="","",IF(Z48>=CM001EMM1,"CUMPLE","NO CUMPLE")),"") -> CUMPLE | AD48: 5 | AE48: SI | AH48: SI | AK48: SI | AN48: =IFERROR(IF(AD48="","",IF(ISNUMBER(AD48),IF(COUNTIF(AE48:AM48,"SI")>0,"SI","NO"),AD48)),"") -> SI
B49: P08-02 | D49: =IFERROR(INDEX(DESEMPATE!$D$3:$D$63,MATCH('EXP GEN.'!B49,DESEMPATE!$C$3:$C$63,0)),"") -> APPLUS SERVICIOS INTEGRALES SAS | E49: =IFERROR(IF(D49="","",IF(VLOOKUP(D49,DESEMPATE!D$3:$E$19,2,FALSE)=1,"N/A",IF(VLOOKUP(D49,DESEMPATE!D$3:$E$19,2,FALSE)>=0.51,"SI","NO"))),"") -> NO | F49: SI | G49: AUTOPISTAS DEL ATLANTICO CONCESIONARIA ESPAÑOLA SA | H49: ESPAÑA | I49: - | J49: ASITENCIA TECNICA PARA EL CONTROL Y VIGILANCIA DE LAS OBRAS DE CONSTRUCCION, INCLUIDO SEGUIMIENTO AMBIENTAL DEL TRAMO "INTERCAMBIADOR DE REBULLON - FRONTERA PORTUGUESA" DE LA AUTOPISTA DEL ATLANTICO | K49: NO | L49: SI | M49: =IFERROR(IF(O49="","",IF(O49>=DATE(1990,1,1),"SI","NO")),"") -> SI | N49: 1 | O49: 36815 | P49: 38168 | Q49: =IF(P49="","",YEAR(P49)) -> 2004 | R49: =IFERROR(INDEX(PARAMETROS!$B$53:$B$101,MATCH(Q49,PARAMETROS!$A$53:$A$101,0)),"") -> 358000 | S49: N/A | T49: EUR | U49: =IFERROR(IF(T49="","",IF(T49="COP","N/A",IF(OR(T49="USD",T49="US"),1,IF(T49="EUR",VLOOKUP(P49,'SH EURO'!$A$6:$B$10372,2,FALSE),"INGRESAR TASA")))),"") -> 1.2082 | V49: N/A | W49: =IFERROR(IF(T49="","",IF(T49="COP",1,IF(U49<>"N/A",VLOOKUP(P49,'SH TRM'!$A$9:$B$100372,2,FALSE),"REVISAR"))),"") -> 2699.58 | X49: N/A | Y49: 28757.47 | Z49: =IFERROR(IF(OR(K49="",K49="NO"),"",IF(F49="SI",IFERROR(Y49*N49,""),"")),"") | AC49: NO CUMPLE | AD49: 105 | AE49: SI | AH49: SI | AK49: SI | AN49: =IFERROR(IF(AD49="","",IF(ISNUMBER(AD49),IF(COUNTIF(AE49:AM49,"SI")>0,"SI","NO"),AD49)),"") -> SI
D50: =IFERROR(INDEX(DESEMPATE!$D$3:$D$63,MATCH('EXP GEN.'!B50,DESEMPATE!$C$3:$C$63,0)),"") | E50: =IFERROR(IF(D50="","",IF(VLOOKUP(D50,DESEMPATE!D$3:$E$19,2,FALSE)=1,"N/A",IF(VLOOKUP(D50,DESEMPATE!D$3:$E$19,2,FALSE)>=0.51,"SI","NO"))),"") | F50: SI | M50: =IFERROR(IF(O50="","",IF(O50>=DATE(1990,1,1),"SI","NO")),"") | Q50: =IF(P50="","",YEAR(P50)) | R50: =IFERROR(INDEX(PARAMETROS!$B$53:$B$101,MATCH(Q50,PARAMETROS!$A$53:$A$101,0)),"") | U50: =IFERROR(IF(T50="","",IF(T50="COP","N/A",IF(OR(T50="USD",T50="US"),1,IF(T50="EUR",VLOOKUP(P50,'SH EURO'!$A$6:$B$10372,2,FALSE),"INGRESAR TASA")))),"") | V50: =IFERROR(IF(S50="","",IF(U50="INGRESAR TASA","INGRESAR TASA USD",IF(U50="N/A","N/A",U50*S50))),"") | W50: =IFERROR(IF(T50="","",IF(T50="COP",1,IF(U50<>"N/A",VLOOKUP(P50,'SH TRM'!$A$9:$B$100372,2,FALSE),"REVISAR"))),"") | X50: =IFERROR(IF(W50<>"",IF(T50<>"COP",V50*W50,S50),""),"") | Y50: =IFERROR(X50/R50,"") | Z50: =IFERROR(IF(OR(K50="",K50="NO"),"",IF(F50="SI",IFERROR(Y50*N50,""),"")),"") | AC50: =IFERROR(IF(Z50="","",IF(Z50>=CM001EMM1,"CUMPLE","NO CUMPLE")),"") | AN50: =IFERROR(IF(AD50="","",IF(ISNUMBER(AD50),IF(COUNTIF(AE50:AM50,"SI")>0,"SI","NO"),AD50)),"")
A51: P09 | B51: P09-01 | D51: =IFERROR(INDEX(DESEMPATE!$D$3:$D$63,MATCH('EXP GEN.'!B51,DESEMPATE!$C$3:$C$63,0)),"") -> GEOTECNIA Y CIMIENTOS INGEOCIM SAS | E51: =IFERROR(IF(D51="","",IF(VLOOKUP(D51,DESEMPATE!D$3:$E$19,2,FALSE)=1,"N/A",IF(VLOOKUP(D51,DESEMPATE!D$3:$E$19,2,FALSE)>=0.51,"SI","NO"))),"") -> SI | F51: SI | G51: GOBERNACIÓN DE CASANARE | H51: COLOMBIA | I51: 0852 DE 1997 | J51: CONTRATO NO. 0852 DE 1997: INTERVENTORÍA Y ASESORÍA TÉCNICA Y ADMINISTRATIVA PARA LAS OBRAS DE AMPLIACIÓN, RECTIFICACIÓN Y PAVIMENTACIÓN DE LA VÍA AGUAZUL - MANÍ, SECTOR K33+000 A MANÍ | K51: SI | L51: SI | M51: =IFERROR(IF(O51="","",IF(O51>=DATE(1990,1,1),"SI","NO")),"") -> SI | N51: 0.9 | O51: 35730 | P51: 36459 | Q51: =IF(P51="","",YEAR(P51)) -> 1999 | R51: =IFERROR(INDEX([2]PARAMETROS!$B$53:$B$101,MATCH(Q51,[2]PARAMETROS!$A$53:$A$101,0)),"") -> 236460 | S51: N/A | T51: COP | U51: =IFERROR(IF(T51="","",IF(T51="COP","N/A",IF(OR(T51="USD",T51="US"),1,IF(T51="EUR",VLOOKUP(P51,'[2]SH EURO'!$A$6:$B$10372,2,FALSE),"INGRESAR TASA")))),"") -> N/A | V51: =IFERROR(IF(S51="","",IF(U51="INGRESAR TASA","INGRESAR TASA USD",IF(U51="N/A","N/A",U51*S51))),"") -> N/A | W51: =IFERROR(IF(T51="","",IF(T51="COP",1,IF(U51<>"N/A",VLOOKUP(P51,'[2]SH TRM'!$A$9:$B$100372,2,FALSE),"REVISAR"))),"") -> 1 | X51: =IFERROR(IF(W51<>"",IF(T51<>"COP",V51*W51,S51),""),"") -> N/A | Y51: 5682.99 | Z51: =IFERROR(IF(OR(K51="",K51="NO"),"",IF(F51="SI",IFERROR(Y51*N51,""),"")),"") -> 5114.691 | AA51: =IFERROR(IF(COUNTIF(Z51:Z56,"")=6,"",IF(SUM(Z51:Z56)>=CM001M1,"CUMPLE","NO CUMPLE")),"") -> CUMPLE | AB51: =IFERROR(IF(COUNTIF(Z51:Z56,"")=6,"",IF(COUNTIF(E51:E56,"N/A")>0,IF(SUMIF(E51:E56,"N/A",Z51:Z56)>=CM001LM1,"CUMPLE","NO CUMPLE"),IF(SUMIF(E51:E56,"SI",Z51:Z56)>=CM001LM1,"CUMPLE","NO CUMPLE"))),"") -> CUMPLE | AC51: =IFERROR(IF(Z51="","",IF(Z51>=CM001EMM1,"CUMPLE","NO CUMPLE")),"") -> CUMPLE | AD51: 51 | AE51: SI | AH51: SI | AK51: SI | AN51: =IFERROR(IF(AD51="","",IF(ISNUMBER(AD51),IF(COUNTIF(AE51:AM51,"SI")>0,"SI","NO"),AD51)),"") -> SI | AO51: HÁBIL
B52: P09-01 | D52: =IFERROR(INDEX(DESEMPATE!$D$3:$D$63,MATCH('EXP GEN.'!B52,DESEMPATE!$C$3:$C$63,0)),"") -> GEOTECNIA Y CIMIENTOS INGEOCIM SAS | E52: =IFERROR(IF(D52="","",IF(VLOOKUP(D52,DESEMPATE!D$3:$E$19,2,FALSE)=1,"N/A",IF(VLOOKUP(D52,DESEMPATE!D$3:$E$19,2,FALSE)>=0.51,"SI","NO"))),"") -> SI | F52: SI | G52: INSTITUTO NACIONAL DE CONCESIONES - INCO | H52: COLOMBIA | I52: 062 DE 2005 | J52: CONTRATO NO. 062 DE 2005: INTERVENTORÍA TÉCNICA, AMBIENTAL, LEGAL, ADMINISTRATIVA, PREDIAL, FINANCIERA, Y OPERATIVA EN LA ETAPA DE OPERACIÓN DEL CONTRATO DE CONCESIÓN NO. 0849 DE 1995 DESARROLLO VIAL CARRETERA NEIVA – ESPINAL-GIRARDOT, DE CONFORMIDAD CON EL NUMERAL 5.1 DE LOS TÉRMINOS DE REFERENCIA, ES REVISAR, VERIFICAR, ANAÑIZAR Y CONCEPTUAR PERMANENTEMENTE TODOS LOS ASPECTOS TÉCNICOS, FINANCIEROS, AMBIENTALES, OPERATIVOS, JURÍDICOS, ADMINISTRATIVOS Y PREDIALES RELACIONADOS CON EL CONTRATO DE CONCESIÓN 849-95, A EFECTO DE CONSTATAR EL CUMPLIMIENTO POR PARTE DEL CONTRATISTA (CONCESIONARIO) DE LAS CONDICIONES ESTABLECIDAS EN EL MISMO, PARA EL DESARROLLO Y CONTROL INTEGRAL DEL PROYECTO Y DETERMINAR OPORTUNAMENTE LAS ACCIONES NECESARIAS PARA GARANTIZAR EL LOGRO DE LOS OBJETIVOS PREVISTOS DE ACUERDO CON LAS CONDICIONES ESTABLECIDAS EN EL CAPÍTULO V DE LOS TÉRMINOS DE REFERENCIA DEL CONCURSO PÚBLICO NO. SEA-C-007 DE 2005. | K52: SI | L52: SI | M52: =IFERROR(IF(O52="","",IF(O52>=DATE(1990,1,1),"SI","NO")),"") -> SI | N52: 0.5 | O52: 38772 | P52: 40656 | Q52: =IF(P52="","",YEAR(P52)) -> 2011 | R52: =IFERROR(INDEX([2]PARAMETROS!$B$53:$B$101,MATCH(Q52,[2]PARAMETROS!$A$53:$A$101,0)),"") -> 535600 | S52: N/A | T52: COP | U52: =IFERROR(IF(T52="","",IF(T52="COP","N/A",IF(OR(T52="USD",T52="US"),1,IF(T52="EUR",VLOOKUP(P52,'[2]SH EURO'!$A$6:$B$10372,2,FALSE),"INGRESAR TASA")))),"") -> N/A | V52: =IFERROR(IF(S52="","",IF(U52="INGRESAR TASA","INGRESAR TASA USD",IF(U52="N/A","N/A",U52*S52))),"") -> N/A | W52: =IFERROR(IF(T52="","",IF(T52="COP",1,IF(U52<>"N/A",VLOOKUP(P52,'[2]SH TRM'!$A$9:$B$100372,2,FALSE),"REVISAR"))),"") -> 1 | X52: =IFERROR(IF(W52<>"",IF(T52<>"COP",V52*W52,S52),""),"") -> N/A | Y52: 9262.19 | Z52: =IFERROR(IF(OR(K52="",K52="NO"),"",IF(F52="SI",IFERROR(Y52*N52,""),"")),"") -> 4631.095 | AC52: =IFERROR(IF(Z52="","",IF(Z52>=CM001EMM1,"CUMPLE","NO CUMPLE")),"") -> CUMPLE | AD52: 26 | AE52: SI | AH52: SI | AK52: SI | AN52: =IFERROR(IF(AD52="","",IF(ISNUMBER(AD52),IF(COUNTIF(AE52:AM52,"SI")>0,"SI","NO"),AD52)),"") -> SI
B53: P09-01 | D53: =IFERROR(INDEX(DESEMPATE!$D$3:$D$63,MATCH('EXP GEN.'!B53,DESEMPATE!$C$3:$C$63,0)),"") -> GEOTECNIA Y CIMIENTOS INGEOCIM SAS | E53: =IFERROR(IF(D53="","",IF(VLOOKUP(D53,DESEMPATE!D$3:$E$19,2,FALSE)=1,"N/A",IF(VLOOKUP(D53,DESEMPATE!D$3:$E$19,2,FALSE)>=0.51,"SI","NO"))),"") -> SI | F53: SI | G53: INVIAS | H53: COLOMBIA | I53: 2221 DE 2010 | J53: INTERVENTORIA PARA EL MANTENIMIENTO Y REHABILITACION DE LAS CARRETERAS PEREIRA - MANIZALES SECTOR CHINCHINA - ESTACION URIBE, RUTA 29 TRAMO 2902; TRES PUERTAS - PUENTE LA LIBERTAD, SECTOR TRES PUERTAS LA MANUELA RUTA 50 TRAMO 5005, TRES PUERTAS - LA ESTRELLA, RUTA 50CL02; QUIEBRA DE VELEZ IRRA - LA FELISA, SECTOR LA ESTRELLA LA FELISA RUTA 29 TRAMO 2903; CAUYA . LA PINTADA, SECTOR LA FELISA - LA PINTADA, RUTA 25 TRAMO 2508, DEPARTAMENTO DE CALDAS. MODULO 1 | K53: SI | L53: SI | M53: =IFERROR(IF(O53="","",IF(O53>=DATE(1990,1,1),"SI","NO")),"") -> SI | N53: 0.5 | O53: 41255 | P53: 42368 | Q53: =IF(P53="","",YEAR(P53)) -> 2015 | R53: =IFERROR(INDEX(PARAMETROS!$B$53:$B$101,MATCH(Q53,PARAMETROS!$A$53:$A$101,0)),"") -> 644350 | S53: N/A | T53: COP | U53: =IFERROR(IF(T53="","",IF(T53="COP","N/A",IF(OR(T53="USD",T53="US"),1,IF(T53="EUR",VLOOKUP(P53,'SH EURO'!$A$6:$B$10372,2,FALSE),"INGRESAR TASA")))),"") -> N/A | V53: =IFERROR(IF(S53="","",IF(U53="INGRESAR TASA","INGRESAR TASA USD",IF(U53="N/A","N/A",U53*S53))),"") -> N/A | W53: =IFERROR(IF(T53="","",IF(T53="COP",1,IF(U53<>"N/A",VLOOKUP(P53,'SH TRM'!$A$9:$B$100372,2,FALSE),"REVISAR"))),"") -> 1 | X53: =IFERROR(IF(W53<>"",IF(T53<>"COP",V53*W53,S53),""),"") -> N/A | Y53: 6427.46 | Z53: =IFERROR(IF(OR(K53="",K53="NO"),"",IF(F53="SI",IFERROR(Y53*N53,""),"")),"") -> 3213.73 | AC53: =IFERROR(IF(Z53="","",IF(Z53>=CM001EMM1,"CUMPLE","NO CUMPLE")),"") -> CUMPLE | AD53: 72 | AE53: SI | AH53: SI | AK53: SI | AN53: =IFERROR(IF(AD53="","",IF(ISNUMBER(AD53),IF(COUNTIF(AE53:AM53,"SI")>0,"SI","NO"),AD53)),"") -> SI
B54: P09-01 | D54: =IFERROR(INDEX(DESEMPATE!$D$3:$D$63,MATCH('EXP GEN.'!B54,DESEMPATE!$C$3:$C$63,0)),"") -> GEOTECNIA Y CIMIENTOS INGEOCIM SAS | E54: =IFERROR(IF(D54="","",IF(VLOOKUP(D54,DESEMPATE!D$3:$E$19,2,FALSE)=1,"N/A",IF(VLOOKUP(D54,DESEMPATE!D$3:$E$19,2,FALSE)>=0.51,"SI","NO"))),"") -> SI | F54: SI | G54: ANI | H54: COLOMBIA | I54: 282 DE 2013 | J54: INTERVENTORIA TECNICA, ECONOMICA, FINANCIERA, JURIDICA, ADMINISTRATIVA, OPERATIVA, MEDIO AMBIENTAL Y SOCIO PREDIAL DEL CONTRATO DE CONCESION BAJO UN ESQUEMA DE ASOCIACION PUBLICO PRIVADA QUE SE DERIVE DEL PROCESO LICITATORIO VJ-VE-LP-005-2012 CORRESPONDIENTE AL COREDOR LOBOGUERRERO-BUGA | K54: SI | L54: SI | M54: =IFERROR(IF(O54="","",IF(O54>=DATE(1990,1,1),"SI","NO")),"") -> SI | N54: 0.6 | O54: 41568 | P54: 42786 | Q54: =IFERROR(IF(P54="","",YEAR(P54)),"") -> 2017 | R54: =IFERROR(INDEX([2]PARAMETROS!$B$53:$B$101,MATCH(Q54,[2]PARAMETROS!$A$53:$A$101,0)),"") -> 737717 | S54: N/A | T54: COP | U54: =IFERROR(IF(T54="","",IF(T54="COP","N/A",IF(OR(T54="USD",T54="US"),1,IF(T54="EUR",VLOOKUP(P54,'[2]SH EURO'!$A$6:$B$10372,2,FALSE),"INGRESAR TASA")))),"") -> N/A | V54: =IFERROR(IF(S54="","",IF(U54="INGRESAR TASA","INGRESAR TASA USD",IF(U54="N/A","N/A",S54*U54))),"") -> N/A | W54: =IFERROR(IF(T54="","",IF(T54="COP",1,IF(U54<>"N/A",VLOOKUP(P54,'[2]SH TRM'!$A$9:$B$100372,2,FALSE),"REVISAR"))),"") -> 1 | X54: =IFERROR(IF(W54<>"",IF(T54<>"COP",V54*W54,S54),""),"") -> N/A | Y54: 6490.68 | Z54: =IFERROR(IF(OR(K54="",K54="NO"),"",IF(F54="SI",IFERROR(Y54*N54,""),"")),"") -> 3894.408 | AC54: =IFERROR(IF(Z54="","",IF(Z54>=CM001EMM1,"CUMPLE","NO CUMPLE")),"") -> CUMPLE | AD54: 78 | AE54: SI | AH54: SI | AK54: SI | AN54: =IFERROR(IF(AD54="","",IF(ISNUMBER(AD54),IF(COUNTIF(AE54:AM54,"SI")>0,"SI","NO"),AD54)),"") -> SI
B55: P09-02 | D55: =IFERROR(INDEX(DESEMPATE!$D$3:$D$63,MATCH('EXP GEN.'!B55,DESEMPATE!$C$3:$C$63,0)),"") -> AMAUTA CONSULTORIA E INGENIERIA SAS | E55: =IFERROR(IF(D55="","",IF(VLOOKUP(D55,DESEMPATE!D$3:$E$19,2,FALSE)=1,"N/A",IF(VLOOKUP(D55,DESEMPATE!D$3:$E$19,2,FALSE)>=0.51,"SI","NO"))),"") -> NO | F55: SI | G55: MINISTERIO DE FOMENTO - DMG DEL ESTADO DE ARAGON | H55: COLOMBIA | I55: 12-Z-3370 | J55: CONSULTORIA Y ASISTENCIA PARA EL CONTROL Y VIGILANCIA DE LAS OBRAS AUTOVIA DE LEVANTE A FRANCIA POR ARAGON. TRAMO: MARIA DE HUERVA - ZARAGOZA. PROVINCIA DE ZARAGOZA | K55: SI | L55: SI | M55: =IFERROR(IF(O55="","",IF(O55>=DATE(1990,1,1),"SI","NO")),"") -> SI | N55: 1 | O55: 37476 | P55: 38820 | Q55: =IF(P55="","",YEAR(P55)) -> 2006 | R55: =IFERROR(INDEX(PARAMETROS!$B$53:$B$101,MATCH(Q55,PARAMETROS!$A$53:$A$101,0)),"") -> 408000 | S55: N/A | T55: EUR | U55: =IFERROR(IF(T55="","",IF(T55="COP","N/A",IF(OR(T55="USD",T55="US"),1,IF(T55="EUR",VLOOKUP(P55,'SH EURO'!$A$6:$B$10372,2,FALSE),"INGRESAR TASA")))),"") -> 1.21365 | V55: N/A | W55: =IFERROR(IF(T55="","",IF(T55="COP",1,IF(U55<>"N/A",VLOOKUP(P55,'SH TRM'!$A$9:$B$100372,2,FALSE),"REVISAR"))),"") -> 2335.16 | X55: N/A | Y55: 11472.78 | Z55: =IFERROR(IF(OR(K55="",K55="NO"),"",IF(F55="SI",IFERROR(Y55*N55,""),"")),"") -> 11472.78 | AC55: =IFERROR(IF(Z55="","",IF(Z55>=CM001EMM1,"CUMPLE","NO CUMPLE")),"") -> CUMPLE | AD55: 17 | AE55: NO | AH55: SI | AK55: SI | AN55: =IFERROR(IF(AD55="","",IF(ISNUMBER(AD55),IF(COUNTIF(AE55:AM55,"SI")>0,"SI","NO"),AD55)),"") -> SI
D56: =IFERROR(INDEX(DESEMPATE!$D$3:$D$63,MATCH('EXP GEN.'!B56,DESEMPATE!$C$3:$C$63,0)),"") | E56: =IFERROR(IF(D56="","",IF(VLOOKUP(D56,DESEMPATE!D$3:$E$19,2,FALSE)=1,"N/A",IF(VLOOKUP(D56,DESEMPATE!D$3:$E$19,2,FALSE)>=0.51,"SI","NO"))),"") | F56: SI | M56: =IFERROR(IF(O56="","",IF(O56>=DATE(1990,1,1),"SI","NO")),"") | Q56: =IF(P56="","",YEAR(P56)) | R56: =IFERROR(INDEX(PARAMETROS!$B$53:$B$101,MATCH(Q56,PARAMETROS!$A$53:$A$101,0)),"") | U56: =IFERROR(IF(T56="","",IF(T56="COP","N/A",IF(OR(T56="USD",T56="US"),1,IF(T56="EUR",VLOOKUP(P56,'SH EURO'!$A$6:$B$10372,2,FALSE),"INGRESAR TASA")))),"") | V56: =IFERROR(IF(S56="","",IF(U56="INGRESAR TASA","INGRESAR TASA USD",IF(U56="N/A","N/A",U56*S56))),"") | W56: =IFERROR(IF(T56="","",IF(T56="COP",1,IF(U56<>"N/A",VLOOKUP(P56,'SH TRM'!$A$9:$B$100372,2,FALSE),"REVISAR"))),"") | X56: =IFERROR(IF(W56<>"",IF(T56<>"COP",V56*W56,S56),""),"") | Y56: =IFERROR(X56/R56,"") | Z56: =IFERROR(IF(OR(K56="",K56="NO"),"",IF(F56="SI",IFERROR(Y56*N56,""),"")),"") | AC56: =IFERROR(IF(Z56="","",IF(Z56>=CM001EMM1,"CUMPLE","NO CUMPLE")),"") | AN56: =IFERROR(IF(AD56="","",IF(ISNUMBER(AD56),IF(COUNTIF(AE56:AM56,"SI")>0,"SI","NO"),AD56)),"")
A57: P10 | B57: P10-01 | D57: =IFERROR(INDEX(DESEMPATE!$D$3:$D$63,MATCH('EXP GEN.'!B57,DESEMPATE!$C$3:$C$63,0)),"") -> AFA CONSULTORES Y CONSTRUCTORES SA | E57: =IFERROR(IF(D57="","",IF(VLOOKUP(D57,DESEMPATE!D$3:$E$19,2,FALSE)=1,"N/A",IF(VLOOKUP(D57,DESEMPATE!D$3:$E$19,2,FALSE)>=0.51,"SI","NO"))),"") -> N/A | F57: SI | G57: DEPARATAMENTO DEL MAGDALENA | H57: COLOMBIA | I57: 051 DE 1993 | J57: INTERVENTORÍA AL CONTRATO DE CONCESIÓN Nº 0441993 PARA LA REHABILITACIÓN, CONSTRUCCIÓN, MEJORAMIENTO, CONSERVACIÓN, MANTENIMIENTO Y OPERACIÓN DE LA VÍA BARRANQUILLA - CIÉNAGA ENTRE LAS ABSCISAS K0+000 AL K62+000 | K57: SI | L57: SI | M57: =IFERROR(IF(O57="","",IF(O57>=DATE(1990,1,1),"SI","NO")),"") -> SI | N57: 0.45 | O57: 34338 | P57: 36305 | Q57: =IF(P57="","",YEAR(P57)) -> 1999 | R57: =IFERROR(INDEX(PARAMETROS!$B$53:$B$101,MATCH(Q57,PARAMETROS!$A$53:$A$101,0)),"") -> 236460 | S57: N/A | T57: COP | U57: =IFERROR(IF(T57="","",IF(T57="COP","N/A",IF(OR(T57="USD",T57="US"),1,IF(T57="EUR",VLOOKUP(P57,'SH EURO'!$A$6:$B$10372,2,FALSE),"INGRESAR TASA")))),"") -> N/A | V57: =IFERROR(IF(S57="","",IF(U57="INGRESAR TASA","INGRESAR TASA USD",IF(U57="N/A","N/A",U57*S57))),"") -> N/A | W57: =IFERROR(IF(T57="","",IF(T57="COP",1,IF(U57<>"N/A",VLOOKUP(P57,'SH TRM'!$A$9:$B$100372,2,FALSE),"REVISAR"))),"") -> 1 | X57: =IFERROR(IF(W57<>"",IF(T57<>"COP",V57*W57,S57),""),"") -> N/A | Y57: 18995.05 | Z57: =IFERROR(IF(OR(K57="",K57="NO"),"",IF(F57="SI",IFERROR(Y57*N57,""),"")),"") -> 8547.7725 | AA57: =IFERROR(IF(COUNTIF(Z57:Z62,"")=6,"",IF(SUM(Z57:Z62)>=CM001M1,"CUMPLE","NO CUMPLE")),"") -> CUMPLE | AB57: =IFERROR(IF(COUNTIF(Z57:Z62,"")=6,"",IF(COUNTIF(E57:E62,"N/A")>0,IF(SUMIF(E57:E62,"N/A",Z57:Z62)>=CM001LM1,"CUMPLE","NO CUMPLE"),IF(SUMIF(E57:E62,"SI",Z57:Z62)>=CM001LM1,"CUMPLE","NO CUMPLE"))),"") -> CUMPLE | AC57: =IFERROR(IF(Z57="","",IF(Z57>=CM001EMM1,"CUMPLE","NO CUMPLE")),"") -> CUMPLE | AD57: 10 | AE57: NO | AH57: SI | AK57: SI | AN57: =IFERROR(IF(AD57="","",IF(ISNUMBER(AD57),IF(COUNTIF(AE57:AM57,"SI")>0,"SI","NO"),AD57)),"") -> SI | AO57: HÁBIL
B58: P10-01 | D58: =IFERROR(INDEX(DESEMPATE!$D$3:$D$63,MATCH('EXP GEN.'!B58,DESEMPATE!$C$3:$C$63,0)),"") -> AFA CONSULTORES Y CONSTRUCTORES SA | E58: =IFERROR(IF(D58="","",IF(VLOOKUP(D58,DESEMPATE!D$3:$E$19,2,FALSE)=1,"N/A",IF(VLOOKUP(D58,DESEMPATE!D$3:$E$19,2,FALSE)>=0.51,"SI","NO"))),"") -> N/A | F58: SI | G58: ALCALDIA MAYOR DE CARTAGENA | H58: COLOMBIA | I58: VAL-03-2006 | J58: INTERVENTORÍA AL CONTRATO DE CONCESIÓN PARA LA CONSTRUCCIÓN Y MEJORAMIENTO DE LA VÍA TRASVERSAL DE BARU | K58: SI | L58: SI | M58: =IFERROR(IF(O58="","",IF(O58>=DATE(1990,1,1),"SI","NO")),"") -> SI | N58: 1 | O58: 39142 | P58: 40920 | Q58: =IF(P58="","",YEAR(P58)) -> 2012 | R58: =IFERROR(INDEX(PARAMETROS!$B$53:$B$101,MATCH(Q58,PARAMETROS!$A$53:$A$101,0)),"") -> 566700 | S58: N/A | T58: COP | U58: =IFERROR(IF(T58="","",IF(T58="COP","N/A",IF(OR(T58="USD",T58="US"),1,IF(T58="EUR",VLOOKUP(P58,'SH EURO'!$A$6:$B$10372,2,FALSE),"INGRESAR TASA")))),"") -> N/A | V58: =IFERROR(IF(S58="","",IF(U58="INGRESAR TASA","INGRESAR TASA USD",IF(U58="N/A","N/A",U58*S58))),"") -> N/A | W58: =IFERROR(IF(T58="","",IF(T58="COP",1,IF(U58<>"N/A",VLOOKUP(P58,'SH TRM'!$A$9:$B$100372,2,FALSE),"REVISAR"))),"") -> 1 | X58: =IFERROR(IF(W58<>"",IF(T58<>"COP",V58*W58,S58),""),"") -> N/A | Y58: 5579.2 | Z58: =IFERROR(IF(OR(K58="",K58="NO"),"",IF(F58="SI",IFERROR(Y58*N58,""),"")),"") -> 5579.2 | AC58: =IFERROR(IF(Z58="","",IF(Z58>=CM001EMM1,"CUMPLE","NO CUMPLE")),"") -> CUMPLE | AD58: 5 | AE58: SI | AH58: SI | AK58: SI | AN58: =IFERROR(IF(AD58="","",IF(ISNUMBER(AD58),IF(COUNTIF(AE58:AM58,"SI")>0,"SI","NO"),AD58)),"") -> SI
B59: P10-01 | D59: =IFERROR(INDEX(DESEMPATE!$D$3:$D$63,MATCH('EXP GEN.'!B59,DESEMPATE!$C$3:$C$63,0)),"") -> AFA CONSULTORES Y CONSTRUCTORES SA | E59: =IFERROR(IF(D59="","",IF(VLOOKUP(D59,DESEMPATE!D$3:$E$19,2,FALSE)=1,"N/A",IF(VLOOKUP(D59,DESEMPATE!D$3:$E$19,2,FALSE)>=0.51,"SI","NO"))),"") -> N/A | F59: SI | G59: DEPARTAMENTO DEL MAGDALENA | H59: COLOMBIA | I59: 001 DE 2007 | J59: INTERVENTORIA A LA PRIMERA FASE DEL PLAN VIAL DEL NORTE DEL DEPARTAMENTO DEL MAGDALENA | K59: SI | L59: SI | M59: =IFERROR(IF(O59="","",IF(O59>=DATE(1990,1,1),"SI","NO")),"") -> SI | N59: 0.55 | O59: 39125 | P59: 43136 | Q59: =IF(P59="","",YEAR(P59)) -> 2018 | R59: =IFERROR(INDEX(PARAMETROS!$B$53:$B$101,MATCH(Q59,PARAMETROS!$A$53:$A$101,0)),"") -> 781242 | S59: 3.0196824e+10 | T59: COP | U59: =IFERROR(IF(T59="","",IF(T59="COP","N/A",IF(OR(T59="USD",T59="US"),1,IF(T59="EUR",VLOOKUP(P59,'SH EURO'!$A$6:$B$10372,2,FALSE),"INGRESAR TASA")))),"") -> N/A | V59: =IFERROR(IF(S59="","",IF(U59="INGRESAR TASA","INGRESAR TASA USD",IF(U59="N/A","N/A",U59*S59))),"") -> N/A | W59: =IFERROR(IF(T59="","",IF(T59="COP",1,IF(U59<>"N/A",VLOOKUP(P59,'SH TRM'!$A$9:$B$100372,2,FALSE),"REVISAR"))),"") -> 1 | X59: =IFERROR(IF(W59<>"",IF(T59<>"COP",V59*W59,S59),""),"") -> 3.0196824e+10 | Y59: =IFERROR(X59/R59,"") -> 38652.33 | Z59: =IFERROR(IF(OR(K59="",K59="NO"),"",IF(F59="SI",IFERROR(Y59*N59,""),"")),"") -> 21258.782 | AC59: =IFERROR(IF(Z59="","",IF(Z59>=CM001EMM1,"CUMPLE","NO CUMPLE")),"") -> CUMPLE | AD59: EJECUCION | AN59: =IFERROR(IF(AD59="","",IF(ISNUMBER(AD59),IF(COUNTIF(AE59:AM59,"SI")>0,"SI","NO"),AD59)),"") -> EJECUCION
B60: P10-01 | D60: =IFERROR(INDEX(DESEMPATE!$D$3:$D$63,MATCH('EXP GEN.'!B60,DESEMPATE!$C$3:$C$63,0)),"") -> AFA CONSULTORES Y CONSTRUCTORES SA | E60: =IFERROR(IF(D60="","",IF(VLOOKUP(D60,DESEMPATE!D$3:$E$19,2,FALSE)=1,"N/A",IF(VLOOKUP(D60,DESEMPATE!D$3:$E$19,2,FALSE)>=0.51,"SI","NO"))),"") -> N/A | F60: SI | G60: ANI | H60: COLOMBIA | I60: 024 DE 2015 | J60: INTERVENTORIA TECNICA, ECONOMICA, FINANCIERA, JURIDICA ,ADMINISTRATIVA, OPERATIVA, MEDIO AMBIENTAL Y SOCIO PREDIAL DE LOS CONTRATOS DE CONCESIÓN BAJO UN ESQUEMA DE ASOCIACIÓN PUBLICO PRIVADA QUE DERIVA DE LOS PROCESOS LICITATORIOS NO VJ-VE-IP-LP-006-2013 CORRESPONDIENTE AL CORREDOR CONCESIONARIO "AUTOPISTA AL RIO MAGDALENA 2" | K60: SI | L60: SI | M60: =IFERROR(IF(O60="","",IF(O60>=DATE(1990,1,1),"SI","NO")),"") -> SI | N60: 0.55 | O60: 42075 | P60: 43159 | Q60: =IF(P60="","",YEAR(P60)) -> 2018 | R60: =IFERROR(INDEX(PARAMETROS!$B$53:$B$101,MATCH(Q60,PARAMETROS!$A$53:$A$101,0)),"") -> 781242 | S60: 16612037743 | T60: COP | U60: =IFERROR(IF(T60="","",IF(T60="COP","N/A",IF(OR(T60="USD",T60="US"),1,IF(T60="EUR",VLOOKUP(P60,'SH EURO'!$A$6:$B$10372,2,FALSE),"INGRESAR TASA")))),"") -> N/A | V60: =IFERROR(IF(S60="","",IF(U60="INGRESAR TASA","INGRESAR TASA USD",IF(U60="N/A","N/A",U60*S60))),"") -> N/A | W60: =IFERROR(IF(T60="","",IF(T60="COP",1,IF(U60<>"N/A",VLOOKUP(P60,'SH TRM'!$A$9:$B$100372,2,FALSE),"REVISAR"))),"") -> 1 | X60: =IFERROR(IF(W60<>"",IF(T60<>"COP",V60*W60,S60),""),"") -> 16612037743 | Y60: =IFERROR(X60/R60,"") -> 21263.626 | Z60: =IFERROR(IF(OR(K60="",K60="NO"),"",IF(F60="SI",IFERROR(Y60*N60,""),"")),"") -> 11694.994 | AC60: =IFERROR(IF(Z60="","",IF(Z60>=CM001EMM1,"CUMPLE","NO CUMPLE")),"") -> CUMPLE | AD60: EJECUCION | AN60: =IFERROR(IF(AD60="","",IF(ISNUMBER(AD60),IF(COUNTIF(AE60:AM60,"SI")>0,"SI","NO"),AD60)),"") -> EJECUCION
B61: P10-01 | D61: =IFERROR(INDEX(DESEMPATE!$D$3:$D$63,MATCH('EXP GEN.'!B61,DESEMPATE!$C$3:$C$63,0)),"") -> AFA CONSULTORES Y CONSTRUCTORES SA | E61: =IFERROR(IF(D61="","",IF(VLOOKUP(D61,DESEMPATE!D$3:$E$19,2,FALSE)=1,"N/A",IF(VLOOKUP(D61,DESEMPATE!D$3:$E$19,2,FALSE)>=0.51,"SI","NO"))),"") -> N/A | F61: SI | G61: ANI | H61: COLOMBIA | I61: VGC-251 DE 2015 | J61: INTERVENTORIA TECNICA, ECONOMICA, FINANCIERA, JURIDICA ,ADMINISTRATIVA, OPERATIVA, MEDIO AMBIENTAL Y SOCIO PREDIAL DE LOS CONTRATOS DE CONCESIÓN BAJO UN ESQUEMA DE ASOCIACIÓN PUBLICO PRIVADA DEL PROYECTO DENOMINADO MALLA VIAL DEL META | K61: SI | L61: SI | M61: =IFERROR(IF(O61="","",IF(O61>=DATE(1990,1,1),"SI","NO")),"") -> SI | N61: 0.6 | O61: 42164 | P61: 43039 | Q61: =IF(P61="","",YEAR(P61)) -> 2017 | R61: =IFERROR(INDEX(PARAMETROS!$B$53:$B$101,MATCH(Q61,PARAMETROS!$A$53:$A$101,0)),"") -> 737717 | S61: 8.2910836e+09 | T61: COP | U61: =IFERROR(IF(T61="","",IF(T61="COP","N/A",IF(OR(T61="USD",T61="US"),1,IF(T61="EUR",VLOOKUP(P61,'SH EURO'!$A$6:$B$10372,2,FALSE),"INGRESAR TASA")))),"") -> N/A | V61: =IFERROR(IF(S61="","",IF(U61="INGRESAR TASA","INGRESAR TASA USD",IF(U61="N/A","N/A",U61*S61))),"") -> N/A | W61: =IFERROR(IF(T61="","",IF(T61="COP",1,IF(U61<>"N/A",VLOOKUP(P61,'SH TRM'!$A$9:$B$100372,2,FALSE),"REVISAR"))),"") -> 1 | X61: =IFERROR(IF(W61<>"",IF(T61<>"COP",V61*W61,S61),""),"") -> 8.2910836e+09 | Y61: =IFERROR(X61/R61,"") -> 11238.84 | Z61: =IFERROR(IF(OR(K61="",K61="NO"),"",IF(F61="SI",IFERROR(Y61*N61,""),"")),"") -> 6743.3042 | AC61: =IFERROR(IF(Z61="","",IF(Z61>=CM001EMM1,"CUMPLE","NO CUMPLE")),"") -> CUMPLE | AD61: EJECUCION | AN61: =IFERROR(IF(AD61="","",IF(ISNUMBER(AD61),IF(COUNTIF(AE61:AM61,"SI")>0,"SI","NO"),AD61)),"") -> EJECUCION
D62: =IFERROR(INDEX(DESEMPATE!$D$3:$D$63,MATCH('EXP GEN.'!B62,DESEMPATE!$C$3:$C$63,0)),"") | E62: =IFERROR(IF(D62="","",IF(VLOOKUP(D62,DESEMPATE!D$3:$E$19,2,FALSE)=1,"N/A",IF(VLOOKUP(D62,DESEMPATE!D$3:$E$19,2,FALSE)>=0.51,"SI","NO"))),"") | F62: SI | M62: =IFERROR(IF(O62="","",IF(O62>=DATE(1990,1,1),"SI","NO")),"") | Q62: =IF(P62="","",YEAR(P62)) | R62: =IFERROR(INDEX(PARAMETROS!$B$53:$B$101,MATCH(Q62,PARAMETROS!$A$53:$A$101,0)),"") | U62: =IFERROR(IF(T62="","",IF(T62="COP","N/A",IF(OR(T62="USD",T62="US"),1,IF(T62="EUR",VLOOKUP(P62,'SH EURO'!$A$6:$B$10372,2,FALSE),"INGRESAR TASA")))),"") | V62: =IFERROR(IF(S62="","",IF(U62="INGRESAR TASA","INGRESAR TASA USD",IF(U62="N/A","N/A",U62*S62))),"") | W62: =IFERROR(IF(T62="","",IF(T62="COP",1,IF(U62<>"N/A",VLOOKUP(P62,'SH TRM'!$A$9:$B$100372,2,FALSE),"REVISAR"))),"") | X62: =IFERROR(IF(W62<>"",IF(T62<>"COP",V62*W62,S62),""),"") | Y62: =IFERROR(X62/R62,"") | Z62: =IFERROR(IF(OR(K62="",K62="NO"),"",IF(F62="SI",IFERROR(Y62*N62,""),"")),"") | AC62: =IFERROR(IF(Z62="","",IF(Z62>=CM001EMM1,"CUMPLE","NO CUMPLE")),"") | AN62: =IFERROR(IF(AD62="","",IF(ISNUMBER(AD62),IF(COUNTIF(AE62:AM62,"SI")>0,"SI","NO"),AD62)),"")
A63: P11 | B63: P11-01 | D63: =IFERROR(INDEX(DESEMPATE!$D$3:$D$63,MATCH('EXP GEN.'!B63,DESEMPATE!$C$3:$C$63,0)),"") -> SONDEOS ESTRUCTURAS Y GEOTECNIA SUCURSAL COLOMBIA | E63: =IFERROR(IF(D63="","",IF(VLOOKUP(D63,DESEMPATE!D$3:$E$69,2,FALSE)=1,"N/A",IF(VLOOKUP(D63,DESEMPATE!D$3:$E$69,2,FALSE)>=0.51,"SI","NO"))),"") -> SI | F63: SI | G63: MINISTERIO DE FOMENTO | H63: ESPAÑA | I63: 30.001/05-6 | J63: CONSULTORÍA Y ASISTENCIA PARA LA REALIZACIÓN DEL CONTROL Y VIGILANCIA DE LAS OBRAS: AUTOVÍA A-63 DE OVIEDO A LA ESPINA. TRAMO: SALAS - LA ESPINA (1A CALZADA). | K63: SI | L63: SI | M63: =IFERROR(IF(O63="","",IF(O63>=DATE(1990,1,1),"SI","NO")),"") -> SI | N63: 0.5 | O63: 38693 | P63: 40907 | Q63: =IF(P63="","",YEAR(P63)) -> 2011 | R63: =IFERROR(INDEX(PARAMETROS!$B$53:$B$101,MATCH(Q63,PARAMETROS!$A$53:$A$101,0)),"") -> 535600 | S63: N/A | T63: EUR | U63: =IFERROR(IF(T63="","",IF(T63="COP","N/A",IF(OR(T63="USD",T63="US"),1,IF(T63="EUR",VLOOKUP(P63,'SH EURO'!$A$6:$B$10372,2,FALSE),"INGRESAR TASA")))),"") -> 1.29212 | V63: =IFERROR(IF(S63="","",IF(U63="INGRESAR TASA","INGRESAR TASA USD",IF(U63="N/A","N/A",U63*S63))),"") | W63: =IFERROR(IF(T63="","",IF(T63="COP",1,IF(U63<>"N/A",VLOOKUP(P63,'SH TRM'!$A$9:$B$100372,2,FALSE),"REVISAR"))),"") -> 1942.7 | X63: =IFERROR(IF(W63<>"",IF(T63<>"COP",V63*W63,S63),""),"") | Y63: 8606.49 | Z63: =IFERROR(IF(OR(K63="",K63="NO"),"",IF(F63="SI",IFERROR(Y63*N63,""),"")),"") -> 4303.245 | AA63: =IFERROR(IF(COUNTIF(Z63:Z68,"")=6,"",IF(SUM(Z63:Z68)>=CM001M1,"CUMPLE","NO CUMPLE")),"") -> CUMPLE | AB63: =IFERROR(IF(COUNTIF(Z63:Z68,"")=6,"",IF(COUNTIF(E63:E68,"N/A")>0,IF(SUMIF(E63:E68,"N/A",Z63:Z68)>=CM001LM1,"CUMPLE","NO CUMPLE"),IF(SUMIF(E63:E68,"SI",Z63:Z68)>=CM001LM1,"CUMPLE","NO CUMPLE"))),"") -> CUMPLE | AC63: =IFERROR(IF(Z63="","",IF(Z63>=CM001EMM1,"CUMPLE","NO CUMPLE")),"") -> CUMPLE | AD63: 78 | AE63: SI | AH63: SI | AK63: SI | AN63: =IFERROR(IF(AD63="","",IF(ISNUMBER(AD63),IF(COUNTIF(AE63:AM63,"SI")>0,"SI","NO"),AD63)),"") -> SI | AO63: HÁBIL
B64: P11-01 | D64: =IFERROR(INDEX(DESEMPATE!$D$3:$D$63,MATCH('EXP GEN.'!B64,DESEMPATE!$C$3:$C$63,0)),"") -> SONDEOS ESTRUCTURAS Y GEOTECNIA SUCURSAL COLOMBIA | E64: =IFERROR(IF(D64="","",IF(VLOOKUP(D64,DESEMPATE!D$3:$E$69,2,FALSE)=1,"N/A",IF(VLOOKUP(D64,DESEMPATE!D$3:$E$69,2,FALSE)>=0.51,"SI","NO"))),"") -> SI | F64: SI | G64: MINISTERIO DE FOMENTO | H64: ESPAÑA | I64: 200330690 | J64: CONSULTORÍA Y ASISTENCIA PARA EL CONTROL Y VIGILANCIA DE LAS OBORAS (INTERVENTORÍA): EJE ATLÁNTICO DE ALTA VELOCIDAD VARIANTE DE PORTAS (PONTEVEDRA). TRAMO II: PORTAS- VILA GARCÍA DE ARROUSA. PLATAFORMA Y VÍA. SUPRESIÓN DE P.N EN LA R.F DE GALICIA. LÍNEA MONFORTE - VIGO, PK 33/307, 35/347, 36/289 Y 37/908 DEL MUNICIPIO DE COLES (ORENSE). | K64: SI | L64: SI | M64: =IFERROR(IF(O64="","",IF(O64>=DATE(1990,1,1),"SI","NO")),"") -> SI | N64: 0.5 | O64: 41592 | P64: 39339 | Q64: =IF(P64="","",YEAR(P64)) -> 2007 | R64: =IFERROR(INDEX(PARAMETROS!$B$53:$B$101,MATCH(Q64,PARAMETROS!$A$53:$A$101,0)),"") -> 433700 | S64: N/A | T64: EUR | U64: =IFERROR(IF(T64="","",IF(T64="COP","N/A",IF(OR(T64="USD",T64="US"),1,IF(T64="EUR",VLOOKUP(P64,'SH EURO'!$A$6:$B$10372,2,FALSE),"INGRESAR TASA")))),"") -> 1.38938 | V64: =IFERROR(IF(S64="","",IF(U64="INGRESAR TASA","INGRESAR TASA USD",IF(U64="N/A","N/A",U64*S64))),"") | W64: =IFERROR(IF(T64="","",IF(T64="COP",1,IF(U64<>"N/A",VLOOKUP(P64,'SH TRM'!$A$9:$B$100372,2,FALSE),"REVISAR"))),"") -> 2157.75 | X64: =IFERROR(IF(W64<>"",IF(T64<>"COP",V64*W64,S64),""),"") | Y64: 17390.27 | Z64: =IFERROR(IF(OR(K64="",K64="NO"),"",IF(F64="SI",IFERROR(Y64*N64,""),"")),"") -> 8695.135 | AC64: =IFERROR(IF(Z64="","",IF(Z64>=CM001EMM1,"CUMPLE","NO CUMPLE")),"") -> CUMPLE | AD64: 83 | AE64: SI | AH64: SI | AK64: SI | AN64: =IFERROR(IF(AD64="","",IF(ISNUMBER(AD64),IF(COUNTIF(AE64:AM64,"SI")>0,"SI","NO"),AD64)),"") -> SI
B65: P11-02 | D65: =IFERROR(INDEX(DESEMPATE!$D$3:$D$63,MATCH('EXP GEN.'!B65,DESEMPATE!$C$3:$C$63,0)),"") -> PLANES S.A.S. | E65: =IFERROR(IF(D65="","",IF(VLOOKUP(D65,DESEMPATE!D$3:$E$69,2,FALSE)=1,"N/A",IF(VLOOKUP(D65,DESEMPATE!D$3:$E$69,2,FALSE)>=0.51,"SI","NO"))),"") -> NO | F65: SI | G65: SECRETARIA DE OBRAS Y VIAS DEL DEPARTAMENTO DE LA GUAJIRA | H65: COLOMBIA | I65: 018 DEL 29-12-2000 | J65: INTERVENTORÍA TÉCNICA Y ADMINISTRATIVA DE LA CONCESIÓN PARA LA ADECUACIÓN Y/O REHABILITACIÓN DE LA RED VIAL SECUNDARIA Y TERCIARIA, SU OPERACIÓN Y MANTENIMIENTO EN UNA LONGITUD DE 88,5 KM. EN EL DEPARTAMENTO DE LA GUAJIRA. | K65: SI | L65: SI | M65: =IFERROR(IF(O65="","",IF(O65>=DATE(1990,1,1),"SI","NO")),"") -> SI | N65: 0.5 | O65: 37288 | P65: 42592 | Q65: =IF(P65="","",YEAR(P65)) -> 2016 | R65: =IFERROR(INDEX(PARAMETROS!$B$53:$B$101,MATCH(Q65,PARAMETROS!$A$53:$A$101,0)),"") -> 689455 | S65: N/A | T65: COP | U65: =IFERROR(IF(T65="","",IF(T65="COP","N/A",IF(OR(T65="USD",T65="US"),1,IF(T65="EUR",VLOOKUP(P65,'SH EURO'!$A$6:$B$10372,2,FALSE),"INGRESAR TASA")))),"") -> N/A | V65: =IFERROR(IF(S65="","",IF(U65="INGRESAR TASA","INGRESAR TASA USD",IF(U65="N/A","N/A",U65*S65))),"") -> N/A | W65: =IFERROR(IF(T65="","",IF(T65="COP",1,IF(U65<>"N/A",VLOOKUP(P65,'SH TRM'!$A$9:$B$100372,2,FALSE),"REVISAR"))),"") -> 1 | X65: =IFERROR(IF(W65<>"",IF(T65<>"COP",V65*W65,S65),""),"") -> N/A | Y65: 16948.5 | Z65: =IFERROR(IF(OR(K65="",K65="NO"),"",IF(F65="SI",IFERROR(Y65*N65,""),"")),"") -> 8474.25 | AC65: =IFERROR(IF(Z65="","",IF(Z65>=CM001EMM1,"CUMPLE","NO CUMPLE")),"") -> CUMPLE | AD65: 155 | AE65: SI | AH65: SI | AK65: SI | AN65: =IFERROR(IF(AD65="","",IF(ISNUMBER(AD65),IF(COUNTIF(AE65:AM65,"SI")>0,"SI","NO"),AD65)),"") -> SI
B66: P11-02 | D66: =IFERROR(INDEX(DESEMPATE!$D$3:$D$63,MATCH('EXP GEN.'!B66,DESEMPATE!$C$3:$C$63,0)),"") -> PLANES S.A.S. | E66: =IFERROR(IF(D66="","",IF(VLOOKUP(D66,DESEMPATE!D$3:$E$69,2,FALSE)=1,"N/A",IF(VLOOKUP(D66,DESEMPATE!D$3:$E$69,2,FALSE)>=0.51,"SI","NO"))),"") -> NO | F66: SI | G66: VALORIZACIÓN DEPARTAMENTAL DEL VALLE | H66: COLOMBIA | I66: 003-95 | J66: INTERVENTORÍA OBRA PAVIMENTACIÓN DE LA VÍA DARIÉN-JIGUALES-PUENTE TIERRA. | K66: SI | L66: SI | M66: =IFERROR(IF(O66="","",IF(O66>=DATE(1990,1,1),"SI","NO")),"") -> SI | N66: 1 | O66: 35134 | P66: 35581 | Q66: =IF(P66="","",YEAR(P66)) -> 1997 | R66: =IFERROR(INDEX(PARAMETROS!$B$53:$B$101,MATCH(Q66,PARAMETROS!$A$53:$A$101,0)),"") -> 172005 | S66: N/A | T66: COP | U66: =IFERROR(IF(T66="","",IF(T66="COP","N/A",IF(OR(T66="USD",T66="US"),1,IF(T66="EUR",VLOOKUP(P66,'SH EURO'!$A$6:$B$10372,2,FALSE),"INGRESAR TASA")))),"") -> N/A | V66: =IFERROR(IF(S66="","",IF(U66="INGRESAR TASA","INGRESAR TASA USD",IF(U66="N/A","N/A",U66*S66))),"") -> N/A | W66: =IFERROR(IF(T66="","",IF(T66="COP",1,IF(U66<>"N/A",VLOOKUP(P66,'SH TRM'!$A$9:$B$100372,2,FALSE),"REVISAR"))),"") -> 1 | X66: =IFERROR(IF(W66<>"",IF(T66<>"COP",V66*W66,S66),""),"") -> N/A | Y66: 2627.42 | Z66: =IFERROR(IF(OR(K66="",K66="NO"),"",IF(F66="SI",IFERROR(Y66*N66,""),"")),"") -> 2627.42 | AC66: CUMPLE | AD66: 25 | AE66: SI | AH66: SI | AK66: SI | AN66: =IFERROR(IF(AD66="","",IF(ISNUMBER(AD66),IF(COUNTIF(AE66:AM66,"SI")>0,"SI","NO"),AD66)),"") -> SI
D67: =IFERROR(INDEX(DESEMPATE!$D$3:$D$63,MATCH('EXP GEN.'!B67,DESEMPATE!$C$3:$C$63,0)),"") | E67: =IFERROR(IF(D67="","",IF(VLOOKUP(D67,DESEMPATE!D$3:$E$69,2,FALSE)=1,"N/A",IF(VLOOKUP(D67,DESEMPATE!D$3:$E$69,2,FALSE)>=0.51,"SI","NO"))),"") | F67: SI | M67: =IFERROR(IF(O67="","",IF(O67>=DATE(1990,1,1),"SI","NO")),"") | Q67: =IF(P67="","",YEAR(P67)) | R67: =IFERROR(INDEX(PARAMETROS!$B$53:$B$101,MATCH(Q67,PARAMETROS!$A$53:$A$101,0)),"") | U67: =IFERROR(IF(T67="","",IF(T67="COP","N/A",IF(OR(T67="USD",T67="US"),1,IF(T67="EUR",VLOOKUP(P67,'SH EURO'!$A$6:$B$10372,2,FALSE),"INGRESAR TASA")))),"") | V67: =IFERROR(IF(S67="","",IF(U67="INGRESAR TASA","INGRESAR TASA USD",IF(U67="N/A","N/A",U67*S67))),"") | W67: =IFERROR(IF(T67="","",IF(T67="COP",1,IF(U67<>"N/A",VLOOKUP(P67,'SH TRM'!$A$9:$B$100372,2,FALSE),"REVISAR"))),"") | X67: =IFERROR(IF(W67<>"",IF(T67<>"COP",V67*W67,S67),""),"") | Y67: =IFERROR(X67/R67,"") | Z67: =IFERROR(IF(OR(K67="",K67="NO"),"",IF(F67="SI",IFERROR(Y67*N67,""),"")),"") | AC67: =IFERROR(IF(Z67="","",IF(Z67>=CM001EMM1,"CUMPLE","NO CUMPLE")),"") | AN67: =IFERROR(IF(AD67="","",IF(ISNUMBER(AD67),IF(COUNTIF(AE67:AM67,"SI")>0,"SI","NO"),AD67)),"")
D68: =IFERROR(INDEX(DESEMPATE!$D$3:$D$63,MATCH('EXP GEN.'!B68,DESEMPATE!$C$3:$C$63,0)),"") | E68: =IFERROR(IF(D68="","",IF(VLOOKUP(D68,DESEMPATE!D$3:$E$69,2,FALSE)=1,"N/A",IF(VLOOKUP(D68,DESEMPATE!D$3:$E$69,2,FALSE)>=0.51,"SI","NO"))),"") | F68: SI | M68: =IFERROR(IF(O68="","",IF(O68>=DATE(1990,1,1),"SI","NO")),"") | Q68: =IF(P68="","",YEAR(P68)) | R68: =IFERROR(INDEX(PARAMETROS!$B$53:$B$101,MATCH(Q68,PARAMETROS!$A$53:$A$101,0)),"") | U68: =IFERROR(IF(T68="","",IF(T68="COP","N/A",IF(OR(T68="USD",T68="US"),1,IF(T68="EUR",VLOOKUP(P68,'SH EURO'!$A$6:$B$10372,2,FALSE),"INGRESAR TASA")))),"") | V68: =IFERROR(IF(S68="","",IF(U68="INGRESAR TASA","INGRESAR TASA USD",IF(U68="N/A","N/A",U68*S68))),"") | W68: =IFERROR(IF(T68="","",IF(T68="COP",1,IF(U68<>"N/A",VLOOKUP(P68,'SH TRM'!$A$9:$B$100372,2,FALSE),"REVISAR"))),"") | X68: =IFERROR(IF(W68<>"",IF(T68<>"COP",V68*W68,S68),""),"") | Y68: =IFERROR(X68/R68,"") | Z68: =IFERROR(IF(OR(K68="",K68="NO"),"",IF(F68="SI",IFERROR(Y68*N68,""),"")),"") | AC68: =IFERROR(IF(Z68="","",IF(Z68>=CM001EMM1,"CUMPLE","NO CUMPLE")),"") | AN68: =IFERROR(IF(AD68="","",IF(ISNUMBER(AD68),IF(COUNTIF(AE68:AM68,"SI")>0,"SI","NO"),AD68)),"")
A69: P12 | B69: P12-01 | D69: =IFERROR(INDEX(DESEMPATE!$D$3:$D$63,MATCH('EXP GEN.'!B69,DESEMPATE!$C$3:$C$63,0)),"") -> JORGE PIDDO SEGUIDO DE LA EXPRESION SUCURSAL COLOMBIA | E69: =IFERROR(IF(D69="","",IF(VLOOKUP(D69,DESEMPATE!D$3:$E$69,2,FALSE)=1,"N/A",IF(VLOOKUP(D69,DESEMPATE!D$3:$E$69,2,FALSE)>=0.51,"SI","NO"))),"") -> N/A | F69: SI | G69: ANI | H69: COLOMBIA | I69: 086 DE 2012 | J69: INTERVENTORIA INTEGRAL DEL CONTRATO DE CONCESION QUE INCLUYE PERO NO SE LIMITA A LA INTERVENTORIA TECNICA, FINACNIERA, OPERATIVA, CONTABLE, JURIDICA, MEDIOMABIENTAL, SOCIO-PREDIAL, ADMINISTRATIVA DEL CONTRATO DE CONCESION Nº002 DE 2006 Y DEMAS DOCUMENTOS QUE LO MODIFIQUEN, ADICIONEN O COMPLEMENTEN PARA LA CONCESION ZONA METROPOLITANA DE BUCARAMANGA | K69: SI | L69: SI | M69: =IFERROR(IF(O69="","",IF(O69>=DATE(1990,1,1),"SI","NO")),"") -> SI | N69: 1 | O69: 41185 | P69: 42521 | Q69: =IF(P69="","",YEAR(P69)) -> 2016 | R69: =IFERROR(INDEX(PARAMETROS!$B$53:$B$101,MATCH(Q69,PARAMETROS!$A$53:$A$101,0)),"") -> 689455 | S69: N/A | T69: COP | U69: =IFERROR(IF(T69="","",IF(T69="COP","N/A",IF(OR(T69="USD",T69="US"),1,IF(T69="EUR",VLOOKUP(P69,'SH EURO'!$A$6:$B$10372,2,FALSE),"INGRESAR TASA")))),"") -> N/A | V69: =IFERROR(IF(S69="","",IF(U69="INGRESAR TASA","INGRESAR TASA USD",IF(U69="N/A","N/A",U69*S69))),"") -> N/A | W69: =IFERROR(IF(T69="","",IF(T69="COP",1,IF(U69<>"N/A",VLOOKUP(P69,'SH TRM'!$A$9:$B$100372,2,FALSE),"REVISAR"))),"") -> 1 | X69: =IFERROR(IF(W69<>"",IF(T69<>"COP",V69*W69,S69),""),"") -> N/A | Y69: 8563.34 | Z69: =IFERROR(IF(OR(K69="",K69="NO"),"",IF(F69="SI",IFERROR(Y69*N69,""),"")),"") -> 8563.34 | AA69: =IFERROR(IF(COUNTIF(Z69:Z74,"")=6,"",IF(SUM(Z69:Z74)>=CM001M1,"CUMPLE","NO CUMPLE")),"") -> CUMPLE | AB69: =IFERROR(IF(COUNTIF(Z69:Z74,"")=6,"",IF(COUNTIF(E69:E74,"N/A")>0,IF(SUMIF(E69:E74,"N/A",Z69:Z74)>=CM001LM1,"CUMPLE","NO CUMPLE"),IF(SUMIF(E69:E74,"SI",Z69:Z74)>=CM001LM1,"CUMPLE","NO CUMPLE"))),"") -> CUMPLE | AC69: =IFERROR(IF(Z69="","",IF(Z69>=CM001EMM1,"CUMPLE","NO CUMPLE")),"") -> CUMPLE | AD69: 30 | AE69: SI | AH69: SI | AK69: SI | AN69: =IFERROR(IF(AD69="","",IF(ISNUMBER(AD69),IF(COUNTIF(AE69:AM69,"SI")>0,"SI","NO"),AD69)),"") -> SI | AO69: HÁBIL
B70: P12-01 | D70: =IFERROR(INDEX(DESEMPATE!$D$3:$D$63,MATCH('EXP GEN.'!B70,DESEMPATE!$C$3:$C$63,0)),"") -> JORGE PIDDO SEGUIDO DE LA EXPRESION SUCURSAL COLOMBIA | E70: =IFERROR(IF(D70="","",IF(VLOOKUP(D70,DESEMPATE!D$3:$E$69,2,FALSE)=1,"N/A",IF(VLOOKUP(D70,DESEMPATE!D$3:$E$69,2,FALSE)>=0.51,"SI","NO"))),"") -> N/A | F70: SI | G70: ANI | H70: COLOMBIA | I70: SEA 68 DE 2012 | J70: INTERVENTORIA TECNICA INTEGRAL QUE INCLUYE PERO NO SE LIMITA A LA INTERVENTORIA TECNICA, ADMINISTRATIVA, FINANCIERA, JURIDICA, OPERATIVA, PREDIAL, SOCIO-PREDIAL MEDIAMBIENTAL DEL PROYECTO DE CONCESION MALLA VIAL DEL VALLE DEL CAUCA Y CAUCA DEL CONTRATO DE CONCESION 005 DE 1999 | K70: SI | L70: SI | M70: =IFERROR(IF(O70="","",IF(O70>=DATE(1990,1,1),"SI","NO")),"") -> SI | N70: 0.5 | O70: 41049 | P70: 43028 | Q70: =IF(P70="","",YEAR(P70)) -> 2017 | R70: =IFERROR(INDEX(PARAMETROS!$B$53:$B$101,MATCH(Q70,PARAMETROS!$A$53:$A$101,0)),"") -> 737717 | S70: 1.7433955e+10 | T70: COP | U70: =IFERROR(IF(T70="","",IF(T70="COP","N/A",IF(OR(T70="USD",T70="US"),1,IF(T70="EUR",VLOOKUP(P70,'SH EURO'!$A$6:$B$10372,2,FALSE),"INGRESAR TASA")))),"") -> N/A | V70: =IFERROR(IF(S70="","",IF(U70="INGRESAR TASA","INGRESAR TASA USD",IF(U70="N/A","N/A",U70*S70))),"") -> N/A | W70: =IFERROR(IF(T70="","",IF(T70="COP",1,IF(U70<>"N/A",VLOOKUP(P70,'SH TRM'!$A$9:$B$100372,2,FALSE),"REVISAR"))),"") -> 1 | X70: =IFERROR(IF(W70<>"",IF(T70<>"COP",V70*W70,S70),""),"") -> 1.7433955e+10 | Y70: =IFERROR(X70/R70,"") -> 23632.308 | Z70: =IFERROR(IF(OR(K70="",K70="NO"),"",IF(F70="SI",IFERROR(Y70*N70,""),"")),"") -> 11816.154 | AC70: =IFERROR(IF(Z70="","",IF(Z70>=CM001EMM1,"CUMPLE","NO CUMPLE")),"") -> CUMPLE | AD70: EJECUCION | AN70: =IFERROR(IF(AD70="","",IF(ISNUMBER(AD70),IF(COUNTIF(AE70:AM70,"SI")>0,"SI","NO"),AD70)),"") -> EJECUCION
B71: P12-01 | D71: =IFERROR(INDEX(DESEMPATE!$D$3:$D$63,MATCH('EXP GEN.'!B71,DESEMPATE!$C$3:$C$63,0)),"") -> JORGE PIDDO SEGUIDO DE LA EXPRESION SUCURSAL COLOMBIA | E71: =IFERROR(IF(D71="","",IF(VLOOKUP(D71,DESEMPATE!D$3:$E$69,2,FALSE)=1,"N/A",IF(VLOOKUP(D71,DESEMPATE!D$3:$E$69,2,FALSE)>=0.51,"SI","NO"))),"") -> N/A | F71: SI | G71: COORDINACIÓN DE CONCESIONES DE OBRAS PÚBLICAS - MINISTERIO DE OBRAS PÚBLICAS | H71: CHILE | I71: N/A | J71: ASESORÍA A LA INSPECCIÓN FISCAL DEL CONTRATO DE CONCESIÓN INTERNACIONAL VIAL SANTIAGO VALPARAISO -VIÑA DEL MAR | K71: SI | L71: SI | M71: =IFERROR(IF(O71="","",IF(O71>=DATE(1990,1,1),"SI","NO")),"") -> SI | N71: 0.5 | O71: 36363 | P71: 37843 | Q71: =IF(P71="","",YEAR(P71)) -> 2003 | R71: =IFERROR(INDEX(PARAMETROS!$B$53:$B$101,MATCH(Q71,PARAMETROS!$A$53:$A$101,0)),"") -> 332000 | S71: N/A | T71: CLP | U71: N/A | V71: N/A | W71: - | X71: =IFERROR(IF(W71<>"",IF(T71<>"COP",V71*W71,S71),""),"") | Y71: 56649.39 | Z71: =IFERROR(IF(OR(K71="",K71="NO"),"",IF(F71="SI",IFERROR(Y71*N71,""),"")),"") -> 28324.695 | AC71: =IFERROR(IF(Z71="","",IF(Z71>=CM001EMM1,"CUMPLE","NO CUMPLE")),"") -> CUMPLE | AD71: 1 | AE71: SI | AH71: SI | AK71: SI | AN71: =IFERROR(IF(AD71="","",IF(ISNUMBER(AD71),IF(COUNTIF(AE71:AM71,"SI")>0,"SI","NO"),AD71)),"") -> SI
B72: P12-01 | D72: =IFERROR(INDEX(DESEMPATE!$D$3:$D$63,MATCH('EXP GEN.'!B72,DESEMPATE!$C$3:$C$63,0)),"") -> JORGE PIDDO SEGUIDO DE LA EXPRESION SUCURSAL COLOMBIA | E72: =IFERROR(IF(D72="","",IF(VLOOKUP(D72,DESEMPATE!D$3:$E$69,2,FALSE)=1,"N/A",IF(VLOOKUP(D72,DESEMPATE!D$3:$E$69,2,FALSE)>=0.51,"SI","NO"))),"") -> N/A | F72: SI | G72: SECRETARIA DE INFRAESTRUCTURA FISICA - GOBERNACION DE ANTIOQUIA | H72: COLOMBIA | I72: 2013-SS-20-0030 | J72: INTERVENTORIA TECNICA AMBIENTAL ADMINISTRAYIVA FINANCIERA Y LEGAL PARA LA CONSTRUCCION DE LA DOBLE CALZADA DESDE EL INTERCAMBIO VIAL DE LA CARRERA 80, HASTA EL EMPALME DE LA VIA DE ACCESO ORIENTAL AL TUNEL FERNANDO GOMEZ MARTINEZ, ENE L SECTOR LOMA HERMOSA Y OBRAS COMPLEMENTARIAS (CONEXION VIAL GUILLERMO GAVIRIA CORREA) | K72: SI | L72: SI | M72: =IFERROR(IF(O72="","",IF(O72>=DATE(1990,1,1),"SI","NO")),"") -> SI | N72: 0.5 | O72: 41568 | P72: 42734 | Q72: =IF(P72="","",YEAR(P72)) -> 2016 | R72: =IFERROR(INDEX(PARAMETROS!$B$53:$B$101,MATCH(Q72,PARAMETROS!$A$53:$A$101,0)),"") -> 689455 | S72: N/A | T72: COP | U72: =IFERROR(IF(T72="","",IF(T72="COP","N/A",IF(OR(T72="USD",T72="US"),1,IF(T72="EUR",VLOOKUP(P72,'SH EURO'!$A$6:$B$10372,2,FALSE),"INGRESAR TASA")))),"") -> N/A | V72: =IFERROR(IF(S72="","",IF(U72="INGRESAR TASA","INGRESAR TASA USD",IF(U72="N/A","N/A",U72*S72))),"") -> N/A | W72: =IFERROR(IF(T72="","",IF(T72="COP",1,IF(U72<>"N/A",VLOOKUP(P72,'SH TRM'!$A$9:$B$100372,2,FALSE),"REVISAR"))),"") -> 1 | X72: =IFERROR(IF(W72<>"",IF(T72<>"COP",V72*W72,S72),""),"") -> N/A | Y72: 11324.58 | Z72: =IFERROR(IF(OR(K72="",K72="NO"),"",IF(F72="SI",IFERROR(Y72*N72,""),"")),"") -> 5662.29 | AC72: =IFERROR(IF(Z72="","",IF(Z72>=CM001EMM1,"CUMPLE","NO CUMPLE")),"") -> CUMPLE | AD72: 33 | AE72: SI | AH72: SI | AK72: SI | AN72: =IFERROR(IF(AD72="","",IF(ISNUMBER(AD72),IF(COUNTIF(AE72:AM72,"SI")>0,"SI","NO"),AD72)),"") -> SI
D73: =IFERROR(INDEX(DESEMPATE!$D$3:$D$63,MATCH('EXP GEN.'!B73,DESEMPATE!$C$3:$C$63,0)),"") | E73: =IFERROR(IF(D73="","",IF(VLOOKUP(D73,DESEMPATE!D$3:$E$69,2,FALSE)=1,"N/A",IF(VLOOKUP(D73,DESEMPATE!D$3:$E$69,2,FALSE)>=0.51,"SI","NO"))),"") | F73: SI | M73: =IFERROR(IF(O73="","",IF(O73>=DATE(1990,1,1),"SI","NO")),"") | Q73: =IF(P73="","",YEAR(P73)) | R73: =IFERROR(INDEX(PARAMETROS!$B$53:$B$101,MATCH(Q73,PARAMETROS!$A$53:$A$101,0)),"") | U73: =IFERROR(IF(T73="","",IF(T73="COP","N/A",IF(OR(T73="USD",T73="US"),1,IF(T73="EUR",VLOOKUP(P73,'SH EURO'!$A$6:$B$10372,2,FALSE),"INGRESAR TASA")))),"") | V73: =IFERROR(IF(S73="","",IF(U73="INGRESAR TASA","INGRESAR TASA USD",IF(U73="N/A","N/A",U73*S73))),"") | W73: =IFERROR(IF(T73="","",IF(T73="COP",1,IF(U73<>"N/A",VLOOKUP(P73,'SH TRM'!$A$9:$B$100372,2,FALSE),"REVISAR"))),"") | X73: =IFERROR(IF(W73<>"",IF(T73<>"COP",V73*W73,S73),""),"") | Y73: =IFERROR(X73/R73,"") | Z73: =IFERROR(IF(OR(K73="",K73="NO"),"",IF(F73="SI",IFERROR(Y73*N73,""),"")),"") | AC73: =IFERROR(IF(Z73="","",IF(Z73>=CM001EMM1,"CUMPLE","NO CUMPLE")),"") | AN73: =IFERROR(IF(AD73="","",IF(ISNUMBER(AD73),IF(COUNTIF(AE73:AM73,"SI")>0,"SI","NO"),AD73)),"")
D74: =IFERROR(INDEX(DESEMPATE!$D$3:$D$63,MATCH('EXP GEN.'!B74,DESEMPATE!$C$3:$C$63,0)),"") | E74: =IFERROR(IF(D74="","",IF(VLOOKUP(D74,DESEMPATE!D$3:$E$69,2,FALSE)=1,"N/A",IF(VLOOKUP(D74,DESEMPATE!D$3:$E$69,2,FALSE)>=0.51,"SI","NO"))),"") | F74: SI | M74: =IFERROR(IF(O74="","",IF(O74>=DATE(1990,1,1),"SI","NO")),"") | Q74: =IF(P74="","",YEAR(P74)) | R74: =IFERROR(INDEX(PARAMETROS!$B$53:$B$101,MATCH(Q74,PARAMETROS!$A$53:$A$101,0)),"") | U74: =IFERROR(IF(T74="","",IF(T74="COP","N/A",IF(OR(T74="USD",T74="US"),1,IF(T74="EUR",VLOOKUP(P74,'SH EURO'!$A$6:$B$10372,2,FALSE),"INGRESAR TASA")))),"") | V74: =IFERROR(IF(S74="","",IF(U74="INGRESAR TASA","INGRESAR TASA USD",IF(U74="N/A","N/A",U74*S74))),"") | W74: =IFERROR(IF(T74="","",IF(T74="COP",1,IF(U74<>"N/A",VLOOKUP(P74,'SH TRM'!$A$9:$B$100372,2,FALSE),"REVISAR"))),"") | X74: =IFERROR(IF(W74<>"",IF(T74<>"COP",V74*W74,S74),""),"") | Y74: =IFERROR(X74/R74,"") | Z74: =IFERROR(IF(OR(K74="",K74="NO"),"",IF(F74="SI",IFERROR(Y74*N74,""),"")),"") | AC74: =IFERROR(IF(Z74="","",IF(Z74>=CM001EMM1,"CUMPLE","NO CUMPLE")),"") | AN74: =IFERROR(IF(AD74="","",IF(ISNUMBER(AD74),IF(COUNTIF(AE74:AM74,"SI")>0,"SI","NO"),AD74)),"")
A75: P13 | B75: P13-01 | D75: =IFERROR(INDEX(DESEMPATE!$D$3:$D$63,MATCH('EXP GEN.'!B75,DESEMPATE!$C$3:$C$63,0)),"") -> CANO JIMÉNEZ ESTUDIOS S.A. | E75: =IFERROR(IF(D75="","",IF(VLOOKUP(D75,DESEMPATE!D$3:$E$69,2,FALSE)=1,"N/A",IF(VLOOKUP(D75,DESEMPATE!D$3:$E$69,2,FALSE)>=0.51,"SI","NO"))),"") -> N/A | F75: SI | G75: INSTITUTO NACIONAL DE CONCESIONES - INCO | H75: COLOMBIA | I75: 034 DEL 21 DE SEP DE 2005 | J75: INTERVENTORÍA TÉCNICA, FINANCIERA, AMBIENTAL Y OPERATIVA EN LA ETAPA DE CONSTRUCCIÓN DEL CONTRATO DE CONCESIÓN NO. 112 DE 1997 DESARROLLO VIAL ARMENIA - PEREIRA - MANIZALES. | K75: SI | L75: SI | M75: =IFERROR(IF(O75="","",IF(O75>=DATE(1990,1,1),"SI","NO")),"") -> SI | N75: 1 | O75: 38622 | P75: 39930 | Q75: =IF(P75="","",YEAR(P75)) -> 2009 | R75: =IFERROR(INDEX(PARAMETROS!$B$53:$B$101,MATCH(Q75,PARAMETROS!$A$53:$A$101,0)),"") -> 496900 | S75: N/A | T75: COP | U75: =IFERROR(IF(T75="","",IF(T75="COP","N/A",IF(OR(T75="USD",T75="US"),1,IF(T75="EUR",VLOOKUP(P75,'SH EURO'!$A$6:$B$10372,2,FALSE),"INGRESAR TASA")))),"") -> N/A | V75: =IFERROR(IF(S75="","",IF(U75="INGRESAR TASA","INGRESAR TASA USD",IF(U75="N/A","N/A",U75*S75))),"") -> N/A | W75: =IFERROR(IF(T75="","",IF(T75="COP",1,IF(U75<>"N/A",VLOOKUP(P75,'SH TRM'!$A$9:$B$100372,2,FALSE),"REVISAR"))),"") -> 1 | X75: =IFERROR(IF(W75<>"",IF(T75<>"COP",V75*W75,S75),""),"") -> N/A | Y75: 14156.71 | Z75: =IFERROR(IF(OR(K75="",K75="NO"),"",IF(F75="SI",IFERROR(Y75*N75,""),"")),"") -> 14156.71 | AA75: =IFERROR(IF(COUNTIF(Z75:Z80,"")=6,"",IF(SUM(Z75:Z80)>=CM001M1,"CUMPLE","NO CUMPLE")),"") -> CUMPLE | AB75: =IFERROR(IF(COUNTIF(Z75:Z80,"")=6,"",IF(COUNTIF(E75:E80,"N/A")>0,IF(SUMIF(E75:E80,"N/A",Z75:Z80)>=CM001LM1,"CUMPLE","NO CUMPLE"),IF(SUMIF(E75:E80,"SI",Z75:Z80)>=CM001LM1,"CUMPLE","NO CUMPLE"))),"") -> CUMPLE | AC75: =IFERROR(IF(Z75="","",IF(Z75>=CM001EMM1,"CUMPLE","NO CUMPLE")),"") -> CUMPLE | AD75: 1 | AE75: NO | AH75: SI | AK75: SI | AN75: =IFERROR(IF(AD75="","",IF(ISNUMBER(AD75),IF(COUNTIF(AE75:AM75,"SI")>0,"SI","NO"),AD75)),"") -> SI | AO75: HÁBIL
B76: P13-01 | D76: =IFERROR(INDEX(DESEMPATE!$D$3:$D$63,MATCH('EXP GEN.'!B76,DESEMPATE!$C$3:$C$63,0)),"") -> CANO JIMÉNEZ ESTUDIOS S.A. | E76: =IFERROR(IF(D76="","",IF(VLOOKUP(D76,DESEMPATE!D$3:$E$69,2,FALSE)=1,"N/A",IF(VLOOKUP(D76,DESEMPATE!D$3:$E$69,2,FALSE)>=0.51,"SI","NO"))),"") -> N/A | F76: SI | G76: INSTITUTO NACIONAL DE CONCESIONES - INCO | H76: COLOMBIA | I76: SGC-014 | J76: INTERVENTORÍA TÉCNICA, FINANCIERA, OPERATIVA, PREDIAL, SOCIOAMBIENTAL Y LEGAL DEL PROYECTO DE CONCESIÓN VIAL SANTA - MARTA - RIOHACHA - PARAGUACHON, EN EL MARCO DEL CONTRATO DE CONCESIÓN 445 DE 1194 DE CONFORMIDAD CON LOS TERMINOS DE REFERENCIA DEL CONCURSO. | K76: SI | L76: SI | M76: =IFERROR(IF(O76="","",IF(O76>=DATE(1990,1,1),"SI","NO")),"") -> SI | N76: 1 | O76: 40669 | P76: 39542 | Q76: =IF(P76="","",YEAR(P76)) -> 2008 | R76: =IFERROR(INDEX(PARAMETROS!$B$53:$B$101,MATCH(Q76,PARAMETROS!$A$53:$A$101,0)),"") -> 461500 | S76: N/A | T76: COP | U76: =IFERROR(IF(T76="","",IF(T76="COP","N/A",IF(OR(T76="USD",T76="US"),1,IF(T76="EUR",VLOOKUP(P76,'SH EURO'!$A$6:$B$10372,2,FALSE),"INGRESAR TASA")))),"") -> N/A | V76: =IFERROR(IF(S76="","",IF(U76="INGRESAR TASA","INGRESAR TASA USD",IF(U76="N/A","N/A",U76*S76))),"") -> N/A | W76: =IFERROR(IF(T76="","",IF(T76="COP",1,IF(U76<>"N/A",VLOOKUP(P76,'SH TRM'!$A$9:$B$100372,2,FALSE),"REVISAR"))),"") -> 1 | X76: =IFERROR(IF(W76<>"",IF(T76<>"COP",V76*W76,S76),""),"") -> N/A | Y76: 8186.88 | Z76: =IFERROR(IF(OR(K76="",K76="NO"),"",IF(F76="SI",IFERROR(Y76*N76,""),"")),"") -> 8186.88 | AC76: =IFERROR(IF(Z76="","",IF(Z76>=CM001EMM1,"CUMPLE","NO CUMPLE")),"") -> CUMPLE | AD76: 2 | AE76: NO | AH76: SI | AK76: SI | AN76: =IFERROR(IF(AD76="","",IF(ISNUMBER(AD76),IF(COUNTIF(AE76:AM76,"SI")>0,"SI","NO"),AD76)),"") -> SI
B77: P13-01 | D77: =IFERROR(INDEX(DESEMPATE!$D$3:$D$63,MATCH('EXP GEN.'!B77,DESEMPATE!$C$3:$C$63,0)),"") -> CANO JIMÉNEZ ESTUDIOS S.A. | E77: =IFERROR(IF(D77="","",IF(VLOOKUP(D77,DESEMPATE!D$3:$E$69,2,FALSE)=1,"N/A",IF(VLOOKUP(D77,DESEMPATE!D$3:$E$69,2,FALSE)>=0.51,"SI","NO"))),"") -> N/A | F77: SI | G77: INSTITUTO NACIONAL DE CONCESIONES - INCO | H77: COLOMBIA | I77: SGC-015 | J77: INTERVENTORÍA TÉCNICA, JURÍDICA, ADMINISTRATIVA, OPERATIVA Y FINANCIERA AL CONTRATO DE CONCESIÓN NO. 0377 DE 2002 CONCESIÓN "BRICEÑO - TUNJA - SOGAMOSO" CELEBRADO ENTRE EL INSTITUTO NACIONAL DE CONCESIONES Y EL CONSORCIO SOLARTE SOLARTE. | K77: SI | L77: SI | M77: =IFERROR(IF(O77="","",IF(O77>=DATE(1990,1,1),"SI","NO")),"") -> SI | N77: 1 | O77: 41186 | P77: 39909 | Q77: =IF(P77="","",YEAR(P77)) -> 2009 | R77: =IFERROR(INDEX(PARAMETROS!$B$53:$B$101,MATCH(Q77,PARAMETROS!$A$53:$A$101,0)),"") -> 496900 | S77: N/A | T77: COP | U77: =IFERROR(IF(T77="","",IF(T77="COP","N/A",IF(OR(T77="USD",T77="US"),1,IF(T77="EUR",VLOOKUP(P77,'SH EURO'!$A$6:$B$10372,2,FALSE),"INGRESAR TASA")))),"") -> N/A | V77: =IFERROR(IF(S77="","",IF(U77="INGRESAR TASA","INGRESAR TASA USD",IF(U77="N/A","N/A",U77*S77))),"") -> N/A | W77: =IFERROR(IF(T77="","",IF(T77="COP",1,IF(U77<>"N/A",VLOOKUP(P77,'SH TRM'!$A$9:$B$100372,2,FALSE),"REVISAR"))),"") -> 1 | X77: =IFERROR(IF(W77<>"",IF(T77<>"COP",V77*W77,S77),""),"") -> N/A | Y77: 17993.29 | Z77: =IFERROR(IF(OR(K77="",K77="NO"),"",IF(F77="SI",IFERROR(Y77*N77,""),"")),"") -> 17993.29 | AC77: =IFERROR(IF(Z77="","",IF(Z77>=CM001EMM1,"CUMPLE","NO CUMPLE")),"") -> CUMPLE | AD77: 3 | AE77: NO | AH77: SI | AK77: SI | AN77: =IFERROR(IF(AD77="","",IF(ISNUMBER(AD77),IF(COUNTIF(AE77:AM77,"SI")>0,"SI","NO"),AD77)),"") -> SI
D78: =IFERROR(INDEX(DESEMPATE!$D$3:$D$63,MATCH('EXP GEN.'!B78,DESEMPATE!$C$3:$C$63,0)),"") | E78: =IFERROR(IF(D78="","",IF(VLOOKUP(D78,DESEMPATE!D$3:$E$69,2,FALSE)=1,"N/A",IF(VLOOKUP(D78,DESEMPATE!D$3:$E$69,2,FALSE)>=0.51,"SI","NO"))),"") | F78: SI | M78: =IFERROR(IF(O78="","",IF(O78>=DATE(1990,1,1),"SI","NO")),"") | Q78: =IF(P78="","",YEAR(P78)) | R78: =IFERROR(INDEX(PARAMETROS!$B$53:$B$101,MATCH(Q78,PARAMETROS!$A$53:$A$101,0)),"") | U78: =IFERROR(IF(T78="","",IF(T78="COP","N/A",IF(OR(T78="USD",T78="US"),1,IF(T78="EUR",VLOOKUP(P78,'SH EURO'!$A$6:$B$10372,2,FALSE),"INGRESAR TASA")))),"") | V78: =IFERROR(IF(S78="","",IF(U78="INGRESAR TASA","INGRESAR TASA USD",IF(U78="N/A","N/A",U78*S78))),"") | W78: =IFERROR(IF(T78="","",IF(T78="COP",1,IF(U78<>"N/A",VLOOKUP(P78,'SH TRM'!$A$9:$B$100372,2,FALSE),"REVISAR"))),"") | X78: =IFERROR(IF(W78<>"",IF(T78<>"COP",V78*W78,S78),""),"") | Z78: =IFERROR(IF(OR(K78="",K78="NO"),"",IF(F78="SI",IFERROR(Y78*N78,""),"")),"") | AC78: =IFERROR(IF(Z78="","",IF(Z78>=CM001EMM1,"CUMPLE","NO CUMPLE")),"") | AN78: =IFERROR(IF(AD78="","",IF(ISNUMBER(AD78),IF(COUNTIF(AE78:AM78,"SI")>0,"SI","NO"),AD78)),"")
D79: =IFERROR(INDEX(DESEMPATE!$D$3:$D$63,MATCH('EXP GEN.'!B79,DESEMPATE!$C$3:$C$63,0)),"") | E79: =IFERROR(IF(D79="","",IF(VLOOKUP(D79,DESEMPATE!D$3:$E$69,2,FALSE)=1,"N/A",IF(VLOOKUP(D79,DESEMPATE!D$3:$E$69,2,FALSE)>=0.51,"SI","NO"))),"") | F79: SI | M79: =IFERROR(IF(O79="","",IF(O79>=DATE(1990,1,1),"SI","NO")),"") | Q79: =IF(P79="","",YEAR(P79)) | R79: =IFERROR(INDEX(PARAMETROS!$B$53:$B$101,MATCH(Q79,PARAMETROS!$A$53:$A$101,0)),"") | U79: =IFERROR(IF(T79="","",IF(T79="COP","N/A",IF(OR(T79="USD",T79="US"),1,IF(T79="EUR",VLOOKUP(P79,'SH EURO'!$A$6:$B$10372,2,FALSE),"INGRESAR TASA")))),"") | V79: =IFERROR(IF(S79="","",IF(U79="INGRESAR TASA","INGRESAR TASA USD",IF(U79="N/A","N/A",U79*S79))),"") | W79: =IFERROR(IF(T79="","",IF(T79="COP",1,IF(U79<>"N/A",VLOOKUP(P79,'SH TRM'!$A$9:$B$100372,2,FALSE),"REVISAR"))),"") | X79: =IFERROR(IF(W79<>"",IF(T79<>"COP",V79*W79,S79),""),"") | Z79: =IFERROR(IF(OR(K79="",K79="NO"),"",IF(F79="SI",IFERROR(Y79*N79,""),"")),"") | AC79: =IFERROR(IF(Z79="","",IF(Z79>=CM001EMM1,"CUMPLE","NO CUMPLE")),"") | AN79: =IFERROR(IF(AD79="","",IF(ISNUMBER(AD79),IF(COUNTIF(AE79:AM79,"SI")>0,"SI","NO"),AD79)),"")
D80: =IFERROR(INDEX(DESEMPATE!$D$3:$D$63,MATCH('EXP GEN.'!B80,DESEMPATE!$C$3:$C$63,0)),"") | E80: =IFERROR(IF(D80="","",IF(VLOOKUP(D80,DESEMPATE!D$3:$E$69,2,FALSE)=1,"N/A",IF(VLOOKUP(D80,DESEMPATE!D$3:$E$69,2,FALSE)>=0.51,"SI","NO"))),"") | F80: SI | M80: =IFERROR(IF(O80="","",IF(O80>=DATE(1990,1,1),"SI","NO")),"") | Q80: =IF(P80="","",YEAR(P80)) | R80: =IFERROR(INDEX(PARAMETROS!$B$53:$B$101,MATCH(Q80,PARAMETROS!$A$53:$A$101,0)),"") | U80: =IFERROR(IF(T80="","",IF(T80="COP","N/A",IF(OR(T80="USD",T80="US"),1,IF(T80="EUR",VLOOKUP(P80,'SH EURO'!$A$6:$B$10372,2,FALSE),"INGRESAR TASA")))),"") | V80: =IFERROR(IF(S80="","",IF(U80="INGRESAR TASA","INGRESAR TASA USD",IF(U80="N/A","N/A",U80*S80))),"") | W80: =IFERROR(IF(T80="","",IF(T80="COP",1,IF(U80<>"N/A",VLOOKUP(P80,'SH TRM'!$A$9:$B$100372,2,FALSE),"REVISAR"))),"") | X80: =IFERROR(IF(W80<>"",IF(T80<>"COP",V80*W80,S80),""),"") | Z80: =IFERROR(IF(OR(K80="",K80="NO"),"",IF(F80="SI",IFERROR(Y80*N80,""),"")),"") | AC80: =IFERROR(IF(Z80="","",IF(Z80>=CM001EMM1,"CUMPLE","NO CUMPLE")),"") | AN80: =IFERROR(IF(AD80="","",IF(ISNUMBER(AD80),IF(COUNTIF(AE80:AM80,"SI")>0,"SI","NO"),AD80)),"")
A81: P14 | B81: P14-01 | D81: =IFERROR(INDEX(DESEMPATE!$D$3:$D$63,MATCH('EXP GEN.'!B81,DESEMPATE!$C$3:$C$63,0)),"") -> CONSULTORES TÉCNICOS Y ECONÓMICOS S.A.S. | E81: =IFERROR(IF(D81="","",IF(VLOOKUP(D81,DESEMPATE!D$3:$E$69,2,FALSE)=1,"N/A",IF(VLOOKUP(D81,DESEMPATE!D$3:$E$69,2,FALSE)>=0.51,"SI","NO"))),"") -> SI | F81: SI | G81: ANI | H81: COLOMBIA | I81: 0042 DE 2004 | J81: INTERVENTORIA TECNICA, FINANCIERA Y OPERATIVA EN LA ETAPA DE OPERACIÓN DEL CONTRTO DE CONCESION NRO. 0937 DE 1995, SANTAFE DE BOGOTA (FONTIBON) - FACATATIVA - LOS ALPES. DE IGUAL MANERA DEBERA EFECTUAR LA INTERVENTORIA DE LAS ACTIVIDADES QUE SE REALICEN DURANTE LAS ETAPAS DE OPERACION DE LOS TRAMOS QUE SE DESARROLLEN DURANTE LA VIGENCIA DE ESTE CONTRATO. | K81: SI | L81: SI | M81: =IFERROR(IF(O81="","",IF(O81>=DATE(1990,1,1),"SI","NO")),"") -> SI | N81: 0.75 | O81: 38177 | P81: 39760 | Q81: =IF(P81="","",YEAR(P81)) -> 2008 | R81: =IFERROR(INDEX(PARAMETROS!$B$53:$B$101,MATCH(Q81,PARAMETROS!$A$53:$A$101,0)),"") -> 461500 | S81: N/A | T81: COP | U81: =IFERROR(IF(T81="","",IF(T81="COP","N/A",IF(OR(T81="USD",T81="US"),1,IF(T81="EUR",VLOOKUP(P81,'SH EURO'!$A$6:$B$10372,2,FALSE),"INGRESAR TASA")))),"") -> N/A | V81: =IFERROR(IF(S81="","",IF(U81="INGRESAR TASA","INGRESAR TASA USD",IF(U81="N/A","N/A",U81*S81))),"") -> N/A | W81: =IFERROR(IF(T81="","",IF(T81="COP",1,IF(U81<>"N/A",VLOOKUP(P81,'SH TRM'!$A$9:$B$100372,2,FALSE),"REVISAR"))),"") -> 1 | X81: =IFERROR(IF(W81<>"",IF(T81<>"COP",V81*W81,S81),""),"") -> N/A | Y81: 5123.58 | Z81: =IFERROR(IF(OR(K81="",K81="NO"),"",IF(F81="SI",IFERROR(Y81*N81,""),"")),"") -> 3842.685 | AA81: =IFERROR(IF(COUNTIF(Z81:Z86,"")=6,"",IF(SUM(Z81:Z86)>=CM001M1,"CUMPLE","NO CUMPLE")),"") -> CUMPLE | AB81: =IFERROR(IF(COUNTIF(Z81:Z86,"")=6,"",IF(COUNTIF(E81:E86,"N/A")>0,IF(SUMIF(E81:E86,"N/A",Z81:Z86)>=CM001LM1,"CUMPLE","NO CUMPLE"),IF(SUMIF(E81:E86,"SI",Z81:Z86)>=CM001LM1,"CUMPLE","NO CUMPLE"))),"") -> CUMPLE | AC81: =IFERROR(IF(Z81="","",IF(Z81>=CM001EMM1,"CUMPLE","NO CUMPLE")),"") -> CUMPLE | AD81: 25 | AE81: SI | AH81: SI | AK81: SI | AO81: HÁBIL
B82: P14-01 | D82: =IFERROR(INDEX(DESEMPATE!$D$3:$D$63,MATCH('EXP GEN.'!B82,DESEMPATE!$C$3:$C$63,0)),"") -> CONSULTORES TÉCNICOS Y ECONÓMICOS S.A.S. | E82: =IFERROR(IF(D82="","",IF(VLOOKUP(D82,DESEMPATE!D$3:$E$69,2,FALSE)=1,"N/A",IF(VLOOKUP(D82,DESEMPATE!D$3:$E$69,2,FALSE)>=0.51,"SI","NO"))),"") -> SI | F82: SI | G82: ANI | H82: COLOMBIA | I82: SEA-C-MVCC-089 DE 2004 | J82: INTERVENTORIA TÉCNICA, FINANCIERA Y OPERATIVA EN LA ETAPA DE CONSTRUCCION DEL CONTRATO DE CONCESION NRO. 005 DE 1999, MALLA VIAL DEL VALLE DEL CAUCA Y CAUCA. DE IGUAL MANERA DEBE EFECTUAR LA INTERVENTORIA DE LAS ACTIVIDADES QUE SE REALICEN DURANTE LAS ETAPAS DE OPERACIÓN DE LOS TRAMOS QUE SE DESARROLLEN DURANTE LA VIGENCIA DEL CONTRATO. | K82: SI | L82: SI | M82: =IFERROR(IF(O82="","",IF(O82>=DATE(1990,1,1),"SI","NO")),"") -> SI | N82: 0.75 | O82: 38374 | P82: 39512 | Q82: =IF(P82="","",YEAR(P82)) -> 2008 | R82: =IFERROR(INDEX(PARAMETROS!$B$53:$B$101,MATCH(Q82,PARAMETROS!$A$53:$A$101,0)),"") -> 461500 | S82: N/A | T82: COP | U82: =IFERROR(IF(T82="","",IF(T82="COP","N/A",IF(OR(T82="USD",T82="US"),1,IF(T82="EUR",VLOOKUP(P82,'SH EURO'!$A$6:$B$10372,2,FALSE),"INGRESAR TASA")))),"") -> N/A | V82: =IFERROR(IF(S82="","",IF(U82="INGRESAR TASA","INGRESAR TASA USD",IF(U82="N/A","N/A",U82*S82))),"") -> N/A | W82: =IFERROR(IF(T82="","",IF(T82="COP",1,IF(U82<>"N/A",VLOOKUP(P82,'SH TRM'!$A$9:$B$100372,2,FALSE),"REVISAR"))),"") -> 1 | X82: =IFERROR(IF(W82<>"",IF(T82<>"COP",V82*W82,S82),""),"") -> N/A | Y82: 9763.67 | Z82: =IFERROR(IF(OR(K82="",K82="NO"),"",IF(F82="SI",IFERROR(Y82*N82,""),"")),"") -> 7322.7525 | AC82: =IFERROR(IF(Z82="","",IF(Z82>=CM001EMM1,"CUMPLE","NO CUMPLE")),"") -> CUMPLE | AD82: 26 | AE82: SI | AH82: SI | AK82: SI
B83: P14-01 | D83: =IFERROR(INDEX(DESEMPATE!$D$3:$D$63,MATCH('EXP GEN.'!B83,DESEMPATE!$C$3:$C$63,0)),"") -> CONSULTORES TÉCNICOS Y ECONÓMICOS S.A.S. | E83: =IFERROR(IF(D83="","",IF(VLOOKUP(D83,DESEMPATE!D$3:$E$69,2,FALSE)=1,"N/A",IF(VLOOKUP(D83,DESEMPATE!D$3:$E$69,2,FALSE)>=0.51,"SI","NO"))),"") -> SI | F83: SI | G83: INSTITUTO DE DESARROLLO URBANO - IDU | H83: COLOMBIA | I83: 001-2004 | J83: INTERVENTORÍA TÉCNICA, ADMINISTRATIVA, LEGAL, FINANCIERA Y AMBIENTAL PARA LA ADECUACIÓN DE LA TRONCAL NQS AL SISTEMA DE TRANSMILENIO, TRAMO SUR, SUR, ENTRE LA AVENIDA CIUDAD DE VILLAVICENCIO Y EL LÍMITE DEL DISTRITO CON SOACHA, INCLUYE PORTAL Y PATIO EN BOGOTÁ D. C. | K83: SI | L83: SI | M83: =IFERROR(IF(O83="","",IF(O83>=DATE(1990,1,1),"SI","NO")),"") -> SI | N83: 0.5 | O83: 38034 | P83: 40760 | Q83: =IF(P83="","",YEAR(P83)) -> 2011 | R83: =IFERROR(INDEX(PARAMETROS!$B$53:$B$101,MATCH(Q83,PARAMETROS!$A$53:$A$101,0)),"") -> 535600 | S83: N/A | T83: COP | U83: =IFERROR(IF(T83="","",IF(T83="COP","N/A",IF(OR(T83="USD",T83="US"),1,IF(T83="EUR",VLOOKUP(P83,'SH EURO'!$A$6:$B$10372,2,FALSE),"INGRESAR TASA")))),"") -> N/A | V83: =IFERROR(IF(S83="","",IF(U83="INGRESAR TASA","INGRESAR TASA USD",IF(U83="N/A","N/A",U83*S83))),"") -> N/A | W83: =IFERROR(IF(T83="","",IF(T83="COP",1,IF(U83<>"N/A",VLOOKUP(P83,'SH TRM'!$A$9:$B$100372,2,FALSE),"REVISAR"))),"") -> 1 | X83: =IFERROR(IF(W83<>"",IF(T83<>"COP",V83*W83,S83),""),"") -> N/A | Y83: 17049.35 | Z83: =IFERROR(IF(OR(K83="",K83="NO"),"",IF(F83="SI",IFERROR(Y83*N83,""),"")),"") -> 8524.675 | AC83: =IFERROR(IF(Z83="","",IF(Z83>=CM001EMM1,"CUMPLE","NO CUMPLE")),"") -> CUMPLE | AD83: 37 | AE83: SI | AH83: SI | AK83: SI
B84: P14-01 | D84: =IFERROR(INDEX(DESEMPATE!$D$3:$D$63,MATCH('EXP GEN.'!B84,DESEMPATE!$C$3:$C$63,0)),"") -> CONSULTORES TÉCNICOS Y ECONÓMICOS S.A.S. | E84: =IFERROR(IF(D84="","",IF(VLOOKUP(D84,DESEMPATE!D$3:$E$69,2,FALSE)=1,"N/A",IF(VLOOKUP(D84,DESEMPATE!D$3:$E$69,2,FALSE)>=0.51,"SI","NO"))),"") -> SI | F84: SI | G84: INVIAS | H84: COLOMBIA | I84: 1935 DE 2004 | J84: INTERVENTORIA PARA EL MEJORAMIENTO Y MANTENIMIENTO INTEGRAL DE LA RUTA RUMICHACA-PASTO-MOJARRAS DEL CORREDOR VIAL DE OCCIDENTE (INCLUIDO EL MANTENIMIENTO RUTINARIO, LA SEÑALIZACIÓN, EL MONITOREO Y VIGILANCIA A LOS CONTETOS DE TRÁNSITO), RUTA 25, TRAMO 2501 Y 2502. | K84: SI | L84: SI | M84: =IFERROR(IF(O84="","",IF(O84>=DATE(1990,1,1),"SI","NO")),"") -> SI | N84: 1 | O84: 38337 | P84: 39401 | Q84: =IF(P84="","",YEAR(P84)) -> 2007 | R84: =IFERROR(INDEX(PARAMETROS!$B$53:$B$101,MATCH(Q84,PARAMETROS!$A$53:$A$101,0)),"") -> 433700 | S84: N/A | T84: COP | U84: =IFERROR(IF(T84="","",IF(T84="COP","N/A",IF(OR(T84="USD",T84="US"),1,IF(T84="EUR",VLOOKUP(P84,'SH EURO'!$A$6:$B$10372,2,FALSE),"INGRESAR TASA")))),"") -> N/A | V84: =IFERROR(IF(S84="","",IF(U84="INGRESAR TASA","INGRESAR TASA USD",IF(U84="N/A","N/A",U84*S84))),"") -> N/A | W84: =IFERROR(IF(T84="","",IF(T84="COP",1,IF(U84<>"N/A",VLOOKUP(P84,'SH TRM'!$A$9:$B$100372,2,FALSE),"REVISAR"))),"") -> 1 | X84: =IFERROR(IF(W84<>"",IF(T84<>"COP",V84*W84,S84),""),"") -> N/A | Y84: 5868.08 | Z84: =IFERROR(IF(OR(K84="",K84="NO"),"",IF(F84="SI",IFERROR(Y84*N84,""),"")),"") -> 5868.08 | AC84: =IFERROR(IF(Z84="","",IF(Z84>=CM001EMM1,"CUMPLE","NO CUMPLE")),"") -> CUMPLE | AD84: 14 | AE84: NO | AH84: SI | AK84: SI
B85: P14-02 | D85: =IFERROR(INDEX(DESEMPATE!$D$3:$D$63,MATCH('EXP GEN.'!B85,DESEMPATE!$C$3:$C$63,0)),"") -> CONSULTORES E INTERVENTORES TÉCNICOS S.A.S. | E85: =IFERROR(IF(D85="","",IF(VLOOKUP(D85,DESEMPATE!D$3:$E$69,2,FALSE)=1,"N/A",IF(VLOOKUP(D85,DESEMPATE!D$3:$E$69,2,FALSE)>=0.51,"SI","NO"))),"") -> NO | F85: SI | G85: INVIAS | H85: COLOMBIA | I85: 2139 DE 2012 | J85: INTERVENTORIA PARA EL MANTENIMIENTO Y REHABILITACION DE LA CARRETERA PUERTO ARAUJO - LANDAZURI - BARBOSA, SECTORES PUERTO ARAUJO - CIMITARRA Y LANDAZURI - BARBOSA RUTA 62 TRAMOS 6207 Y 6208 DEPARTAMENTO DE SANTANDER MODULO 4. | K85: SI | L85: SI | M85: =IFERROR(IF(O85="","",IF(O85>=DATE(1990,1,1),"SI","NO")),"") -> SI | N85: 0.4 | O85: 41256 | P85: 42353 | Q85: =IF(P85="","",YEAR(P85)) -> 2015 | R85: =IFERROR(INDEX(PARAMETROS!$B$53:$B$101,MATCH(Q85,PARAMETROS!$A$53:$A$101,0)),"") -> 644350 | S85: N/A | T85: COP | U85: =IFERROR(IF(T85="","",IF(T85="COP","N/A",IF(OR(T85="USD",T85="US"),1,IF(T85="EUR",VLOOKUP(P85,'SH EURO'!$A$6:$B$10372,2,FALSE),"INGRESAR TASA")))),"") -> N/A | V85: =IFERROR(IF(S85="","",IF(U85="INGRESAR TASA","INGRESAR TASA USD",IF(U85="N/A","N/A",U85*S85))),"") -> N/A | W85: =IFERROR(IF(T85="","",IF(T85="COP",1,IF(U85<>"N/A",VLOOKUP(P85,'SH TRM'!$A$9:$B$100372,2,FALSE),"REVISAR"))),"") -> 1 | X85: =IFERROR(IF(W85<>"",IF(T85<>"COP",V85*W85,S85),""),"") -> N/A | Y85: 7751.6 | Z85: =IFERROR(IF(OR(K85="",K85="NO"),"",IF(F85="SI",IFERROR(Y85*N85,""),"")),"") -> 3100.64 | AC85: =IFERROR(IF(Z85="","",IF(Z85>=CM001EMM1,"CUMPLE","NO CUMPLE")),"") -> CUMPLE | AD85: 3 | AE85: NO | AH85: SI | AK85: SI
B86: P14-03 | D86: =IFERROR(INDEX(DESEMPATE!$D$3:$D$63,MATCH('EXP GEN.'!B86,DESEMPATE!$C$3:$C$63,0)),"") -> HIDROCONSULTA S.A.S. | E86: =IFERROR(IF(D86="","",IF(VLOOKUP(D86,DESEMPATE!D$3:$E$69,2,FALSE)=1,"N/A",IF(VLOOKUP(D86,DESEMPATE!D$3:$E$69,2,FALSE)>=0.51,"SI","NO"))),"") -> NO | F86: SI | G86: INVIAS | H86: COLOMBIA | I86: 1323 DE 2009 | J86: INTERVENTORIA TECNICA, LEGAL, FINANCIERA ,ADMINISTRATIVA ,AMBIENTAL PREDIAL Y SOCIAL DEL PROYECTO ESTUDIOS Y DISEÑOS GESTION SOCIAL PREDIAL AMBIENTAL Y CONSTRUCCION DEL PROYECTO "TRANSVERSAL DE BOYACA". | K86: SI | L86: SI | M86: =IFERROR(IF(O86="","",IF(O86>=DATE(1990,1,1),"SI","NO")),"") -> SI | N86: 0.35 | O86: 40124 | P86: 42307 | Q86: =IF(P86="","",YEAR(P86)) -> 2015 | R86: =IFERROR(INDEX(PARAMETROS!$B$53:$B$101,MATCH(Q86,PARAMETROS!$A$53:$A$101,0)),"") -> 644350 | S86: N/A | T86: COP | U86: =IFERROR(IF(T86="","",IF(T86="COP","N/A",IF(OR(T86="USD",T86="US"),1,IF(T86="EUR",VLOOKUP(P86,'SH EURO'!$A$6:$B$10372,2,FALSE),"INGRESAR TASA")))),"") -> N/A | V86: =IFERROR(IF(S86="","",IF(U86="INGRESAR TASA","INGRESAR TASA USD",IF(U86="N/A","N/A",U86*S86))),"") -> N/A | W86: =IFERROR(IF(T86="","",IF(T86="COP",1,IF(U86<>"N/A",VLOOKUP(P86,'SH TRM'!$A$9:$B$100372,2,FALSE),"REVISAR"))),"") -> 1 | X86: =IFERROR(IF(W86<>"",IF(T86<>"COP",V86*W86,S86),""),"") -> N/A | Y86: 16006.51 | Z86: =IFERROR(IF(OR(K86="",K86="NO"),"",IF(F86="SI",IFERROR(Y86*N86,""),"")),"") -> 5602.2785 | AC86: =IFERROR(IF(Z86="","",IF(Z86>=CM001EMM1,"CUMPLE","NO CUMPLE")),"") -> CUMPLE | AD86: 173 | AE86: SI | AH86: SI | AK86: SI
A87: P15 | B87: P15-01 | D87: =IFERROR(INDEX(DESEMPATE!$D$3:$D$63,MATCH('EXP GEN.'!B87,DESEMPATE!$C$3:$C$63,0)),"") -> GRUPO POSSO S.A.S. | E87: =IFERROR(IF(D87="","",IF(VLOOKUP(D87,DESEMPATE!D$3:$E$69,2,FALSE)=1,"N/A",IF(VLOOKUP(D87,DESEMPATE!D$3:$E$69,2,FALSE)>=0.51,"SI","NO"))),"") -> SI | F87: SI | G87: GOBERNACIÓN DE SUCRE | H87: COLOMBIA | I87: CM-001-2014 | J87: INTERVENTORÍA TÉCNICA, ADMINISTRATIVA, FINANCIERA Y AMBIENTAL PARA LAS OBRAS DE MEJORAMIENTO EN PAVIMENTO ASFALTICO DE LA VIA SAMPUES - SAN BENITO ABAD MUNICIPIOS DE SAMPUES (K49+500) Y SAN BENITO ABAD (K0+000) EN EL DEPARTAMENTO DE SUCRE. | K87: SI | L87: SI | M87: =IFERROR(IF(O87="","",IF(O87>=DATE(1990,1,1),"SI","NO")),"") -> SI | N87: 0.95 | O87: 41815 | P87: 42667 | Q87: =IF(P87="","",YEAR(P87)) -> 2016 | R87: =IFERROR(INDEX(PARAMETROS!$B$53:$B$101,MATCH(Q87,PARAMETROS!$A$53:$A$101,0)),"") -> 689455 | S87: N/A | T87: COP | U87: =IFERROR(IF(T87="","",IF(T87="COP","N/A",IF(OR(T87="USD",T87="US"),1,IF(T87="EUR",VLOOKUP(P87,'SH EURO'!$A$6:$B$10372,2,FALSE),"INGRESAR TASA")))),"") -> N/A | V87: =IFERROR(IF(S87="","",IF(U87="INGRESAR TASA","INGRESAR TASA USD",IF(U87="N/A","N/A",U87*S87))),"") -> N/A | W87: =IFERROR(IF(T87="","",IF(T87="COP",1,IF(U87<>"N/A",VLOOKUP(P87,'SH TRM'!$A$9:$B$100372,2,FALSE),"REVISAR"))),"") -> 1 | X87: =IFERROR(IF(W87<>"",IF(T87<>"COP",V87*W87,S87),""),"") -> N/A | Y87: 18588.62 | Z87: =IFERROR(IF(OR(K87="",K87="NO"),"",IF(F87="SI",IFERROR(Y87*N87,""),"")),"") -> 17659.189 | AA87: =IFERROR(IF(COUNTIF(Z87:Z92,"")=6,"",IF(SUM(Z87:Z92)>=CM001M1,"CUMPLE","NO CUMPLE")),"") -> CUMPLE | AB87: =IFERROR(IF(COUNTIF(Z87:Z92,"")=6,"",IF(COUNTIF(E87:E92,"N/A")>0,IF(SUMIF(E87:E92,"N/A",Z87:Z92)>=CM001LM1,"CUMPLE","NO CUMPLE"),IF(SUMIF(E87:E92,"SI",Z87:Z92)>=CM001LM1,"CUMPLE","NO CUMPLE"))),"") -> CUMPLE | AC87: =IFERROR(IF(Z87="","",IF(Z87>=CM001EMM1,"CUMPLE","NO CUMPLE")),"") -> CUMPLE | AD87: 57 | AE87: SI | AH87: SI | AK87: SI | AN87: =IFERROR(IF(AD87="","",IF(ISNUMBER(AD87),IF(COUNTIF(AE87:AM87,"SI")>0,"SI","NO"),AD87)),"") -> SI | AO87: HÁBIL
B88: P15-01 | D88: =IFERROR(INDEX(DESEMPATE!$D$3:$D$63,MATCH('EXP GEN.'!B88,DESEMPATE!$C$3:$C$63,0)),"") -> GRUPO POSSO S.A.S. | E88: =IFERROR(IF(D88="","",IF(VLOOKUP(D88,DESEMPATE!D$3:$E$69,2,FALSE)=1,"N/A",IF(VLOOKUP(D88,DESEMPATE!D$3:$E$69,2,FALSE)>=0.51,"SI","NO"))),"") -> SI | F88: SI | G88: GOBERNACIÓN DE SUCRE | H88: COLOMBIA | I88: CM 015-2014 | J88: INTERVENTORIA TECNICA, ADMINISTRATIVA, FINANCIERA Y AMBIENTAL PARA LAS OBRAS DE MEJORAMIENTO EN PAVIMENTO ASFALTICO DE LA VIA SINCELEJO-EL CERREITO DE LA PALMA-LAGUNA LA FLOR-SAN ANTONIO DE PALMITO, MUNICIPIOS DE SINCELEJO Y SAN ANTONIO DE PALMITO EN EL DEPARTAMENTO DE SUCRE. | K88: SI | L88: SI | M88: =IFERROR(IF(O88="","",IF(O88>=DATE(1990,1,1),"SI","NO")),"") -> SI | N88: 0.95 | O88: 41995 | P88: 42588 | Q88: =IF(P88="","",YEAR(P88)) -> 2016 | R88: =IFERROR(INDEX(PARAMETROS!$B$53:$B$101,MATCH(Q88,PARAMETROS!$A$53:$A$101,0)),"") -> 689455 | S88: N/A | T88: COP | U88: =IFERROR(IF(T88="","",IF(T88="COP","N/A",IF(OR(T88="USD",T88="US"),1,IF(T88="EUR",VLOOKUP(P88,'SH EURO'!$A$6:$B$10372,2,FALSE),"INGRESAR TASA")))),"") -> N/A | V88: =IFERROR(IF(S88="","",IF(U88="INGRESAR TASA","INGRESAR TASA USD",IF(U88="N/A","N/A",U88*S88))),"") -> N/A | W88: =IFERROR(IF(T88="","",IF(T88="COP",1,IF(U88<>"N/A",VLOOKUP(P88,'SH TRM'!$A$9:$B$100372,2,FALSE),"REVISAR"))),"") -> 1 | X88: =IFERROR(IF(W88<>"",IF(T88<>"COP",V88*W88,S88),""),"") -> N/A | Y88: 4498.18 | Z88: =IFERROR(IF(OR(K88="",K88="NO"),"",IF(F88="SI",IFERROR(Y88*N88,""),"")),"") -> 4273.271 | AC88: =IFERROR(IF(Z88="","",IF(Z88>=CM001EMM1,"CUMPLE","NO CUMPLE")),"") -> CUMPLE | AD88: 58 | AE88: SI | AH88: SI | AK88: SI | AN88: =IFERROR(IF(AD88="","",IF(ISNUMBER(AD88),IF(COUNTIF(AE88:AM88,"SI")>0,"SI","NO"),AD88)),"") -> SI
B89: P15-02 | D89: =IFERROR(INDEX(DESEMPATE!$D$3:$D$63,MATCH('EXP GEN.'!B89,DESEMPATE!$C$3:$C$63,0)),"") -> JOSE MANUEL GUARDO POLO | E89: =IFERROR(IF(D89="","",IF(VLOOKUP(D89,DESEMPATE!D$3:$E$69,2,FALSE)=1,"N/A",IF(VLOOKUP(D89,DESEMPATE!D$3:$E$69,2,FALSE)>=0.51,"SI","NO"))),"") -> NO | F89: SI | G89: AREA METROPOLITANA DE BARRANQUILLA | H89: COLOMBIA | I89: 002-95 | J89: INTERVENTORIA A LAS OBRAS QUE DEBERA EMPRENDER EL AREA METROPOLOTANA DE BARRANQUILLA PARA LA CONSTRUCCIÓN DEL PUENTE VEHICULAR Y DE LOS INTERCAMBIOS VIALES LOCALIZADOS EN LA INTERSECCION DE LA CALLE 45 MURILLO CON LA AVENIDA CIRCUNVALAR. | K89: SI | L89: SI | M89: =IFERROR(IF(O89="","",IF(O89>=DATE(1990,1,1),"SI","NO")),"") -> SI | N89: 1 | O89: 34743 | P89: 35291 | Q89: =IF(P89="","",YEAR(P89)) -> 1996 | R89: =IFERROR(INDEX(PARAMETROS!$B$53:$B$101,MATCH(Q89,PARAMETROS!$A$53:$A$101,0)),"") -> 142125 | S89: N/A | T89: COP | U89: =IFERROR(IF(T89="","",IF(T89="COP","N/A",IF(OR(T89="USD",T89="US"),1,IF(T89="EUR",VLOOKUP(P89,'SH EURO'!$A$6:$B$10372,2,FALSE),"INGRESAR TASA")))),"") -> N/A | V89: =IFERROR(IF(S89="","",IF(U89="INGRESAR TASA","INGRESAR TASA USD",IF(U89="N/A","N/A",U89*S89))),"") -> N/A | W89: =IFERROR(IF(T89="","",IF(T89="COP",1,IF(U89<>"N/A",VLOOKUP(P89,'SH TRM'!$A$9:$B$100372,2,FALSE),"REVISAR"))),"") -> 1 | X89: =IFERROR(IF(W89<>"",IF(T89<>"COP",V89*W89,S89),""),"") -> N/A | Y89: 4241.48 | Z89: =IFERROR(IF(OR(K89="",K89="NO"),"",IF(F89="SI",IFERROR(Y89*N89,""),"")),"") -> 4241.48 | AC89: =IFERROR(IF(Z89="","",IF(Z89>=CM001EMM1,"CUMPLE","NO CUMPLE")),"") -> CUMPLE | AD89: 1 | AE89: SI | AH89: SI | AK89: NO | AN89: =IFERROR(IF(AD89="","",IF(ISNUMBER(AD89),IF(COUNTIF(AE89:AM89,"SI")>0,"SI","NO"),AD89)),"") -> SI
B90: P15-02 | D90: =IFERROR(INDEX(DESEMPATE!$D$3:$D$63,MATCH('EXP GEN.'!B90,DESEMPATE!$C$3:$C$63,0)),"") -> JOSE MANUEL GUARDO POLO | E90: =IFERROR(IF(D90="","",IF(VLOOKUP(D90,DESEMPATE!D$3:$E$69,2,FALSE)=1,"N/A",IF(VLOOKUP(D90,DESEMPATE!D$3:$E$69,2,FALSE)>=0.51,"SI","NO"))),"") -> NO | F90: SI | G90: AREA METROPOLITANA DE BARRANQUILLA | H90: COLOMBIA | I90: 003-93 | J90: INTERVENTORIA GENERAL (TÉCNICA, ADMINISTRATIVA, FINANCIERA Y CONTABLE) PARA LA RECONSTRUCCION DE LA CALLE 17 ENTRE LAS CARRERAS 38 DE BARRANQUILLA Y SU INTERSECCIÓN CON LA CALLE 30 EN EL MUNICIPIO DE SOLEDAD EN EL SITIO DENOMINADO LA VIRGENCITA. | K90: SI | L90: SI | M90: =IFERROR(IF(O90="","",IF(O90>=DATE(1990,1,1),"SI","NO")),"") -> SI | N90: 1 | O90: 34355 | P90: 34610 | Q90: =IF(P90="","",YEAR(P90)) -> 1994 | R90: =IFERROR(INDEX(PARAMETROS!$B$53:$B$101,MATCH(Q90,PARAMETROS!$A$53:$A$101,0)),"") -> 98700 | S90: N/A | T90: COP | U90: =IFERROR(IF(T90="","",IF(T90="COP","N/A",IF(OR(T90="USD",T90="US"),1,IF(T90="EUR",VLOOKUP(P90,'SH EURO'!$A$6:$B$10372,2,FALSE),"INGRESAR TASA")))),"") -> N/A | V90: =IFERROR(IF(S90="","",IF(U90="INGRESAR TASA","INGRESAR TASA USD",IF(U90="N/A","N/A",U90*S90))),"") -> N/A | W90: =IFERROR(IF(T90="","",IF(T90="COP",1,IF(U90<>"N/A",VLOOKUP(P90,'SH TRM'!$A$9:$B$100372,2,FALSE),"REVISAR"))),"") -> 1 | X90: =IFERROR(IF(W90<>"",IF(T90<>"COP",V90*W90,S90),""),"") -> N/A | Y90: 3242.79 | Z90: =IFERROR(IF(OR(K90="",K90="NO"),"",IF(F90="SI",IFERROR(Y90*N90,""),"")),"") -> 3242.79 | AC90: =IFERROR(IF(Z90="","",IF(Z90>=CM001EMM1,"CUMPLE","NO CUMPLE")),"") -> CUMPLE | AD90: 2 | AE90: SI | AH90: SI | AK90: NO | AN90: =IFERROR(IF(AD90="","",IF(ISNUMBER(AD90),IF(COUNTIF(AE90:AM90,"SI")>0,"SI","NO"),AD90)),"") -> SI
B91: P15-02 | D91: =IFERROR(INDEX(DESEMPATE!$D$3:$D$63,MATCH('EXP GEN.'!B91,DESEMPATE!$C$3:$C$63,0)),"") -> JOSE MANUEL GUARDO POLO | E91: =IFERROR(IF(D91="","",IF(VLOOKUP(D91,DESEMPATE!D$3:$E$69,2,FALSE)=1,"N/A",IF(VLOOKUP(D91,DESEMPATE!D$3:$E$69,2,FALSE)>=0.51,"SI","NO"))),"") -> NO | F91: SI | G91: INVIAS | H91: COLOMBIA | I91: 1948 DE 2004 | J91: INTERVENTORIA PARA EL MEJORAMIENTO Y MANTENIMIENTO INTEGRAL DE LA RUTA BUENAVENTURA-BUGA DEL CORREDOR VIAL DEL PACIFICO (INCLUIDO EL MANTENIMIENTO Y RUTINARIO, LA SEÑALIZACION, EL MONITOREO Y VIGILANCIA Y LOS CONTEOS DE TRANSITO) RUTA 40 TRAMO 4001. | K91: SI | L91: SI | M91: =IFERROR(IF(O91="","",IF(O91>=DATE(1990,1,1),"SI","NO")),"") -> SI | N91: 0.5 | O91: 38338 | P91: 40296 | Q91: =IF(P91="","",YEAR(P91)) -> 2010 | R91: =IFERROR(INDEX(PARAMETROS!$B$53:$B$101,MATCH(Q91,PARAMETROS!$A$53:$A$101,0)),"") -> 515000 | S91: N/A | T91: COP | U91: =IFERROR(IF(T91="","",IF(T91="COP","N/A",IF(OR(T91="USD",T91="US"),1,IF(T91="EUR",VLOOKUP(P91,'SH EURO'!$A$6:$B$10372,2,FALSE),"INGRESAR TASA")))),"") -> N/A | V91: =IFERROR(IF(S91="","",IF(U91="INGRESAR TASA","INGRESAR TASA USD",IF(U91="N/A","N/A",U91*S91))),"") -> N/A | W91: =IFERROR(IF(T91="","",IF(T91="COP",1,IF(U91<>"N/A",VLOOKUP(P91,'SH TRM'!$A$9:$B$100372,2,FALSE),"REVISAR"))),"") -> 1 | X91: =IFERROR(IF(W91<>"",IF(T91<>"COP",V91*W91,S91),""),"") -> N/A | Y91: 10895.16 | Z91: =IFERROR(IF(OR(K91="",K91="NO"),"",IF(F91="SI",IFERROR(Y91*N91,""),"")),"") -> 5447.58 | AC91: =IFERROR(IF(Z91="","",IF(Z91>=CM001EMM1,"CUMPLE","NO CUMPLE")),"") -> CUMPLE | AD91: 11 | AE91: SI | AH91: SI | AK91: NO | AN91: =IFERROR(IF(AD91="","",IF(ISNUMBER(AD91),IF(COUNTIF(AE91:AM91,"SI")>0,"SI","NO"),AD91)),"") -> SI
D92: =IFERROR(INDEX(DESEMPATE!$D$3:$D$63,MATCH('EXP GEN.'!B92,DESEMPATE!$C$3:$C$63,0)),"") | E92: =IFERROR(IF(D92="","",IF(VLOOKUP(D92,DESEMPATE!D$3:$E$69,2,FALSE)=1,"N/A",IF(VLOOKUP(D92,DESEMPATE!D$3:$E$69,2,FALSE)>=0.51,"SI","NO"))),"") | F92: SI | M92: =IFERROR(IF(O92="","",IF(O92>=DATE(1990,1,1),"SI","NO")),"") | Q92: =IF(P92="","",YEAR(P92)) | R92: =IFERROR(INDEX(PARAMETROS!$B$53:$B$101,MATCH(Q92,PARAMETROS!$A$53:$A$101,0)),"") | U92: =IFERROR(IF(T92="","",IF(T92="COP","N/A",IF(OR(T92="USD",T92="US"),1,IF(T92="EUR",VLOOKUP(P92,'SH EURO'!$A$6:$B$10372,2,FALSE),"INGRESAR TASA")))),"") | V92: =IFERROR(IF(S92="","",IF(U92="INGRESAR TASA","INGRESAR TASA USD",IF(U92="N/A","N/A",U92*S92))),"") | W92: =IFERROR(IF(T92="","",IF(T92="COP",1,IF(U92<>"N/A",VLOOKUP(P92,'SH TRM'!$A$9:$B$100372,2,FALSE),"REVISAR"))),"") | X92: =IFERROR(IF(W92<>"",IF(T92<>"COP",V92*W92,S92),""),"") | Y92: =IFERROR(X92/R92,"") | Z92: =IFERROR(IF(OR(K92="",K92="NO"),"",IF(F92="SI",IFERROR(Y92*N92,""),"")),"") | AC92: =IFERROR(IF(Z92="","",IF(Z92>=CM001EMM1,"CUMPLE","NO CUMPLE")),"") | AN92: =IFERROR(IF(AD92="","",IF(ISNUMBER(AD92),IF(COUNTIF(AE92:AM92,"SI")>0,"SI","NO"),AD92)),"")
A93: P16 | B93: P16-01 | D93: =IFERROR(INDEX(DESEMPATE!$D$3:$D$63,MATCH('EXP GEN.'!B93,DESEMPATE!$C$3:$C$63,0)),"") -> COMPAÑÍA COLOMBIANA DE CONSULTORES S.A.S. (CCC) | E93: =IFERROR(IF(D93="","",IF(VLOOKUP(D93,DESEMPATE!D$3:$E$69,2,FALSE)=1,"N/A",IF(VLOOKUP(D93,DESEMPATE!D$3:$E$69,2,FALSE)>=0.51,"SI","NO"))),"") -> SI | F93: SI | G93: GOBERNACIÓN DE ANTIOQUIA | H93: COLOMBIA | I93: 95-CO-21-058 | J93: INTERVENTORÍA DE LA AMPLIACIÓN, RECTIFICACIÓN Y PAVIMENTACIÓN DE LA CARRETERA GUATAPÉ - SAN RAFAEL - SAN CARLOS. | K93: SI | L93: SI | M93: =IFERROR(IF(O93="","",IF(O93>=DATE(1990,1,1),"SI","NO")),"") -> SI | N93: 1 | O93: 34991 | P93: 35919 | Q93: =IF(P93="","",YEAR(P93)) -> 1998 | R93: =IFERROR(INDEX(PARAMETROS!$B$53:$B$101,MATCH(Q93,PARAMETROS!$A$53:$A$101,0)),"") -> 203826 | S93: N/A | T93: COP | U93: =IFERROR(IF(T93="","",IF(T93="COP","N/A",IF(OR(T93="USD",T93="US"),1,IF(T93="EUR",VLOOKUP(P93,'SH EURO'!$A$6:$B$10372,2,FALSE),"INGRESAR TASA")))),"") -> N/A | V93: =IFERROR(IF(S93="","",IF(U93="INGRESAR TASA","INGRESAR TASA USD",IF(U93="N/A","N/A",U93*S93))),"") -> N/A | W93: =IFERROR(IF(T93="","",IF(T93="COP",1,IF(U93<>"N/A",VLOOKUP(P93,'SH TRM'!$A$9:$B$100372,2,FALSE),"REVISAR"))),"") -> 1 | X93: =IFERROR(IF(W93<>"",IF(T93<>"COP",V93*W93,S93),""),"") -> N/A | Y93: 13669.29 | Z93: =IFERROR(IF(OR(K93="",K93="NO"),"",IF(F93="SI",IFERROR(Y93*N93,""),"")),"") -> 13669.29 | AA93: =IFERROR(IF(COUNTIF(Z93:Z98,"")=6,"",IF(SUM(Z93:Z98)>=CM001M1,"CUMPLE","NO CUMPLE")),"") -> CUMPLE | AB93: =IFERROR(IF(COUNTIF(Z93:Z98,"")=6,"",IF(COUNTIF(E93:E98,"N/A")>0,IF(SUMIF(E93:E98,"N/A",Z93:Z98)>=CM001LM1,"CUMPLE","NO CUMPLE"),IF(SUMIF(E93:E98,"SI",Z93:Z98)>=CM001LM1,"CUMPLE","NO CUMPLE"))),"") -> CUMPLE | AC93: =IFERROR(IF(Z93="","",IF(Z93>=CM001EMM1,"CUMPLE","NO CUMPLE")),"") -> CUMPLE | AD93: 2 | AE93: SI | AH93: SI | AK93: SI | AN93: =IFERROR(IF(AD93="","",IF(ISNUMBER(AD93),IF(COUNTIF(AE93:AM93,"SI")>0,"SI","NO"),AD93)),"") -> SI | AO93: HÁBIL
B94: P16-01 | D94: =IFERROR(INDEX(DESEMPATE!$D$3:$D$63,MATCH('EXP GEN.'!B94,DESEMPATE!$C$3:$C$63,0)),"") -> COMPAÑÍA COLOMBIANA DE CONSULTORES S.A.S. (CCC) | E94: =IFERROR(IF(D94="","",IF(VLOOKUP(D94,DESEMPATE!D$3:$E$69,2,FALSE)=1,"N/A",IF(VLOOKUP(D94,DESEMPATE!D$3:$E$69,2,FALSE)>=0.51,"SI","NO"))),"") -> SI | F94: SI | G94: INVIAS | H94: COLOMBIA | I94: 44 DE 2001 | J94: INTERVENTORIA DE LAS OBRAS DE REHABILITACIÓN DEL SECTOR QUIBDÓ - YUTO. | K94: SI | L94: SI | M94: =IFERROR(IF(O94="","",IF(O94>=DATE(1990,1,1),"SI","NO")),"") -> SI | N94: 1 | O94: 36950 | P94: 37422 | Q94: =IF(P94="","",YEAR(P94)) -> 2002 | R94: =IFERROR(INDEX(PARAMETROS!$B$53:$B$101,MATCH(Q94,PARAMETROS!$A$53:$A$101,0)),"") -> 309000 | S94: N/A | T94: COP | U94: =IFERROR(IF(T94="","",IF(T94="COP","N/A",IF(OR(T94="USD",T94="US"),1,IF(T94="EUR",VLOOKUP(P94,'SH EURO'!$A$6:$B$10372,2,FALSE),"INGRESAR TASA")))),"") -> N/A | V94: =IFERROR(IF(S94="","",IF(U94="INGRESAR TASA","INGRESAR TASA USD",IF(U94="N/A","N/A",U94*S94))),"") -> N/A | W94: =IFERROR(IF(T94="","",IF(T94="COP",1,IF(U94<>"N/A",VLOOKUP(P94,'SH TRM'!$A$9:$B$100372,2,FALSE),"REVISAR"))),"") -> 1 | X94: =IFERROR(IF(W94<>"",IF(T94<>"COP",V94*W94,S94),""),"") -> N/A | Y94: 4301.55 | Z94: =IFERROR(IF(OR(K94="",K94="NO"),"",IF(F94="SI",IFERROR(Y94*N94,""),"")),"") -> 4301.55 | AC94: =IFERROR(IF(Z94="","",IF(Z94>=CM001EMM1,"CUMPLE","NO CUMPLE")),"") -> CUMPLE | AD94: 9 | AE94: SI | AH94: SI | AK94: SI | AN94: =IFERROR(IF(AD94="","",IF(ISNUMBER(AD94),IF(COUNTIF(AE94:AM94,"SI")>0,"SI","NO"),AD94)),"") -> SI
B95: P16-01 | D95: =IFERROR(INDEX(DESEMPATE!$D$3:$D$63,MATCH('EXP GEN.'!B95,DESEMPATE!$C$3:$C$63,0)),"") -> COMPAÑÍA COLOMBIANA DE CONSULTORES S.A.S. (CCC) | E95: =IFERROR(IF(D95="","",IF(VLOOKUP(D95,DESEMPATE!D$3:$E$69,2,FALSE)=1,"N/A",IF(VLOOKUP(D95,DESEMPATE!D$3:$E$69,2,FALSE)>=0.51,"SI","NO"))),"") -> SI | F95: SI | G95: INVIAS | H95: COLOMBIA | I95: 1190 DE 2001 | J95: INTERVENTORIA PARA EL MEJORAMIENTO Y PAVIMENTACÓN DE LA CARRETERA FUENTE DE ORO-PUERTO LLERAS - CRUCE PUERTO RICO - PUERTO ARTURO - SAN JOSÉ DEL GUAVIARE SECTOR CRUCE DE PUERTO RICO - PUERTO ARTURO. | K95: SI | L95: SI | M95: =IFERROR(IF(O95="","",IF(O95>=DATE(1990,1,1),"SI","NO")),"") -> SI | N95: 1 | O95: 37308 | P95: 37970 | Q95: =IF(P95="","",YEAR(P95)) -> 2003 | R95: =IFERROR(INDEX(PARAMETROS!$B$53:$B$101,MATCH(Q95,PARAMETROS!$A$53:$A$101,0)),"") -> 332000 | S95: N/A | T95: COP | U95: =IFERROR(IF(T95="","",IF(T95="COP","N/A",IF(OR(T95="USD",T95="US"),1,IF(T95="EUR",VLOOKUP(P95,'SH EURO'!$A$6:$B$10372,2,FALSE),"INGRESAR TASA")))),"") -> N/A | V95: =IFERROR(IF(S95="","",IF(U95="INGRESAR TASA","INGRESAR TASA USD",IF(U95="N/A","N/A",U95*S95))),"") -> N/A | W95: =IFERROR(IF(T95="","",IF(T95="COP",1,IF(U95<>"N/A",VLOOKUP(P95,'SH TRM'!$A$9:$B$100372,2,FALSE),"REVISAR"))),"") -> 1 | X95: =IFERROR(IF(W95<>"",IF(T95<>"COP",V95*W95,S95),""),"") -> N/A | Y95: 3638.12 | Z95: =IFERROR(IF(OR(K95="",K95="NO"),"",IF(F95="SI",IFERROR(Y95*N95,""),"")),"") -> 3638.12 | AC95: =IFERROR(IF(Z95="","",IF(Z95>=CM001EMM1,"CUMPLE","NO CUMPLE")),"") -> CUMPLE | AD95: 13 | AE95: SI | AH95: SI | AK95: SI | AN95: =IFERROR(IF(AD95="","",IF(ISNUMBER(AD95),IF(COUNTIF(AE95:AM95,"SI")>0,"SI","NO"),AD95)),"") -> SI
B96: P16-02 | D96: =IFERROR(INDEX(DESEMPATE!$D$3:$D$63,MATCH('EXP GEN.'!B96,DESEMPATE!$C$3:$C$63,0)),"") -> CONSULTORES EN INGENIERÍA S.A.S. | E96: =IFERROR(IF(D96="","",IF(VLOOKUP(D96,DESEMPATE!D$3:$E$69,2,FALSE)=1,"N/A",IF(VLOOKUP(D96,DESEMPATE!D$3:$E$69,2,FALSE)>=0.51,"SI","NO"))),"") -> NO | F96: SI | G96: INVIAS | H96: COLOMBIA | I96: 1098 - 1995 | J96: INTERVENTORÍA TÉCNICA EN SU ETAPA DE CONSTRUCCIÓN DE LA CONCESIÓN DEL PROYECTO VIAL DENOMINADO DESARROLLO VIAL PARA EL NORTE DE BOGOTÁ EN EL DEPARTAMENTO DE CUNDINAMARCA. | K96: SI | L96: SI | M96: =IFERROR(IF(O96="","",IF(O96>=DATE(1990,1,1),"SI","NO")),"") -> SI | N96: 1 | O96: 35019 | P96: 36114 | Q96: =IF(P96="","",YEAR(P96)) -> 1998 | R96: =IFERROR(INDEX(PARAMETROS!$B$53:$B$101,MATCH(Q96,PARAMETROS!$A$53:$A$101,0)),"") -> 203826 | S96: N/A | T96: COP | U96: =IFERROR(IF(T96="","",IF(T96="COP","N/A",IF(OR(T96="USD",T96="US"),1,IF(T96="EUR",VLOOKUP(P96,'SH EURO'!$A$6:$B$10372,2,FALSE),"INGRESAR TASA")))),"") -> N/A | V96: =IFERROR(IF(S96="","",IF(U96="INGRESAR TASA","INGRESAR TASA USD",IF(U96="N/A","N/A",U96*S96))),"") -> N/A | W96: =IFERROR(IF(T96="","",IF(T96="COP",1,IF(U96<>"N/A",VLOOKUP(P96,'SH TRM'!$A$9:$B$100372,2,FALSE),"REVISAR"))),"") -> 1 | X96: =IFERROR(IF(W96<>"",IF(T96<>"COP",V96*W96,S96),""),"") -> N/A | Y96: 9372.81 | Z96: =IFERROR(IF(OR(K96="",K96="NO"),"",IF(F96="SI",IFERROR(Y96*N96,""),"")),"") -> 9372.81 | AC96: =IFERROR(IF(Z96="","",IF(Z96>=CM001EMM1,"CUMPLE","NO CUMPLE")),"") -> CUMPLE | AD96: 3 | AE96: NO | AH96: SI | AK96: SI | AN96: =IFERROR(IF(AD96="","",IF(ISNUMBER(AD96),IF(COUNTIF(AE96:AM96,"SI")>0,"SI","NO"),AD96)),"") -> SI
B97: P16-02 | D97: =IFERROR(INDEX(DESEMPATE!$D$3:$D$63,MATCH('EXP GEN.'!B97,DESEMPATE!$C$3:$C$63,0)),"") -> CONSULTORES EN INGENIERÍA S.A.S. | E97: =IFERROR(IF(D97="","",IF(VLOOKUP(D97,DESEMPATE!D$3:$E$69,2,FALSE)=1,"N/A",IF(VLOOKUP(D97,DESEMPATE!D$3:$E$69,2,FALSE)>=0.51,"SI","NO"))),"") -> NO | F97: SI | G97: INVIAS | H97: COLOMBIA | I97: 0074 - 1997 | J97: INTERVENTORÍA TÉCNICA Y FINANCIERA EN SU ETAPA DE CONSTRUCCIÓN DE LA CONCESIÓN DEL SECTOR SANTA FE DE BOGOTÁ - CAQUEZA (PUENTE REAL), QUE INCLUYE LA CONSTRUCCIÓN DEL TÚNEL DEL BOQUERÓN (LONGITUD) APROXIMADA DE 2.3 KILOMETROS) Y LA INTERVENTORIA DE OPERACIÓN DEL SECTOR PORTAL BOGOTÁ - CAÑO SECO DE LA CARRETERA SANTAFÉ DE BOGOTÁ - VILLAVICENCIO. | K97: SI | L97: SI | M97: =IFERROR(IF(O97="","",IF(O97>=DATE(1990,1,1),"SI","NO")),"") -> SI | N97: 0.818 | O97: 35507 | P97: 36543 | Q97: =IF(P97="","",YEAR(P97)) -> 2000 | R97: =IFERROR(INDEX(PARAMETROS!$B$53:$B$101,MATCH(Q97,PARAMETROS!$A$53:$A$101,0)),"") -> 260100 | S97: N/A | T97: COP | U97: =IFERROR(IF(T97="","",IF(T97="COP","N/A",IF(OR(T97="USD",T97="US"),1,IF(T97="EUR",VLOOKUP(P97,'SH EURO'!$A$6:$B$10372,2,FALSE),"INGRESAR TASA")))),"") -> N/A | V97: =IFERROR(IF(S97="","",IF(U97="INGRESAR TASA","INGRESAR TASA USD",IF(U97="N/A","N/A",U97*S97))),"") -> N/A | W97: =IFERROR(IF(T97="","",IF(T97="COP",1,IF(U97<>"N/A",VLOOKUP(P97,'SH TRM'!$A$9:$B$100372,2,FALSE),"REVISAR"))),"") -> 1 | X97: =IFERROR(IF(W97<>"",IF(T97<>"COP",V97*W97,S97),""),"") -> N/A | Y97: 17105.18 | Z97: =IFERROR(IF(OR(K97="",K97="NO"),"",IF(F97="SI",IFERROR(Y97*N97,""),"")),"") -> 13992.037 | AC97: =IFERROR(IF(Z97="","",IF(Z97>=CM001EMM1,"CUMPLE","NO CUMPLE")),"") -> CUMPLE | AD97: 41 | AE97: NO | AH97: SI | AK97: SI | AN97: =IFERROR(IF(AD97="","",IF(ISNUMBER(AD97),IF(COUNTIF(AE97:AM97,"SI")>0,"SI","NO"),AD97)),"") -> SI
B98: P16-02 | D98: =IFERROR(INDEX(DESEMPATE!$D$3:$D$63,MATCH('EXP GEN.'!B98,DESEMPATE!$C$3:$C$63,0)),"") -> CONSULTORES EN INGENIERÍA S.A.S. | E98: =IFERROR(IF(D98="","",IF(VLOOKUP(D98,DESEMPATE!D$3:$E$69,2,FALSE)=1,"N/A",IF(VLOOKUP(D98,DESEMPATE!D$3:$E$69,2,FALSE)>=0.51,"SI","NO"))),"") -> NO | F98: SI | G98: ANI | H98: COLOMBIA | I98: SEA-057 DE 2012 | J98: INTERVENTORÍA AL CONTRATO DE CONCESIÓN NO. 007/2010 PROYECTO VIAL RUTAL DEL SOL SECTOR 3. | K98: SI | L98: SI | M98: =IFERROR(IF(O98="","",IF(O98>=DATE(1990,1,1),"SI","NO")),"") -> SI | N98: 0.4 | O98: 41012 | P98: 42736 | Q98: =IF(P98="","",YEAR(P98)) -> 2017 | R98: =IFERROR(INDEX(PARAMETROS!$B$53:$B$101,MATCH(Q98,PARAMETROS!$A$53:$A$101,0)),"") -> 737717 | S98: 40284432271 | T98: COP | U98: =IFERROR(IF(T98="","",IF(T98="COP","N/A",IF(OR(T98="USD",T98="US"),1,IF(T98="EUR",VLOOKUP(P98,'SH EURO'!$A$6:$B$10372,2,FALSE),"INGRESAR TASA")))),"") -> N/A | V98: =IFERROR(IF(S98="","",IF(U98="INGRESAR TASA","INGRESAR TASA USD",IF(U98="N/A","N/A",U98*S98))),"") -> N/A | W98: =IFERROR(IF(T98="","",IF(T98="COP",1,IF(U98<>"N/A",VLOOKUP(P98,'SH TRM'!$A$9:$B$100372,2,FALSE),"REVISAR"))),"") -> 1 | X98: =IFERROR(IF(W98<>"",IF(T98<>"COP",V98*W98,S98),""),"") -> 40284432271 | Y98: =IFERROR(X98/R98,"") -> 54606.892 | Z98: =IFERROR(IF(OR(K98="",K98="NO"),"",IF(F98="SI",IFERROR(Y98*N98,""),"")),"") -> 21842.757 | AC98: =IFERROR(IF(Z98="","",IF(Z98>=CM001EMM1,"CUMPLE","NO CUMPLE")),"") -> CUMPLE | AD98: EJECUCION | AN98: =IFERROR(IF(AD98="","",IF(ISNUMBER(AD98),IF(COUNTIF(AE98:AM98,"SI")>0,"SI","NO"),AD98)),"") -> EJECUCION
A99: P17 | B99: P17-01 | D99: =IFERROR(INDEX(DESEMPATE!$D$3:$D$63,MATCH('EXP GEN.'!B99,DESEMPATE!$C$3:$C$63,0)),"") -> GRUPO METRO COLOMBIA -GMC INGENIEROS SA | E99: =IFERROR(IF(D99="","",IF(VLOOKUP(D99,DESEMPATE!D$3:$E$69,2,FALSE)=1,"N/A",IF(VLOOKUP(D99,DESEMPATE!D$3:$E$69,2,FALSE)>=0.51,"SI","NO"))),"") -> SI | F99: SI | G99: INSTITUTO DE DESARROLLO URBANO - IDU | H99: COLOMBIA | I99: 196-2006 | J99: INTERVENTORÍA TÉCNICA, ADMINISTRATIVA, FINANCIERA Y SOCIO AMBIENTAL PARA LA CONSTRUCCIÓN Y/O REHABILITACIÓN DE VÍAS EN LAS LOCALIDADES DE USAQUÉN, TEUSAQUILLO, BARRIOS UNIDOS, ANTONIO NARIÑO Y ENGATIVÁ GRUPO 1 EN BOGOTÁ D.C. | K99: SI | L99: SI | M99: =IFERROR(IF(O99="","",IF(O99>=DATE(1990,1,1),"SI","NO")),"") -> SI | N99: 0.9 | O99: 39167 | P99: 39758 | Q99: =IF(P99="","",YEAR(P99)) -> 2008 | R99: =IFERROR(INDEX(PARAMETROS!$B$53:$B$101,MATCH(Q99,PARAMETROS!$A$53:$A$101,0)),"") -> 461500 | S99: N/A | T99: COP | U99: =IFERROR(IF(T99="","",IF(T99="COP","N/A",IF(OR(T99="USD",T99="US"),1,IF(T99="EUR",VLOOKUP(P99,'SH EURO'!$A$6:$B$10372,2,FALSE),"INGRESAR TASA")))),"") -> N/A | V99: =IFERROR(IF(S99="","",IF(U99="INGRESAR TASA","INGRESAR TASA USD",IF(U99="N/A","N/A",U99*S99))),"") -> N/A | W99: =IFERROR(IF(T99="","",IF(T99="COP",1,IF(U99<>"N/A",VLOOKUP(P99,'SH TRM'!$A$9:$B$100372,2,FALSE),"REVISAR"))),"") -> 1 | X99: =IFERROR(IF(W99<>"",IF(T99<>"COP",V99*W99,S99),""),"") -> N/A | Y99: 3671.41 | Z99: =IFERROR(IF(OR(K99="",K99="NO"),"",IF(F99="SI",IFERROR(Y99*N99,""),"")),"") -> 3304.269 | AA99: =IFERROR(IF(COUNTIF(Z99:Z104,"")=6,"",IF(SUM(Z99:Z104)>=CM001M1,"CUMPLE","NO CUMPLE")),"") -> CUMPLE | AB99: =IFERROR(IF(COUNTIF(Z99:Z104,"")=6,"",IF(COUNTIF(E99:E104,"N/A")>0,IF(SUMIF(E99:E104,"N/A",Z99:Z104)>=CM001LM1,"CUMPLE","NO CUMPLE"),IF(SUMIF(E99:E104,"SI",Z99:Z104)>=CM001LM1,"CUMPLE","NO CUMPLE"))),"") -> CUMPLE | AC99: =IFERROR(IF(Z99="","",IF(Z99>=CM001EMM1,"CUMPLE","NO CUMPLE")),"") -> CUMPLE | AD99: 41 | AE99: SI | AH99: SI | AK99: SI | AN99: =IFERROR(IF(AD99="","",IF(ISNUMBER(AD99),IF(COUNTIF(AE99:AM99,"SI")>0,"SI","NO"),AD99)),"") -> SI | AO99: RECHAZADO
B100: P17-01 | D100: =IFERROR(INDEX(DESEMPATE!$D$3:$D$63,MATCH('EXP GEN.'!B100,DESEMPATE!$C$3:$C$63,0)),"") -> GRUPO METRO COLOMBIA -GMC INGENIEROS SA | E100: =IFERROR(IF(D100="","",IF(VLOOKUP(D100,DESEMPATE!D$3:$E$69,2,FALSE)=1,"N/A",IF(VLOOKUP(D100,DESEMPATE!D$3:$E$69,2,FALSE)>=0.51,"SI","NO"))),"") -> SI | F100: SI | G100: METRO CALI SA | H100: COLOMBIA | I100: MT-IT-01-13 | J100: INTERVENTORÍA TÉCNICA, ADMINISTRATIVA, FINANCIERA, SOCIAL Y AMBIENTAL PARA LA ADECUACIÓN DE LA CONDICIÓN FUNCIONAL VIAL DE LOS CORREDORES PRETRONCALES Y ALIMENTADORES DEL SISTEMA INTEGRADO DE TRANSPORTE MASIVO SITM - MIO, GRUPOS 1, 2 Y 3 DE SANTIAGO DE CALI. | K100: SI | L100: SI | M100: =IFERROR(IF(O100="","",IF(O100>=DATE(1990,1,1),"SI","NO")),"") -> SI | N100: 0.9 | O100: 41523 | P100: 42094 | Q100: =IF(P100="","",YEAR(P100)) -> 2015 | R100: =IFERROR(INDEX(PARAMETROS!$B$53:$B$101,MATCH(Q100,PARAMETROS!$A$53:$A$101,0)),"") -> 644350 | S100: N/A | T100: COP | U100: =IFERROR(IF(T100="","",IF(T100="COP","N/A",IF(OR(T100="USD",T100="US"),1,IF(T100="EUR",VLOOKUP(P100,'SH EURO'!$A$6:$B$10372,2,FALSE),"INGRESAR TASA")))),"") -> N/A | V100: =IFERROR(IF(S100="","",IF(U100="INGRESAR TASA","INGRESAR TASA USD",IF(U100="N/A","N/A",U100*S100))),"") -> N/A | W100: =IFERROR(IF(T100="","",IF(T100="COP",1,IF(U100<>"N/A",VLOOKUP(P100,'SH TRM'!$A$9:$B$100372,2,FALSE),"REVISAR"))),"") -> 1 | X100: =IFERROR(IF(W100<>"",IF(T100<>"COP",V100*W100,S100),""),"") -> N/A | Y100: 7351.85 | Z100: =IFERROR(IF(OR(K100="",K100="NO"),"",IF(F100="SI",IFERROR(Y100*N100,""),"")),"") -> 6616.665 | AC100: =IFERROR(IF(Z100="","",IF(Z100>=CM001EMM1,"CUMPLE","NO CUMPLE")),"") -> CUMPLE | AD100: 61 | AE100: SI | AH100: SI | AK100: SI | AN100: =IFERROR(IF(AD100="","",IF(ISNUMBER(AD100),IF(COUNTIF(AE100:AM100,"SI")>0,"SI","NO"),AD100)),"") -> SI
...

Sheet EXP ESPEC.
A1: IDN1 | B1: IDN2 | C1: FOLIO CONTRATO | D1: INTEGRANTE | E1: MÓDULO 1 (SI/NO) | F1: ENTIDAD | G1: PAÍS DE EJECUCIÓN | H1: No. Contrato | I1: OBJETO DEL CONTRATO | J1: CONTRATO VÁLIDO PARA ACREDITAR EXPERIENCIA (SI/NO) | K1: 1) Contrato de Interventoría en proyectos de infraestructura de transporte | L1: 2) Contrato de INTERVENTORÍA DE PROYECTOS DE INFRAESTRUCTURA DE TRANSPORTE VIAL | M1: 3) Contrato de interventoría de una CONCESIÓN DE UN PROYECTO DE INFRAESTRUCTURA DE TRANSPORTE celebrado y ejecutado en Colombia y que incluya por lo menos dentro de su objeto y/o alcance la interventoría que puede ser técnica y financiera, y/o técnica y social, y/o técnica y ambiental del proyecto | N1: FORM COND 1 | O1: FORM COND 2 | P1: FORM COND 3 | Q1: Vigencia del contrato posterior a 01/01/90 | R1: PORCENTAJE DE PARTICIPACIÓN | S1: Fecha de inicio del contrato | T1: Fecha de terminación del contrato | U1: Año de Finalización/ última facturación | V1: SMMLV Finalización /última facturación | W1: Valor del contrato incluido IVA | X1: MONEDA | Y1: Tasa USD | Z1: Valor del contrato USD | AA1: Tasa COP | AB1: Valor del contrato en Pesos incluido IVA | AC1: SMMLV Valor del contrato (o) Inscrito RUP | AD1: SMMLV finalización del contrato PONDERADO | AE1: Cumplimiento Exp. Min por contrato | AF1: CRITERIOS DE PONDERACIÓN | AH1: NOTAS | AJ1: SI | AK1: NO
AF2: ¿LOS CONTRATOS APORTADOS CUMPLEN TODOS LOS REQUISITOS? | AG2: PUNTAJE
A3: P01 | B3: P01-01 | D3: =IFERROR(INDEX(DESEMPATE!$D$3:$D$63,MATCH('EXP ESPEC.'!B3,DESEMPATE!$C$3:$C$63,0)),"") -> MAB INGENIERÍA DE VALOR S.A. | E3: SI | F3: IDU | G3: COLOMBIA | H3: 172 DE 2007 | I3: INTERVENTORIA TECNICA ADMINISTRATIVA LEGAL FINANCIERA AMBIENTAL Y SOCIAL PARA LA EJECUCION DE LAS OBRAS DE CONSTRUCCION Y TODAS LAS OBRAS NECESARIAS PARA LA ADECUACION DE LA CALLE 26 (AV JORGE ELIECER GAITAN) Y DE LA CARRERA 10ª 8AV FERNANDO MAZUREN) | J3: SI | K3: SI | L3: SI | M3: NO | N3: =IF(OR(J3="",K3=""),"",IF(J3="NO","NO",K3)) -> SI | O3: =IF(OR(J3="",L3=""),"",IF(J3="NO","NO",L3)) -> SI | P3: =IF(OR(J3="",M3=""),"",IF(J3="NO","NO",M3)) -> NO | Q3: =IFERROR(IF(S3="","",IF(S3>=DATE(1990,1,1),"SI","NO")),"") -> SI | R3: 0.7 | S3: 39615 | T3: 40406 | U3: =IFERROR(IF(T3="","",YEAR(T3)),"") -> 2010 | V3: =IFERROR(INDEX(PARAMETROS!$B$53:$B$101,MATCH(U3,PARAMETROS!$A$53:$A$101,0)),"") -> 515000 | W3: N/A | X3: COP | Y3: =IFERROR(IF(X3="","",IF(X3="COP","N/A",IF(OR(X3="USD",X3="US"),1,IF(X3="EUR",VLOOKUP(T3,'SH EURO'!$A$6:$B$10372,2,FALSE),"INGRESAR TASA")))),"") -> N/A | Z3: =IFERROR(IF(W3="","",IF(Y3="INGRESAR TASA","INGRESAR TASA USD",IF(Y3="N/A","N/A",W3*Y3))),"") -> N/A | AA3: =IFERROR(IF(X3="","",IF(X3="COP",1,IF(Y3<>"N/A",VLOOKUP(T3,'SH TRM'!$A$9:$B$100372,2,FALSE),"REVISAR"))),"") -> 1 | AB3: =IFERROR(IF(AA3<>"",IF(X3<>"COP",Z3*AA3,W3),""),"") -> N/A | AC3: 50224.35 | AD3: =IFERROR(IF(OR(J3="",J3="NO"),"",IF(E3="SI",IFERROR(AC3*R3,""),"")),"") -> 35157.045 | AE3: =IFERROR(IF(AD3="","",IF(AD3>=CM001EEM1,"CUMPLE","NO CUMPLE")),"") -> CUMPLE | AF3: =IFERROR(IF(AND(COUNTIF(N3:N6,"SI")>=1,COUNTIF(O3:O6,"SI")>=1,COUNTIF(P3:P6,"SI")>=1,COUNTIF(J3:J6,"SI")<=4,AN3="OK"),"SI","NO"),"") -> SI | AG3: =IFERROR(IF(OR(E3="",E3="NO"),"N/A",IF(AND(COUNTIF(AE3:AE6,"CUMPLE")=4,AF3="SI"),90,(IF(AND(COUNTIF(AE3:AE6,"CUMPLE")=3,AF3="SI"),80,IF(AND(COUNTIF(AE3:AE6,"CUMPLE")=2,AF3="SI"),70,0))))),"") -> 90 | AM3: =COUNTIF(O3:P3,"SI") -> 1 | AN3: =IF(OR(COUNTIF(AM3:AM6,2)=0,COUNTIF(AM3:AM6,2)>1),"OK",IF(AND(COUNTIF(AM3:AM6,1)>0,COUNTIF(AM3:AM6,2)>0),"OK",1)) -> OK
B4: P01-01 | D4: =IFERROR(INDEX(DESEMPATE!$D$3:$D$63,MATCH('EXP ESPEC.'!B4,DESEMPATE!$C$3:$C$63,0)),"") -> MAB INGENIERÍA DE VALOR S.A. | E4: SI | F4: ANI | G4: COLOMBIA | H4: 283 DE 2010 | I4: INTERVENTORIA INTEGRAL DEL CONTRATO DE CONCESION QUE INCLUYE OERO NO SE LIMITA A LA INTERVENTORIA TECNICA FINANCIRA CONTRABLE JURIDICA MEDIO AMBIENTAL SOCIO AMBIENTAL SOCIO PREDIAL, ADMINISTRATIVA DE SEGUROS OPERATIVA Y DE MANTENIMIENTO DEL CONTRATO DE CONCESION EL CUAL HACE PATE DEL PROYECTO RUTA DEL SOL Y QUE CORRESPONDE AL SECTOR 1 COMPRENDIDO ENTRE TOBIA GRANDE/ VILLETA+GUADUAS EL KORAN | J4: SI | K4: SI | L4: SI | M4: SI | N4: =IF(OR(J4="",K4=""),"",IF(J4="NO","NO",K4)) -> SI | O4: =IF(OR(J4="",L4=""),"",IF(J4="NO","NO",L4)) -> SI | P4: =IF(OR(J4="",M4=""),"",IF(J4="NO","NO",M4)) -> SI | Q4: =IFERROR(IF(S4="","",IF(S4>=DATE(1990,1,1),"SI","NO")),"") -> SI | R4: 0.4 | S4: 40567 | T4: 43117 | U4: =IFERROR(IF(T4="","",YEAR(T4)),"") -> 2018 | V4: =IFERROR(INDEX(PARAMETROS!$B$53:$B$101,MATCH(U4,PARAMETROS!$A$53:$A$101,0)),"") -> 781242 | W4: 62231888936 | X4: COP | Y4: =IFERROR(IF(X4="","",IF(X4="COP","N/A",IF(OR(X4="USD",X4="US"),1,IF(X4="EUR",VLOOKUP(T4,'SH EURO'!$A$6:$B$10372,2,FALSE),"INGRESAR TASA")))),"") -> N/A | Z4: =IFERROR(IF(W4="","",IF(Y4="INGRESAR TASA","INGRESAR TASA USD",IF(Y4="N/A","N/A",W4*Y4))),"") -> N/A | AA4: =IFERROR(IF(X4="","",IF(X4="COP",1,IF(Y4<>"N/A",VLOOKUP(T4,'SH TRM'!$A$9:$B$100372,2,FALSE),"REVISAR"))),"") -> 1 | AB4: =IFERROR(IF(AA4<>"",IF(X4<>"COP",Z4*AA4,W4),""),"") -> 62231888936 | AC4: =IFERROR(AB4/V4,"") -> 79657.634 | AD4: =IFERROR(IF(OR(J4="",J4="NO"),"",IF(E4="SI",IFERROR(AC4*R4,""),"")),"") -> 31863.053 | AE4: =IFERROR(IF(AD4="","",IF(AD4>=CM001EEM1,"CUMPLE","NO CUMPLE")),"") -> CUMPLE | AM4: =COUNTIF(O4:P4,"SI") -> 2
B5: P01-01 | D5: =IFERROR(INDEX(DESEMPATE!$D$3:$D$63,MATCH('EXP ESPEC.'!B5,DESEMPATE!$C$3:$C$63,0)),"") -> MAB INGENIERÍA DE VALOR S.A. | E5: SI | F5: INVIAS | G5: COLOMBIA | H5: 3606 DE 2008 | I5: INTERVENTORIA PARA EL MEJORAMIENTO Y MANTENIMIENTO DE LAS CARRETERAS MEDIACANOA - ANSERMONUEVO - LA VIRGINIA CODIGO 2302 Y MIRANDA - RIO DESBARATADO - PRADERA - PALMIRA CODIGO 3105, MODULO 1 | J5: SI | K5: SI | L5: SI | M5: NO | N5: =IF(OR(J5="",K5=""),"",IF(J5="NO","NO",K5)) -> SI | O5: =IF(OR(J5="",L5=""),"",IF(J5="NO","NO",L5)) -> SI | P5: =IF(OR(J5="",M5=""),"",IF(J5="NO","NO",M5)) -> NO | Q5: =IFERROR(IF(S5="","",IF(S5>=DATE(1990,1,1),"SI","NO")),"") -> SI | R5: 0.55 | S5: 39856 | T5: 40979 | U5: =IFERROR(IF(T5="","",YEAR(T5)),"") -> 2012 | V5: =IFERROR(INDEX(PARAMETROS!$B$53:$B$101,MATCH(U5,PARAMETROS!$A$53:$A$101,0)),"") -> 566700 | W5: N/A | X5: COP | Y5: =IFERROR(IF(X5="","",IF(X5="COP","N/A",IF(OR(X5="USD",X5="US"),1,IF(X5="EUR",VLOOKUP(T5,'SH EURO'!$A$6:$B$10372,2,FALSE),"INGRESAR TASA")))),"") -> N/A | Z5: =IFERROR(IF(W5="","",IF(Y5="INGRESAR TASA","INGRESAR TASA USD",IF(Y5="N/A","N/A",W5*Y5))),"") -> N/A | AA5: =IFERROR(IF(X5="","",IF(X5="COP",1,IF(Y5<>"N/A",VLOOKUP(T5,'SH TRM'!$A$9:$B$100372,2,FALSE),"REVISAR"))),"") -> 1 | AB5: =IFERROR(IF(AA5<>"",IF(X5<>"COP",Z5*AA5,W5),""),"") -> N/A | AC5: 6565.94 | AD5: =IFERROR(IF(OR(J5="",J5="NO"),"",IF(E5="SI",IFERROR(AC5*R5,""),"")),"") -> 3611.267 | AE5: =IFERROR(IF(AD5="","",IF(AD5>=CM001EEM1,"CUMPLE","NO CUMPLE")),"") -> CUMPLE | AM5: =COUNTIF(O5:P5,"SI") -> 1
B6: P01-01 | D6: =IFERROR(INDEX(DESEMPATE!$D$3:$D$63,MATCH('EXP ESPEC.'!B6,DESEMPATE!$C$3:$C$63,0)),"") -> MAB INGENIERÍA DE VALOR S.A. | E6: SI | F6: CONCESION AUTOPISTA BOGOTA - GIRARDOT | G6: COLOMBIA | H6: CABG-012-11 | I6: REALIZAR LA INTERVENTORIA TECNICA INTEGRAL DE LAS ACTIVIDADES EJECUTADAS POR LA CABG REFERENTES AL DISEÑO CONSTRUCCION,MANTENIMIENTO,OPERACIÓN Y GESTION AMBIENTAL,ENCAMINADAS AL CUMPLIMIENTO DEL CONTRATO DE CONCESION. | J6: SI | K6: SI | L6: SI | M6: NO | N6: =IF(OR(J6="",K6=""),"",IF(J6="NO","NO",K6)) -> SI | O6: =IF(OR(J6="",L6=""),"",IF(J6="NO","NO",L6)) -> SI | P6: =IF(OR(J6="",M6=""),"",IF(J6="NO","NO",M6)) -> NO | Q6: =IFERROR(IF(S6="","",IF(S6>=DATE(1990,1,1),"SI","NO")),"") -> SI | R6: 1 | S6: 40617 | T6: 42400 | U6: =IFERROR(IF(T6="","",YEAR(T6)),"") -> 2016 | V6: =IFERROR(INDEX(PARAMETROS!$B$53:$B$101,MATCH(U6,PARAMETROS!$A$53:$A$101,0)),"") -> 689455 | W6: N/A | X6: COP | Y6: =IFERROR(IF(X6="","",IF(X6="COP","N/A",IF(OR(X6="USD",X6="US"),1,IF(X6="EUR",VLOOKUP(T6,'SH EURO'!$A$6:$B$10372,2,FALSE),"INGRESAR TASA")))),"") -> N/A | Z6: =IFERROR(IF(W6="","",IF(Y6="INGRESAR TASA","INGRESAR TASA USD",IF(Y6="N/A","N/A",W6*Y6))),"") -> N/A | AA6: =IFERROR(IF(X6="","",IF(X6="COP",1,IF(Y6<>"N/A",VLOOKUP(T6,'SH TRM'!$A$9:$B$100372,2,FALSE),"REVISAR"))),"") -> 1 | AB6: =IFERROR(IF(AA6<>"",IF(X6<>"COP",Z6*AA6,W6),""),"") -> N/A | AC6: 10818.39 | AD6: =IFERROR(IF(OR(J6="",J6="NO"),"",IF(E6="SI",IFERROR(AC6*R6,""),"")),"") -> 10818.39 | AE6: =IFERROR(IF(AD6="","",IF(AD6>=CM001EEM1,"CUMPLE","NO CUMPLE")),"") -> CUMPLE | AM6: =COUNTIF(O6:P6,"SI") -> 1
A7: P02 | B7: P02-01 | D7: =IFERROR(INDEX(DESEMPATE!$D$3:$D$63,MATCH('EXP ESPEC.'!B7,DESEMPATE!$C$3:$C$63,0)),"") -> AYESA INGENIERIA Y ARQUITECTURA SAU SUCURSAL COLOMBIA | E7: SI | F7: MINISTERIO DE FOMENTO | G7: ESPAÑA | H7: AT 12-GR-2850 | I7: CONTROL Y VGILANCIA DE LAS OBRAS AUTOVIA DEL MEDITERRANEO CN-340 DE CADIZ Y GIBRALTAR A BARCELONA. TRAMO: ALMUÑECAR (LA HERRADURA) - ALMUÑECAR (TARAMAY). PROVINCIA DE GRANADA | J7: SI | K7: SI | L7: SI | M7: NO | N7: =IF(OR(J7="",K7=""),"",IF(J7="NO","NO",K7)) -> SI | O7: =IF(OR(J7="",L7=""),"",IF(J7="NO","NO",L7)) -> SI | P7: =IF(OR(J7="",M7=""),"",IF(J7="NO","NO",M7)) -> NO | Q7: =IFERROR(IF(S7="","",IF(S7>=DATE(1990,1,1),"SI","NO")),"") -> SI | R7: 1 | S7: 37591 | T7: 40116 | U7: =IFERROR(IF(T7="","",YEAR(T7)),"") -> 2009 | V7: =IFERROR(INDEX(PARAMETROS!$B$53:$B$101,MATCH(U7,PARAMETROS!$A$53:$A$101,0)),"") -> 496900 | W7: N/A | X7: EUR | Y7: =IFERROR(IF(X7="","",IF(X7="COP","N/A",IF(OR(X7="USD",X7="US"),1,IF(X7="EUR",VLOOKUP(T7,'SH EURO'!$A$6:$B$10372,2,FALSE),"INGRESAR TASA")))),"") -> 1.47578 | Z7: N/A | AA7: =IFERROR(IF(X7="","",IF(X7="COP",1,IF(Y7<>"N/A",VLOOKUP(T7,'SH TRM'!$A$9:$B$100372,2,FALSE),"REVISAR"))),"") -> 2004.37 | AB7: N/A | AC7: 19648.16 | AD7: =IFERROR(IF(OR(J7="",J7="NO"),"",IF(E7="SI",IFERROR(AC7*R7,""),"")),"") -> 19648.16 | AE7: =IFERROR(IF(AD7="","",IF(AD7>=CM001EEM1,"CUMPLE","NO CUMPLE")),"") -> CUMPLE | AF7: =IFERROR(IF(AND(COUNTIF(N7:N10,"SI")>=1,COUNTIF(O7:O10,"SI")>=1,COUNTIF(P7:P10,"SI")>=1,COUNTIF(J7:J10,"SI")<=4,AN7="OK"),"SI","NO"),"") -> SI | AG7: =IFERROR(IF(OR(E7="",E7="NO"),"N/A",IF(AND(COUNTIF(AE7:AE10,"CUMPLE")=4,AF7="SI"),90,(IF(AND(COUNTIF(AE7:AE10,"CUMPLE")=3,AF7="SI"),80,IF(AND(COUNTIF(AE7:AE10,"CUMPLE")=2,AF7="SI"),70,0))))),"") -> 90 | AM7: =COUNTIF(O7:P7,"SI") -> 1 | AN7: =IF(OR(COUNTIF(AM7:AM10,2)=0,COUNTIF(AM7:AM10,2)>1),"OK",IF(AND(COUNTIF(AM7:AM10,1)>0,COUNTIF(AM7:AM10,2)>0),"OK",1)) -> OK
B8: P02-02 | D8: =IFERROR(INDEX(DESEMPATE!$D$3:$D$63,MATCH('EXP ESPEC.'!B8,DESEMPATE!$C$3:$C$63,0)),"") -> INTERSA SA | E8: SI | F8: ANI | G8: COLOMBIA | H8: 062 DE 2005 | I8: INTERVENTORIA TECNICA, AMBIENTAL, LEGAL, ADMINISTRATIVA, PREDIAL, FINANCIERA, Y OPERATIVA EN LA ETAPA DE OPERACIÓN DEL CONTRATO DE CONCESION # 0849 DE 1995 DESARROLLO VIAL CARRETERA NEIVA-ESPINAL-GIRARDOT. | J8: SI | K8: SI | L8: SI | M8: SI | N8: =IF(OR(J8="",K8=""),"",IF(J8="NO","NO",K8)) -> SI | O8: =IF(OR(J8="",L8=""),"",IF(J8="NO","NO",L8)) -> SI | P8: =IF(OR(J8="",M8=""),"",IF(J8="NO","NO",M8)) -> SI | Q8: =IFERROR(IF(S8="","",IF(S8>=DATE(1990,1,1),"SI","NO")),"") -> SI | R8: 0.5 | S8: 38772 | T8: 40656 | U8: =IFERROR(IF(T8="","",YEAR(T8)),"") -> 2011 | V8: =IFERROR(INDEX(PARAMETROS!$B$53:$B$101,MATCH(U8,PARAMETROS!$A$53:$A$101,0)),"") -> 535600 | W8: N/A | X8: COP | Y8: =IFERROR(IF(X8="","",IF(X8="COP","N/A",IF(OR(X8="USD",X8="US"),1,IF(X8="EUR",VLOOKUP(T8,'SH EURO'!$A$6:$B$10372,2,FALSE),"INGRESAR TASA")))),"") -> N/A | Z8: =IFERROR(IF(W8="","",IF(Y8="INGRESAR TASA","INGRESAR TASA USD",IF(Y8="N/A","N/A",W8*Y8))),"") -> N/A | AA8: =IFERROR(IF(X8="","",IF(X8="COP",1,IF(Y8<>"N/A",VLOOKUP(T8,'SH TRM'!$A$9:$B$100372,2,FALSE),"REVISAR"))),"") -> 1 | AB8: =IFERROR(IF(AA8<>"",IF(X8<>"COP",Z8*AA8,W8),""),"") -> N/A | AC8: 8950.4 | AD8: =IFERROR(IF(OR(J8="",J8="NO"),"",IF(E8="SI",IFERROR(AC8*R8,""),"")),"") -> 4475.2 | AE8: =IFERROR(IF(AD8="","",IF(AD8>=CM001EEM1,"CUMPLE","NO CUMPLE")),"") -> CUMPLE | AM8: =COUNTIF(O8:P8,"SI") -> 2
B9: P02-02 | D9: =IFERROR(INDEX(DESEMPATE!$D$3:$D$63,MATCH('EXP ESPEC.'!B9,DESEMPATE!$C$3:$C$63,0)),"") -> INTERSA SA | E9: SI | F9: INVIAS | G9: COLOMBIA | H9: 928 DE 2001 | I9: INTERVENTORIA PARA EL MEJORAMIENTO Y PAVIMENTACION DE LA CARRETERA FUENTE DE ORO-PUERTO LLERAS-CRUCE PUERTO RICO-PUERTO ARTURO -SAN JOSE DEL GUAVIARE, SECTOR CRUCE DE PUERTO RICO-PUERTO ARTURO K62+000 AL K81+000. | J9: SI | K9: SI | L9: SI | M9: NO | N9: =IF(OR(J9="",K9=""),"",IF(J9="NO","NO",K9)) -> SI | O9: =IF(OR(J9="",L9=""),"",IF(J9="NO","NO",L9)) -> SI | P9: =IF(OR(J9="",M9=""),"",IF(J9="NO","NO",M9)) -> NO | Q9: =IFERROR(IF(S9="","",IF(S9>=DATE(1990,1,1),"SI","NO")),"") -> SI | R9: 0.75 | S9: 37308 | T9: 37986 | U9: =IFERROR(IF(T9="","",YEAR(T9)),"") -> 2003 | V9: =IFERROR(INDEX(PARAMETROS!$B$53:$B$101,MATCH(U9,PARAMETROS!$A$53:$A$101,0)),"") -> 332000 | W9: N/A | X9: COP | Y9: =IFERROR(IF(X9="","",IF(X9="COP","N/A",IF(OR(X9="USD",X9="US"),1,IF(X9="EUR",VLOOKUP(T9,'SH EURO'!$A$6:$B$10372,2,FALSE),"INGRESAR TASA")))),"") -> N/A | Z9: =IFERROR(IF(W9="","",IF(Y9="INGRESAR TASA","INGRESAR TASA USD",IF(Y9="N/A","N/A",W9*Y9))),"") -> N/A | AA9: =IFERROR(IF(X9="","",IF(X9="COP",1,IF(Y9<>"N/A",VLOOKUP(T9,'SH TRM'!$A$9:$B$100372,2,FALSE),"REVISAR"))),"") -> 1 | AB9: =IFERROR(IF(AA9<>"",IF(X9<>"COP",Z9*AA9,W9),""),"") -> N/A | AC9: 4023.32 | AD9: =IFERROR(IF(OR(J9="",J9="NO"),"",IF(E9="SI",IFERROR(AC9*R9,""),"")),"") -> 3017.49 | AE9: =IFERROR(IF(AD9="","",IF(AD9>=CM001EEM1,"CUMPLE","NO CUMPLE")),"") -> CUMPLE | AM9: =COUNTIF(O9:P9,"SI") -> 1
B10: P02-02 | D10: =IFERROR(INDEX(DESEMPATE!$D$3:$D$63,MATCH('EXP ESPEC.'!B10,DESEMPATE!$C$3:$C$63,0)),"") -> INTERSA SA | E10: SI | F10: INVIAS | G10: COLOMBIA | H10: 124 DE 2001 | I10: INTERVENTORIA PARA EL MEJORAMIENTO Y PAVIMENTACION DE LA CARRETERA FUENTE DE ORO-PUERTO LLERAS-CRUCE PUERTO RICO-PUERTO ARTURO-SAN JOSE DEL GUAVIARE, SECTOR FUENTE DE ORO-PUERTO LLERAS, K0+000 AL K20+000. | J10: SI | K10: SI | L10: SI | M10: NO | N10: =IF(OR(J10="",K10=""),"",IF(J10="NO","NO",K10)) -> SI | O10: =IF(OR(J10="",L10=""),"",IF(J10="NO","NO",L10)) -> SI | P10: =IF(OR(J10="",M10=""),"",IF(J10="NO","NO",M10)) -> NO | Q10: =IFERROR(IF(S10="","",IF(S10>=DATE(1990,1,1),"SI","NO")),"") -> SI | R10: 1 | S10: 36992 | T10: 37539 | U10: =IFERROR(IF(T10="","",YEAR(T10)),"") -> 2002 | V10: =IFERROR(INDEX(PARAMETROS!$B$53:$B$101,MATCH(U10,PARAMETROS!$A$53:$A$101,0)),"") -> 309000 | W10: N/A | X10: COP | Y10: =IFERROR(IF(X10="","",IF(X10="COP","N/A",IF(OR(X10="USD",X10="US"),1,IF(X10="EUR",VLOOKUP(T10,'SH EURO'!$A$6:$B$10372,2,FALSE),"INGRESAR TASA")))),"") -> N/A | Z10: =IFERROR(IF(W10="","",IF(Y10="INGRESAR TASA","INGRESAR TASA USD",IF(Y10="N/A","N/A",W10*Y10))),"") -> N/A | AA10: =IFERROR(IF(X10="","",IF(X10="COP",1,IF(Y10<>"N/A",VLOOKUP(T10,'SH TRM'!$A$9:$B$100372,2,FALSE),"REVISAR"))),"") -> 1 | AB10: =IFERROR(IF(AA10<>"",IF(X10<>"COP",Z10*AA10,W10),""),"") -> N/A | AC10: 3236.02 | AD10: =IFERROR(IF(OR(J10="",J10="NO"),"",IF(E10="SI",IFERROR(AC10*R10,""),"")),"") -> 3236.02 | AE10: =IFERROR(IF(AD10="","",IF(AD10>=CM001EEM1,"CUMPLE","NO CUMPLE")),"") -> CUMPLE | AM10: =COUNTIF(O10:P10,"SI") -> 1
